Workbook

Sheet Front Page
A1: Office for National Statistics: Front page
B3: 2025
B4: • Notice is given under section 1 of the Statistics of Trade Act 1947.
B5: • If you do not complete and return this questionnaire, penalties may be incurred (under section 4 of the Statistics of Trade Act 1947).
B6: • All the information you provide is kept strictly confidential. It is illegal for us to reveal your data or identify your business to unauthorised persons.
B8: Purpose of this Survey
B9: The purpose of this survey is to collect figures on International Trade in Services (ITIS) .
B10: The information supplied forms part of the UK's Balance of Payments which measures economic transactions between UK residents and the rest of the world. The data are used in the calculation of the Gross Domestic Product, a key economic indicator which shows the total economic activity taking place in the country. The statistics are also used to monitor the external commercial performance of different economies, assisting trade negotiations in the context of the General Agreement on Trade in Services.
B12: Please read the 'General Instructions' tab before answering any questions, as they contain useful information on how best to complete this questionnaire.

Sheet General Instructions
B1: General Instructions
B3: • Report all figures on an annual basis.
B4: • Complete this questionnaire on an accruals accounting, rather than a cash accounting, basis.
B5: • Report figures in thousands e.g. £56,250 = 56.
B6: • Data should relate to sites in England, Scotland, Wales and Northern Ireland, but excludes the Channel Islands and the Isle of Man.
B7: • If exact figures are not available, please provide informed estimates.
B9: Information you need
B10: To complete the survey, you will need to know the following information: - details about the business' international trade in services - countries that the business has international trade in services with - the percentage of services received and provided remotely from/to non-uk businesses and individuals
B12: Technical advice on completing the survey
B13: This version of the spreadsheet is for 2025. Please ensure you are using the correct version for this period.
B14: Do not alter the format of this spreadsheet.
B15: This spreadsheet is designed to be used in Excel 2016.
... B29: Annual.International.Trade.In.Services@ons.gov.uk

Sheet Questionnaire part 1
A1: 058-0013
E2: Annual Survey of International Trade in Services
E4: Contact details
E5: Who should we call if we have any questions?
A6: t,m,4,na,na,na | B6: 1010 | E6: Company* | F6: Viamed Ltd
A7: t,m,4,na,na,na | B7: 1011 | E7: Contact* | F7: Helen Lamb
A8: t,m,4,na,na,na | B8: 1012 | E8: Tel. No* | F8: 01535634542
A9: t,m,4,na,na,na | B9: 1013 | E9: E- Mail* | F9: helen.lamb@viamed.co.uk
F11: Complete this questionnaire on an accruals accounting, rather than a cash accounting, basis
F12: Report figures in thousands. For example, £56,250 should be reported as 56, while £100,725 should be reported as 101.
F13: Report for the period 1 January 2025 to 31 December 2025
F15: Part 1 - International trade in services (ITIS)
F16: This section ask you for details about your international trade in services with non-UK businesses, including the value of income and expenditure for each service type. Please use the comments section at the end of the questionnaire to explain any movements in your figures or changes in the countries or service codes reported since your last survey return. If this is your first return, please confirm if this is the usual amount of international trade your business conducts. Providing as much detail and context as possible reduces the need for ONS to contact you and helps to tell an industry story.
A18: t,m,5,na,na,na | B18: 0101 | E18: 1* | F18: During the reporting period (1 January 2025 to 31 December 2025) did your business conduct any international trade in services of more than £1,000? What we mean by "international trade in services": - International trade in services refers to your business providing services to, or receiving services from, non-UK businesses or individuals located outside the UK. - The term 'services' covers a range of intangible products and activities, such as advertising; legal; construction; financial; and telecommunications. This includes services that aren't related to the nature of your business. - For transactions between affiliated enterprises please report the market price (arm's length value) of the services provided/received where possible, rather than the transfer price. - For income, include the amounts received by your business for services provided to non-UK businesses/individuals. - For expenditure, include the amounts paid by your business for services provided by non-UK businesses/individuals. Include: - Services provided to, or received from, non-UK businesses/individuals including branches or subsidiaries of businesses within your group. - Services provided to, or received from, branches or subsidiaries of UK businesses located outside the UK. - Commissions paid to, or received from, non-UK businesses/individuals. - For construction services, include international trade for both goods and services. - For merchanting, include purchases of goods from non-UK businesses/individuals with the subsequent resale of those goods to other non-UK businesses/individuals, where the form of the goods does not change, and without the goods entering the UK. Exclude: - Goods, except for construction (Service codes 27 and 28) and merchanting (Service code 41). See above. - Value Added Tax (VAT). - Services provided to, or received from, businesses located within the UK (including branches or subsidiaries of non-UK businesses). - Interest, dividends, business travel and subsistence, and any international investment made by your business. - Any travel or transport services provided to or received from a non-UK business. - Wages and salaries your business pays, any expenses incurred within the UK, and any grants received. - Profits paid to, or received from, non-UK branches or subsidiaries of your businesses and joint ventures, where no service has been provided. - Services provided between non-UK branches or subsidiaries of your business and any other business/individual. For example, services provided between a French branch/subsidiary of your business and any other business/individual. | G18: No
E20: Stop!
E21: If you selected "No" for question 1, complete the Comments section (row 141) then upload to ONS Survey Data Collection (SDC) system. You do NOT need to complete the rest of the questionnaire.
A22: t,m,5,na,na,na | B22: 0102
E25: 2. | F25: During the reporting period, for each international service that your business traded write: i) the total income value, in thousands ii) the total expenditure value, in thousands
E26: Below are 52 different service activities. This questionnaire should be completed according to the services your business trades, and not according to the nature of your business. For example, if your business is a recruitment agency and you pay for legal services and public relation services from non-UK businesses, then you should enter expenditure figures relating to those service activities in the relevant service codes - 11 (legal services) and 09 (public relations services). The figures you report in service code 10 (recruitment services) should relate to income from, or expenditure for, recruitment services specifically.
E27: Service Code | F27: Service Activity | G27: Income Report in thousands | H27: Expenditure Report in thousands
G28: e.g. £56,250 = 56 | H28: e.g. £100,725 = 101
F29: Agricultural and Mining Services
A30: n,o,5-6,na,na,na | B30: 1001 | C30: 1002 | E30: 01 | F30: Agricultural, forestry and fishing services Services provided to, or received from, non-UK businesses/individuals. Examples of services included are: • Planting, treatment of crops, pest control for agriculture and harvesting. • Provision of agricultural machinery with crew. • Animal boarding, animal care, animal breeding and veterinary services. • Hunting, trapping and fishery. • Forestry and logging. Exclude: • Pest control services for buildings and vehicles (include in service code 15). • Commissions on the sale of animals (include in service code 42). • Training of sport and entertainment animals (include in service code 46).
A31: n,o,5-6,na,na,na | B31: 1003 | C31: 1004 | E31: 02 | F31: Mining services, and oil and gas extraction services Services provided to, or received from, non-UK businesses/individuals. Examples of services included are: • Mining services provided at oil and gas fields, including test drilling and derrick building, repair and dismantling services. • Oil and gas well casing, cementing, pumping and plugging. • Mineral, geological and related prospecting, exploration, evaluation and consulting services. • Geological mapping or surveying. • Mining and petroleum engineering.
A32: n,o,5-6,na,na,na | F32: Waste Treatment, Processing and Maintenance services
A33: n,o,5-6,na,na,na | B33: 2001 | C33: 2002 | E33: 03 | F33: Waste treatment and depollution services Services provided to, or received from, non-UK businesses/individuals. Examples of services included are: • Collection, treatment and disposal of waste and sewerage. • Stripping of contaminated soil and cleaning up pollution, including oil spills. • Restoration of mining sites. • Decontamination and sanitation services. • Other environmental cleaning and restoring services.
A34: n,o,5-6,na,na,na | E34: 04 | F34: Processing services on goods owned by others Services provided to, or received from, non-UK businesses/individuals. Examples of services included are: • Processing, assembly, labelling and packing of goods by businesses that do not own the goods. • Oil refining. • Liquefaction of natural gas. • Assembly of clothing and electronics by businesses that do not own the goods.. Exclude: • Where possible, the cost of any materials purchased for use in processing. • Maintenance, repair and refurbishment services (include in service code 05). • Assembly of pre-fabricated construction (include in service code 27/28).
B35: 2003 | F35: Income for providing processing services in the UK, on goods owned by non-UK businesses/individuals.
C36: 2004 | F36: Expenditure to non-UK businesses/individuals for processing services outside the UK, on goods owned by your business.
A37: n,o,5-6,na,na,na | E37: 05 | F37: Maintenance, repair and refurbishment services Services provided to, or received from, non-UK businesses/individuals. Only include refurbishments or repairs that are undertaken by businesses that do not own the items and are performed at the site of the repairer or elsewhere. Examples of items repaired or refurbished included are: • All types of machinery including industrial equipment, manufacturing equipment, telecommunications equipment, electronics and medical equipment. • Ships, aircraft and other transport machinery and equipment. • Furniture and other items. Exclude: • The value of parts and materials used during the maintenance, repair and refurbishment, if they are invoiced separately from the service fee. • Computer repairs and maintenance (include in service code 23). • Maintenance, repair and renovations of fixed assets such as buildings, land improvements of an engineering nature and other constructions such as roads, bridges and dams (include in service codes 27/28). • Cleaning of transport equipment.
B38: 2005 | F38: Income for providing maintenance, repair and refurbishment services on items owned by non-UK businesses/individuals.
C39: 2006 | F39: Expenditure to non-UK businesses/individuals for maintenance, repair and refurbishment services, on items owned by your business.
F40: Business and Professional Services | G40: Income Report in thousands | H40: Expenditure Report in thousands
G41: e.g. £56,250 = 56 | H41: e.g. £100,725 = 101
A42: n,o,5-6,na,na,na | B42: 3001 | C42: 3002 | E42: 06 | F42: Accountancy, auditing, bookkeeping and tax consulting services Services provided to, or received from, non-UK businesses/individuals. Examples of services included are: • Recording of commercial transactions for businesses and individuals. • Examination services for accounting records and reviewing financial statements. • Business tax planning and preparation consultancy. • Preparation of tax returns and payroll processes.
A43: n,o,5-6,na,na,na | B43: 3003 | C43: 3004 | E43: 07 | F43: Advertising, marketing and public opinion polling services Services provided to, or received from, non-UK businesses/individuals. Examples of services included are: • Design, creation and marketing of digital and physical advertisements. • Media placement, including the sale and purchase of advertising space and time. • Organisation and management of trade shows/fairs and provision of assistance and support services for exhibitions. • Market research, telemarketing and public opinion polling.
A44: n,o,5-6,na,na,na | B44: 3005 | C44: 3006 | E44: 08 | F44: Business management and management consulting services Services provided to, or received from, non-UK businesses/individuals. Examples of services included are: • Advice, guidance and operational assistance provided for business policy, strategy, planning, structuring and control of an organisation. • Management auditing and improvements to systems and processes. • Strategic marketing management, human resources and product development management. • Non-financial management services including project management services. • Supply chain management, inventory management, production scheduling, order processing, logistics and customer relations management. Exclude: • IT consulting and support services (include in service code 23). • Financial and investment advisory services (include in service code 29). • Scientific and technical consulting services (include in service code 50).
A45: n,o,5-6,na,na,na | B45: 3007 | C45: 3008 | E45: 09 | F45: Public relations services Services provided to, or received from, non-UK businesses/individuals. Include advice, guidance and operational assistance related to improving the image and relations of a business or individual with the general public and other institutions.
A46: n,o,5-6,na,na,na | B46: 3009 | C46: 3010 | E46: 10 | F46: Recruitment services Services provided to, or received from, non-UK businesses/individuals. Examples of services included are: • Intermediation services between prospective employees and employers. • Provision of executive searches, screening checks and interview services. • Provision of labour on all types of contract. Exclude: • Salaries paid to employees/crew.
A47: n,o,5-6,na,na,na | B47: 3011 | C47: 3012 | E47: 11 | F47: Legal services Services provided to, or received from, non-UK businesses/individuals. Examples of services included are: • Legal advisory and representation services in any legal, judicial and statutory procedures. • Drafting and certification services for legal documentation and instruments. • Escrow and settlement services for property and employment issues.
A48: n,o,5-6,na,na,na | B48: 3013 | C48: 3014 | E48: 12 | F48: Operating leasing services Services provided to, or received from, non-UK businesses/individuals. Examples of services included are: • Leasing, rental and chartering of ships, aircraft, road vehicles, railway cars and other transportation equipment without drivers, operators or crew. • Leasing and rental of office machinery, computing machinery, agricultural machinery and other types of machinery and equipment without operators. • Leasing and rental of buildings for business purposes. Exclude: • Leasing and rental of telecommunications lines (include in service code 22). • Leasing, rental and chartering of transport equipment with crew. • Leasing and rental of buildings by international organisations, embassies etc. • Leasing and rental of buildings/vehicles to non-UK individuals while they are in the UK. • Leasing and rental of buildings/vehicles by UK individuals while they are outside the UK. • Financial leasing.
A49: n,o,5-6,na,na,na | B49: 3015 | C49: 3016 | E49: 13 | F49: Procurement services Services provided to, or received from, non-UK businesses/individuals. Examples of services included are: • Strategically purchasing goods and services on behalf of another business. • Purchase planning, supplier research, selection of suppliers and quotes, price negotiation and managing contracts on behalf of another business. Exclude: • The value of the purchased goods and services.
A50: n,o,5-6,na,na,na | B50: 3017 | C50: 3018 | E50: 14 | F50: Property management services Services provided to, or received from, non-UK businesses/individuals. Include property management services relating to residential, industrial and commercial properties on a contract, fee or time share basis. Exclude: • Accommodation rental fees charged to non-UK individuals while they are in the UK. • Accommodation rental fees paid by UK individuals while they are outside the UK.
A51: n,o,5-6,na,na,na | B51: 3019 | C51: 3020 | E51: 15 | F51: Other business services Services provided to, or received from, non-UK businesses/individuals. Please provide a detailed description in the box below. Examples of services included are: • Distribution services from substations to the consumer for water, steam, gas, electricity and petroleum products. • Security and investigative services. • Translation and interpretation services. • Photography and photographic processing services. • Interior design and decorating, and other speciality design services such as fashion design, graphic design and computer aided design. • Building cleaning services. • Any other business services that cannot be classified to any of the business services listed on the form. Exclude: • The value of the product being distributed such as water, gas, electricity etc. • Industrial design services (include in service code 16). • Set, costume and lighting designs (include in service code 43). • Transmission services for electricity, water, steam, gas and petroleum products.
F52: Detailed description for Service Code 15:
C53: 3021
F55: Research and Development (R&D) Services | G55: Income Report in thousands | H55: Expenditure Report in thousands
G56: e.g. £56,250 = 56 | H56: e.g. £100,725 = 101
A57: n,o,5-6,na,na,na | B57: 4001 | C57: 4002 | E57: 16 | F57: R&D services Services provided to, or received from, non-UK businesses/individuals. Examples of services included are: • R&D of new products and processes in natural sciences, social sciences, engineering and humanities. • Commercial research, including that related to electronics, pharmaceuticals and biotechnology. • Work undertaken on a systematic basis to increase the stock of knowledge. • Industrial design services. Exclude: • Testing, analysis and other product/process development activities that may give rise to patents (include in service code 17). • Outright sales and purchases of intellectual property rights arising from R&D (include in service code 20a). • Charges for licenses to use intellectual property arising from R&D, without a transfer of ownership (include in service code 20b). • Scientific and technical consultancy (include in service code 50).
A58: n,o,5-6,na,na,na | B58: 4003 | C58: 4004 | E58: 17 | F58: Product development and testing activities Services provided to, or received from, non-UK businesses/individuals. Examples of services included are: • Testing, analysis and other product/process development activities that may give rise to patents. • Any other services related to R&D not included in service code 16. Exclude: • Outright sales and purchases of intellectual property rights arising from R&D (include in service code 20a). • Charges for licenses to use intellectual property arising from R&D, without a transfer of ownership (include in service code 20b). • Scientific and technical consultancy and other product/process development activities that will not give rise to patents (include in service code 50).
F59: Intellectual Property | G59: Income Report in thousands | H59: Expenditure Report in thousands
G60: e.g. £56,250 = 56 | H60: e.g. £100,725 = 101
F61: Trade marks and franchises Services provided to, or received from, non-UK businesses/individuals. Examples of services included are: • Sales and purchases of trade marks and franchises including names, logos and brands. • Licensing services for the right to use trade marks and franchises. • Player transfer fees.
A62: n,o,5-6,na,na,na | B62: 5001 | C62: 5002 | E62: 18a | F62: Outright sales and purchases of trade marks and franchises, resulting in a transfer of ownership.
A63: n,o,5-6,na,na,na | B63: 5003 | C63: 5004 | E63: 18b | F63: Charges for licenses to use trade marks and franchises, without a transfer of ownership.
F64: Intellectual property for computer software, audio-visual and artistic products Services provided to, or received from, non-UK businesses/individuals. Examples of services included are: • Sales and purchases of ownership rights for: - Computer software and applications. - Radio and television originals, sound recordings, films, literary originals and other artistic originals, including recordings of live performances. • Licensing services for the right to reproduce/distribute: - Computer software and applications. - Radio and television originals, sound recordings, films, literary originals and other artistic originals, including recordings of live performances and retransmission rights for sports events. - Original works of authors, painters, sculptors and photographers. • Licensing services for the right to use: - Computer software and applications. - Mass produced audio-visual products.
A65: n,o,5-6,na,na,na | B65: 5005 | C65: 5006 | E65: 19a | F65: Outright sales and purchases of ownership rights for computer software, audio-visual and artistic products, resulting in a transfer of ownership.
A66: n,o,5-6,na,na,na | B66: 5007 | C66: 5008 | E66: 19b | F66: Charges for licences to use, reproduce or distribute computer software, audio-visual and artistic products, without a transfer of ownership.
F67: Outcomes of research and development (R&D) Services provided to, or received from, non-UK businesses/individuals. Examples of services included are: • Sales and purchases of intellectual property rights arising from R&D such as patents, industrial processes and designs, and trade secrets. • Licensing services for the rights to use intellectual property arising from R&D. Exclude: • R&D services (include in service code 16). • Testing, analysis and other product/process development activities that may give rise to patents (include in service code 17). • Scientific and technical consultancy (include in service code 50).
A68: n,o,5-6,na,na,na | B68: 5009 | C68: 5010 | E68: 20a | F68: Outright sales and purchases of intellectual property rights arising from R&D, resulting in a transfer of ownership.
A69: n,o,5-6,na,na,na | B69: 5011 | C69: 5012 | E69: 20b | F69: Charges for licenses to use intellectual property arising from R&D, without a transfer of ownership.
F70: Telecommunications, Computer and Information Services | G70: Income Report in thousands | H70: Expenditure Report in thousands
G71: e.g. £56,250 = 56 | H71: e.g. £100,725 = 101
A72: n,o,5-6,na,na,na | B72: 6001 | C72: 6002 | E72: 21 | F72: Postal and courier services Services provided to, or received from, non-UK businesses/individuals. Examples of services included are: • Pickup, transport and delivery of letters, newspapers, brochures, other printed matter, parcels and packages. • Courier services such as timed, express or door to door delivery. • Post office counter services such as the sale of stamps, handling of certified or registered letters/parcels, and mailbox rentals. Exclude: • Services related to postal communication systems (include in service code 22). • Financial services provided by post offices, such as postal giro, banking and postal savings account services (include in service code 29). • The movement of mail by air, sea and rail transport businesses. • Storage of goods.
A73: n,o,5-6,na,na,na | B73: 6003 | C73: 6004 | E73: 22 | F73: Telecommunication services Services provided to, or received from, non-UK businesses/individuals. Examples of services are: • Broadcasting and transmission of sound, images, data or other information by radio, television, cable, fibre, satellite and Internet. • Business network services, teleconferencing, call management and support services. • Internet backbone services and providing access to the Internet. Exclude: • The value of any information transmitted. • Compiling databases, data storage and dissemination of database services (include in service code 26). • Installation services for telecommunication equipment (include in service codes 27/28).
A74: n,o,5-6,na,na,na | B74: 6005 | C74: 6006 | E74: 23 | F74: Computer and IT services Services provided to, or received from, non-UK businesses/individuals. Examples of services included are: • Sales and purchases of software provided electronically, such as business productivity software, computer game software, and other applications. • Development, production, supply and documentation of customised software including operating systems. • Software and hardware consultancy, implementation and installation services. • System maintenance, network management and other support services including data recovery. • Computer infrastructure, data processing, hosting services and related services including cloud infrastructure, platform provision and cloud computing. • Computer training courses designed for a specific user. • Maintenance, repair and refurbishment of computers and peripheral equipment. Exclude: • Leasing/rental of computers (include in service code 12). • Outright sales and purchases of ownership rights for computer software and applications (include in service code 19a). • Charges for licences to use, reproduce or distribute computer software without a transfer of ownership (include in service code 19b). • Computer training courses designed for multiple users (include in service code 45). • Sales and purchases of software provided on a physical storage devices such as CDs or USB drives. • Sales and purchases of computer hardware. • The value of parts and materials used during the maintenance, repair and refurbishment, if they are invoiced separately from the service fee.
A75: n,o,5-6,na,na,na | B75: 6007 | C75: 6008 | E75: 24 | F75: Publishing services Services provided to, or received from, non-UK businesses/individuals. Examples of services included are: • Publishing of books, newspapers, brochures, mailing lists and directories in printed, electronic or audio form. • Printing of newspapers, books, journals and other materials, and any support activities.
A76: n,o,5-6,na,na,na | B76: 6009 | C76: 6010 | E76: 25 | F76: News agency services Services provided to, or received from, non-UK businesses/individuals. Include provision of news, photographs and feature articles to the media, radio or television stations.
A77: n,o,5-6,na,na,na | B77: 6011 | C77: 6012 | E77: 26 | F77: Information services Services provided to, or received from, non-UK businesses/individuals. Examples of services included are: • Database services (database conception, database compilation, data storage and dissemination of data and databases including directories and mailing lists). • Web search portal services. • Direct non-bulk subscriptions to newspapers and periodicals. • Other online content provision. • Library and archive services. Exclude: • Bulk newspaper and periodical subscriptions.
F78: Construction Services | G78: Income Report in thousands | H78: Expenditure Report in thousands
G79: e.g. £56,250 = 56 | H79: e.g. £100,725 = 101
F80: Construction Goods and services provided to, or received from, non-UK businesses/individuals. Examples of services included are: • Creation, management, renovation or extension of fixed assets such as buildings, land improvements, electrical and telecoms, and other engineering constructions such as roads, bridges and dams. • Related installation and assembly work, site preparation and general construction. • Specialised services such as painting, plumbing and demolition. • Construction repairs and maintenance of fixed assets, including railway facilities, harbours and airfield facilities. Include: • All goods and services used as inputs to the work, other costs associated with production and any operating surplus that accrues to the owners of the construction business. Exclude: • Construction projects where an independent subsidiary, branch or an overseas accounting or banking facility is set up in the country of construction to run the project. • Construction work on embassies, bases and other government buildings.
A81: n,o,5-6,na,na,na | E81: 27 | F81: Construction in the UK
C82: 7002 | F82: Total expenditure by your business, for any construction work in the UK, undertaken by non-UK construction businesses/individuals.
B83: 7001 | F83: If known, the value of goods and services purchased in the UK, from a UK business, by the non-UK construction business/individuals for use in the construction project. Exclude: • Labour costs.
A84: n,o,5-6,na,na,na | E84: 28 | F84: Construction outside the UK
B85: 7003 | F85: Total income for your business, for any construction work outside the UK, on behalf of non-UK businesses/individuals.
C86: 7004 | F86: Expenditure on goods and services purchased by your business from a non-UK business/individual in the country the construction work was carried out in, for use in the construction project. Exclude: • Labour costs. • Any goods and services acquired by your business from other UK businesses or countries outside the construction project.
F87: Financial Services | G87: Income Report in thousands | H87: Expenditure Report in thousands
G88: e.g. £56,250 = 56 | H88: e.g. £100,725 = 101
A89: n,o,5-6,na,na,na | B89: 8001 | C89: 8002 | E89: 29 | F89: Financial services Services provided to, or received from, non-UK businesses/individuals. Examples of services included are: • Commissions and charges relating to financial leasing, underwriting, factoring, money transfer and clearing of payments. • Credit card, other credit granting/loan services, credit rating and deposit taking and lending services. • Foreign exchange, regulation and administration of financial markets. • Financial advisory and investment banking services. • Brokerage services for financial instruments, financial derivatives, specialist commodity derivatives and derivatives linked to the shipping industry. • Merger and acquisition services, corporate finance and venture capital services. • Financial asset management services. • Custody services for financial assets or bullion. Exclude: • Non-financial advisory services (include in service code 08). • Insurance and pension services (include in service codes 30-40). • Interest and dividends earned on deposits, loans, financial leases and debt securities. • Gains and losses on purchases and sales of securities and financial derivatives on own account. • Brokerage commission relating to the sale of ships, aircraft and other goods (include in service code 42). • Agency commissions and brokerage commissions on salvage and chartering of transport equipment.
F90: Insurance and Pension Services | G90: Income Report in thousands | H90: Expenditure Report in thousands
G91: e.g. £56,250 = 56 | H91: e.g. £100,725 = 101
A92: n,o,5,na,na,na | B92: 9001 | E92: 30 | F92: Life insurance claims Life insurance policy claims by your business on behalf of your employees, from non-UK insurance businesses.
A93: n,o,6,na,na,na | C93: 9004 | E93: 31 | F93: Life insurance premiums Expenditure on life insurance premiums by your business on behalf of your employees, to non-UK insurance businesses.
A94: n,o,5,na,na,na | B94: 9005 | E94: 32 | F94: Freight insurance claims Freight insurance policy claims by your business for damage, theft or loss of transported goods that are imported into the UK, from non-UK insurance businesses.
A95: n,o,6,na,na,na | C95: 9008 | E95: 33 | F95: Freight insurance payments Expenditure on freight insurance payments by your business on goods that are imported into the UK, provided by non-UK insurance businesses. Exclude: • Insurance for vehicles used to transport goods (include in service code 35).
A96: n,o,5,na,na,na | B96: 9009 | E96: 34 | F96: Other direct insurance claims Other direct insurance policy claims by your business, on behalf of your business or your employees, from non-UK insurance businesses covering: • Accident and health insurance. • Transport, including motor, marine and aviation insurance. • Fire and property damage insurance. • Public and business liability insurance. • Travel insurance. • Loan and credit insurance.
A97: n,o,6,na,na,na | C97: 9012 | E97: 35 | F97: Other direct insurance premiums Expenditure on direct insurance premiums by your business, on behalf of your business or your employees, to non-UK insurance businesses covering: • Accident and health insurance. • Transport, including motor, marine and aviation insurance. • Fire and property damage insurance. • Public and business liability insurance. • Travel insurance. • Loan and credit insurance.
A98: n,o,5-6,na,na,na | B98: 9013 | C98: 9014 | E98: 36 | F98: Auxiliary insurance services Services provided to, or received from, non-UK businesses/individuals. Examples of services included are: • Agents' commissions, insurance brokering and agency services. • Insurance and pension consultancy services, evaluation and adjustment services. • Actuarial services. • Salvage and recovery services. • Regulatory and monitoring services on indemnities.
A99: n,o,5,na,na,na | B99: 9015 | E99: 37 | F99: Pension benefits received Pension benefits received from non-UK pension funds to provide income on retirement and benefits for death or disability for specific groups of your employees.
A100: n,o,6,na,na,na | C100: 9018 | E100: 38 | F100: Pension contributions paid Pension contributions paid to non-UK pension funds to provide income on retirement and benefits for death or disability, for specific groups of your employees.
A101: n,o,5,na,na,na | B101: 9019 | E101: 39 | F101: Standardised guarantee service claims Standardised guarantee service claims by your business from non-UK businesses covering the losses of a lender in the event of a borrower defaulting. Examples of services included are: • Claims on export credit guarantees. • Claims on student loan guarantees.
A102: n,o,6,na,na,na | C102: 9022 | E102: 40 | F102: Standardised guarantee service premiums Expenditure on standardised guarantee service premiums paid by your business to non-UK businesses covering the losses of a lender in the event of a borrower defaulting. Examples of services included are: • Premiums for export credit guarantees. • Premiums for student loan guarantees.
F103: Merchanting and Other Trade-related Services | G103: Income Report in thousands | H103: Expenditure Report in thousands
G104: e.g. £56,250 = 56 | H104: e.g. £100,725 = 101
E105: 41 | F105: Merchanting The purchase of goods from non-UK businesses/individuals with the subsequent resale of the same goods to other non-UK businesses/individuals, where the physical form of the goods does not change, and without the goods entering the UK. For example, a UK business buys cars from a German business and then sells those cars to businesses/individuals in France, Italy and Portugal, without modifying the cars, and the cars never coming to the UK. Exclude: • Purchases from UK businesses and subsequent resales. • Purchases that are subsequently resold to UK businesses. • Goods purchased that are not intended for resale. • Sales of goods where the physical form of the good has changed since being purchased. • Derivatives.
A106: n,o,5,na,na,na | C106: 1104 | F106: Expenditure on goods purchased from non-UK businesses/individuals, with the intention of reselling those goods to other non-UK businesses/individuals. The goods must have remained outside the UK, with no intention for modification before resale.
A107: n,o,6,na,na,na | B107: 1101 | F107: Income from the resale of goods purchased from non-UK businesses/individuals, that are sold to other non-UK businesses/individuals. The goods must have remained outside the UK and not have been modified before resale.
A108: n,o,5-6,na,na,na | B108: 1105 | C108: 1106 | E108: 42 | F108: Trade-related services Services provided to, or received from, non-UK businesses/individuals. Include commission on goods and service transactions payable to merchants, commodity brokers, dealers, auctioneers and commission agents, who do not own the goods they sell, where one party is a non-UK business/individual. For example, commission relating to the sale of ships, aircraft and other goods. Exclude: • Franchising fees (include in service code 18). • Brokerage on financial instruments (include in service code 29). • Agency commissions and brokerage commissions on salvage and chartering of transport equipment.
...

Sheet Data Sheet
M11: Box Number Totals from questionnaire
M12: =VLOOKUP(N12,'Questionnaire part 1'!$B$6:$F$9,4,FALSE()) -> Company* | N12: 1010 | O12: =VLOOKUP(N12,'Questionnaire part 1'!B6:F9,5,FALSE()) -> Viamed Ltd
M13: =VLOOKUP(N13,'Questionnaire part 1'!$B$6:$F$9,4,FALSE()) -> Contact* | N13: 1011 | O13: =VLOOKUP(N13,'Questionnaire part 1'!B7:F10,5,FALSE()) -> Helen Lamb
M14: =VLOOKUP(N14,'Questionnaire part 1'!$B$6:$F$9,4,FALSE()) -> Tel. No* | N14: 1012 | O14: =VLOOKUP(N14,'Questionnaire part 1'!B8:F11,5,FALSE()) -> 01535634542
M15: =VLOOKUP(N15,'Questionnaire part 1'!$B$6:$F$9,4,FALSE()) -> E- Mail* | N15: 1013 | O15: =VLOOKUP(N15,'Questionnaire part 1'!B9:F12,5,FALSE()) -> helen.lamb@viamed.co.uk
M16: Service Code | N16: Box number | O16: Income from Exports Report to the nearest £1,000 | P16: Expenditure on Imports Report to the nearest £1,000 | R16: CORA Instance | S16: Inc/Exp | T16: P/R | U16: Service Code | V16: Country Code | W16: Amount | Y16: Service Code | Z16: Inc Sub Totals
M17: =VLOOKUP($N17,#REF!,4,FALSE()) -> #VALUE! | N17: 0005 | O17: =IFERROR(VLOOKUP($N17,#REF!,6,FALSE()),"") | P17: =IFERROR(VLOOKUP($N17,#REF!,6,FALSE()),"") | R17: 1 | S17: =#REF! -> #REF! | T17: =IF(S17=0,"",IF(S17="I","R",IF(S17="E","P"))) -> #REF! | U17: =#REF! -> #REF! | V17: =IFERROR(VLOOKUP(#REF!,'Country & Service Codes'!$B$4:$C$269,2,FALSE()),"") | W17: =#REF! -> #REF! | Y17: 01 | Z17: =SUMIFS($W$17:$W$635,$T$17:$T$635,"R",$U$17:$U$635,$Y17) -> 0
M18: 01 | N18: 0006 | O18: =IFERROR(VLOOKUP($N18,#REF!,6,FALSE()),"") | P18: =IFERROR(VLOOKUP($N18,#REF!,6,FALSE()),"") | R18: 2 | S18: =#REF! -> #REF! | T18: =IF(S18=0,"",IF(S18="I","R",IF(S18="E","P"))) -> #REF! | U18: =#REF! -> #REF! | V18: =IFERROR(VLOOKUP(#REF!,'Country & Service Codes'!$B$4:$C$269,2,FALSE()),"") | W18: =#REF! -> #REF! | Y18: 02 | Z18: =SUMIFS($W$17:$W$635,$T$17:$T$635,"R",$U$17:$U$635,$Y18) -> 0
M19: =VLOOKUP($N19,#REF!,4,FALSE()) -> #VALUE! | N19: 0007 | O19: =IFERROR(VLOOKUP($N19,#REF!,6,FALSE()),"") | P19: =IFERROR(VLOOKUP($N19,#REF!,6,FALSE()),"") | R19: 3 | S19: =#REF! -> #REF! | T19: =IF(S19=0,"",IF(S19="I","R",IF(S19="E","P"))) -> #REF! | U19: =#REF! -> #REF! | V19: =IFERROR(VLOOKUP(#REF!,'Country & Service Codes'!$B$4:$C$269,2,FALSE()),"") | W19: =#REF! -> #REF! | Y19: 03 | Z19: =SUMIFS($W$17:$W$635,$T$17:$T$635,"R",$U$17:$U$635,$Y19) -> 0
M20: 02 | N20: 0008 | O20: =IFERROR(VLOOKUP($N20,#REF!,6,FALSE()),"") | P20: =IFERROR(VLOOKUP($N20,#REF!,6,FALSE()),"") | R20: 4 | S20: =#REF! -> #REF! | T20: =IF(S20=0,"",IF(S20="I","R",IF(S20="E","P"))) -> #REF! | U20: =#REF! -> #REF! | V20: =IFERROR(VLOOKUP(#REF!,'Country & Service Codes'!$B$4:$C$269,2,FALSE()),"") | W20: =#REF! -> #REF! | Y20: 04 | Z20: =SUMIFS($W$17:$W$635,$T$17:$T$635,"R",$U$17:$U$635,$Y20) -> 0
M21: =VLOOKUP($N21,#REF!,4,FALSE()) -> #VALUE! | N21: 0009 | O21: =IFERROR(VLOOKUP($N21,#REF!,6,FALSE()),"") | P21: =IFERROR(VLOOKUP($N21,#REF!,6,FALSE()),"") | R21: 5 | S21: =#REF! -> #REF! | T21: =IF(S21=0,"",IF(S21="I","R",IF(S21="E","P"))) -> #REF! | U21: =#REF! -> #REF! | V21: =IFERROR(VLOOKUP(#REF!,'Country & Service Codes'!$B$4:$C$269,2,FALSE()),"") | W21: =#REF! -> #REF! | Y21: 05 | Z21: =SUMIFS($W$17:$W$635,$T$17:$T$635,"R",$U$17:$U$635,$Y21) -> 0
M22: 03 | N22: 0010 | O22: =IFERROR(VLOOKUP($N22,#REF!,6,FALSE()),"") | P22: =IFERROR(VLOOKUP($N22,#REF!,6,FALSE()),"") | R22: 6 | S22: =#REF! -> #REF! | T22: =IF(S22=0,"",IF(S22="I","R",IF(S22="E","P"))) -> #REF! | U22: =#REF! -> #REF! | V22: =IFERROR(VLOOKUP(#REF!,'Country & Service Codes'!$B$4:$C$269,2,FALSE()),"") | W22: =#REF! -> #REF! | Y22: 06 | Z22: =SUMIFS($W$17:$W$635,$T$17:$T$635,"R",$U$17:$U$635,$Y22) -> 0
M23: =VLOOKUP($N23,#REF!,4,FALSE()) -> #VALUE! | N23: 0011 | O23: =IFERROR(VLOOKUP($N23,#REF!,6,FALSE()),"") | P23: =IFERROR(VLOOKUP($N23,#REF!,6,FALSE()),"") | R23: 7 | S23: =#REF! -> #REF! | T23: =IF(S23=0,"",IF(S23="I","R",IF(S23="E","P"))) -> #REF! | U23: =#REF! -> #REF! | V23: =IFERROR(VLOOKUP(#REF!,'Country & Service Codes'!$B$4:$C$269,2,FALSE()),"") | W23: =#REF! -> #REF! | Y23: 07 | Z23: =SUMIFS($W$17:$W$635,$T$17:$T$635,"R",$U$17:$U$635,$Y23) -> 0
M24: 04 | N24: 0012 | O24: =IFERROR(VLOOKUP($N24,#REF!,6,FALSE()),"") | P24: =IFERROR(VLOOKUP($N24,#REF!,6,FALSE()),"") | R24: 8 | S24: =#REF! -> #REF! | T24: =IF(S24=0,"",IF(S24="I","R",IF(S24="E","P"))) -> #REF! | U24: =#REF! -> #REF! | V24: =IFERROR(VLOOKUP(#REF!,'Country & Service Codes'!$B$4:$C$269,2,FALSE()),"") | W24: =#REF! -> #REF! | Y24: 08 | Z24: =SUMIFS($W$17:$W$635,$T$17:$T$635,"R",$U$17:$U$635,$Y24) -> 0
M25: =VLOOKUP($N25,#REF!,4,FALSE()) -> #VALUE! | N25: 0013 | O25: =IFERROR(VLOOKUP($N25,#REF!,6,FALSE()),"") | P25: =IFERROR(VLOOKUP($N25,#REF!,6,FALSE()),"") | R25: 9 | S25: =#REF! -> #REF! | T25: =IF(S25=0,"",IF(S25="I","R",IF(S25="E","P"))) -> #REF! | U25: =#REF! -> #REF! | V25: =IFERROR(VLOOKUP(#REF!,'Country & Service Codes'!$B$4:$C$269,2,FALSE()),"") | W25: =#REF! -> #REF! | Y25: 09 | Z25: =SUMIFS($W$17:$W$635,$T$17:$T$635,"R",$U$17:$U$635,$Y25) -> 0
M26: 05 | N26: 0014 | O26: =IFERROR(VLOOKUP($N26,#REF!,6,FALSE()),"") | P26: =IFERROR(VLOOKUP($N26,#REF!,6,FALSE()),"") | R26: 10 | S26: =#REF! -> #REF! | T26: =IF(S26=0,"",IF(S26="I","R",IF(S26="E","P"))) -> #REF! | U26: =#REF! -> #REF! | V26: =IFERROR(VLOOKUP(#REF!,'Country & Service Codes'!$B$4:$C$269,2,FALSE()),"") | W26: =#REF! -> #REF! | Y26: 10 | Z26: =SUMIFS($W$17:$W$635,$T$17:$T$635,"R",$U$17:$U$635,$Y26) -> 0
M27: =VLOOKUP($N27,#REF!,4,FALSE()) -> #VALUE! | N27: 0015 | O27: =IFERROR(VLOOKUP($N27,#REF!,6,FALSE()),"") | P27: =IFERROR(VLOOKUP($N27,#REF!,6,FALSE()),"") | R27: 11 | S27: =#REF! -> #REF! | T27: =IF(S27=0,"",IF(S27="I","R",IF(S27="E","P"))) -> #REF! | U27: =#REF! -> #REF! | V27: =IFERROR(VLOOKUP(#REF!,'Country & Service Codes'!$B$4:$C$269,2,FALSE()),"") | W27: =#REF! -> #REF! | Y27: 11 | Z27: =SUMIFS($W$17:$W$635,$T$17:$T$635,"R",$U$17:$U$635,$Y27) -> 0
M28: 06 | N28: 0016 | O28: =IFERROR(VLOOKUP($N28,#REF!,6,FALSE()),"") | P28: =IFERROR(VLOOKUP($N28,#REF!,6,FALSE()),"") | R28: 12 | S28: =#REF! -> #REF! | T28: =IF(S28=0,"",IF(S28="I","R",IF(S28="E","P"))) -> #REF! | U28: =#REF! -> #REF! | V28: =IFERROR(VLOOKUP(#REF!,'Country & Service Codes'!$B$4:$C$269,2,FALSE()),"") | W28: =#REF! -> #REF! | Y28: 12 | Z28: =SUMIFS($W$17:$W$635,$T$17:$T$635,"R",$U$17:$U$635,$Y28) -> 0
M29: =VLOOKUP($N29,#REF!,4,FALSE()) -> #VALUE! | N29: 0017 | O29: =IFERROR(VLOOKUP($N29,#REF!,6,FALSE()),"") | P29: =IFERROR(VLOOKUP($N29,#REF!,6,FALSE()),"") | R29: 13 | S29: =#REF! -> #REF! | T29: =IF(S29=0,"",IF(S29="I","R",IF(S29="E","P"))) -> #REF! | U29: =#REF! -> #REF! | V29: =IFERROR(VLOOKUP(#REF!,'Country & Service Codes'!$B$4:$C$269,2,FALSE()),"") | W29: =#REF! -> #REF! | Y29: 13 | Z29: =SUMIFS($W$17:$W$635,$T$17:$T$635,"R",$U$17:$U$635,$Y29) -> 0
M30: 07 | N30: 0018 | O30: =IFERROR(VLOOKUP($N30,#REF!,6,FALSE()),"") | P30: =IFERROR(VLOOKUP($N30,#REF!,6,FALSE()),"") | R30: 14 | S30: =#REF! -> #REF! | T30: =IF(S30=0,"",IF(S30="I","R",IF(S30="E","P"))) -> #REF! | U30: =#REF! -> #REF! | V30: =IFERROR(VLOOKUP(#REF!,'Country & Service Codes'!$B$4:$C$269,2,FALSE()),"") | W30: =#REF! -> #REF! | Y30: 14 | Z30: =SUMIFS($W$17:$W$635,$T$17:$T$635,"R",$U$17:$U$635,$Y30) -> 0
M31: =VLOOKUP($N31,#REF!,4,FALSE()) -> #VALUE! | N31: 0019 | O31: =IFERROR(VLOOKUP($N31,#REF!,6,FALSE()),"") | P31: =IFERROR(VLOOKUP($N31,#REF!,6,FALSE()),"") | R31: 15 | S31: =#REF! -> #REF! | T31: =IF(S31=0,"",IF(S31="I","R",IF(S31="E","P"))) -> #REF! | U31: =#REF! -> #REF! | V31: =IFERROR(VLOOKUP(#REF!,'Country & Service Codes'!$B$4:$C$269,2,FALSE()),"") | W31: =#REF! -> #REF! | Y31: 15 | Z31: =SUMIFS($W$17:$W$635,$T$17:$T$635,"R",$U$17:$U$635,$Y31) -> 0
M32: 08 | N32: 0020 | O32: =IFERROR(VLOOKUP($N32,#REF!,6,FALSE()),"") | P32: =IFERROR(VLOOKUP($N32,#REF!,6,FALSE()),"") | R32: 16 | S32: =#REF! -> #REF! | T32: =IF(S32=0,"",IF(S32="I","R",IF(S32="E","P"))) -> #REF! | U32: =#REF! -> #REF! | V32: =IFERROR(VLOOKUP(#REF!,'Country & Service Codes'!$B$4:$C$269,2,FALSE()),"") | W32: =#REF! -> #REF! | Y32: 16 | Z32: =SUMIFS($W$17:$W$635,$T$17:$T$635,"R",$U$17:$U$635,$Y32) -> 0
M33: =VLOOKUP($N33,#REF!,4,FALSE()) -> #VALUE! | N33: 0021 | O33: =IFERROR(VLOOKUP($N33,#REF!,6,FALSE()),"") | P33: =IFERROR(VLOOKUP($N33,#REF!,6,FALSE()),"") | R33: 17 | S33: =#REF! -> #REF! | T33: =IF(S33=0,"",IF(S33="I","R",IF(S33="E","P"))) -> #REF! | U33: =#REF! -> #REF! | V33: =IFERROR(VLOOKUP(#REF!,'Country & Service Codes'!$B$4:$C$269,2,FALSE()),"") | W33: =#REF! -> #REF! | Y33: 17 | Z33: =SUMIFS($W$17:$W$635,$T$17:$T$635,"R",$U$17:$U$635,$Y33) -> 0
M34: 09 | N34: 0022 | O34: =IFERROR(VLOOKUP($N34,#REF!,6,FALSE()),"") | P34: =IFERROR(VLOOKUP($N34,#REF!,6,FALSE()),"") | R34: 18 | S34: =#REF! -> #REF! | T34: =IF(S34=0,"",IF(S34="I","R",IF(S34="E","P"))) -> #REF! | U34: =#REF! -> #REF! | V34: =IFERROR(VLOOKUP(#REF!,'Country & Service Codes'!$B$4:$C$269,2,FALSE()),"") | W34: =#REF! -> #REF! | Y34: 18a | Z34: =SUMIFS($W$17:$W$635,$T$17:$T$635,"R",$U$17:$U$635,$Y34) -> 0
M35: =VLOOKUP($N35,#REF!,4,FALSE()) -> #VALUE! | N35: 0023 | O35: =IFERROR(VLOOKUP($N35,#REF!,6,FALSE()),"") | P35: =IFERROR(VLOOKUP($N35,#REF!,6,FALSE()),"") | R35: 19 | S35: =#REF! -> #REF! | T35: =IF(S35=0,"",IF(S35="I","R",IF(S35="E","P"))) -> #REF! | U35: =#REF! -> #REF! | V35: =IFERROR(VLOOKUP(#REF!,'Country & Service Codes'!$B$4:$C$269,2,FALSE()),"") | W35: =#REF! -> #REF! | Y35: 18b | Z35: =SUMIFS($W$17:$W$635,$T$17:$T$635,"R",$U$17:$U$635,$Y35) -> 0
M36: 10 | N36: 0024 | O36: =IFERROR(VLOOKUP($N36,#REF!,6,FALSE()),"") | P36: =IFERROR(VLOOKUP($N36,#REF!,6,FALSE()),"") | R36: 20 | S36: =#REF! -> #REF! | T36: =IF(S36=0,"",IF(S36="I","R",IF(S36="E","P"))) -> #REF! | U36: =#REF! -> #REF! | V36: =IFERROR(VLOOKUP(#REF!,'Country & Service Codes'!$B$4:$C$269,2,FALSE()),"") | W36: =#REF! -> #REF! | Y36: 19a | Z36: =SUMIFS($W$17:$W$635,$T$17:$T$635,"R",$U$17:$U$635,$Y36) -> 0
M37: =VLOOKUP($N37,#REF!,4,FALSE()) -> #VALUE! | N37: 0025 | O37: =IFERROR(VLOOKUP($N37,#REF!,6,FALSE()),"") | P37: =IFERROR(VLOOKUP($N37,#REF!,6,FALSE()),"") | R37: 21 | S37: =#REF! -> #REF! | T37: =IF(S37=0,"",IF(S37="I","R",IF(S37="E","P"))) -> #REF! | U37: =#REF! -> #REF! | V37: =IFERROR(VLOOKUP(#REF!,'Country & Service Codes'!$B$4:$C$269,2,FALSE()),"") | W37: =#REF! -> #REF! | Y37: 19b | Z37: =SUMIFS($W$17:$W$635,$T$17:$T$635,"R",$U$17:$U$635,$Y37) -> 0
M38: 11 | N38: 0026 | O38: =IFERROR(VLOOKUP($N38,#REF!,6,FALSE()),"") | P38: =IFERROR(VLOOKUP($N38,#REF!,6,FALSE()),"") | R38: 22 | S38: =#REF! -> #REF! | T38: =IF(S38=0,"",IF(S38="I","R",IF(S38="E","P"))) -> #REF! | U38: =#REF! -> #REF! | V38: =IFERROR(VLOOKUP(#REF!,'Country & Service Codes'!$B$4:$C$269,2,FALSE()),"") | W38: =#REF! -> #REF! | Y38: 20a | Z38: =SUMIFS($W$17:$W$635,$T$17:$T$635,"R",$U$17:$U$635,$Y38) -> 0
M39: =VLOOKUP($N39,#REF!,4,FALSE()) -> #VALUE! | N39: 0027 | O39: =IFERROR(VLOOKUP($N39,#REF!,6,FALSE()),"") | P39: =IFERROR(VLOOKUP($N39,#REF!,6,FALSE()),"") | R39: 23 | S39: =#REF! -> #REF! | T39: =IF(S39=0,"",IF(S39="I","R",IF(S39="E","P"))) -> #REF! | U39: =#REF! -> #REF! | V39: =IFERROR(VLOOKUP(#REF!,'Country & Service Codes'!$B$4:$C$269,2,FALSE()),"") | W39: =#REF! -> #REF! | Y39: 20b | Z39: =SUMIFS($W$17:$W$635,$T$17:$T$635,"R",$U$17:$U$635,$Y39) -> 0
M40: 12 | N40: 0028 | O40: =IFERROR(VLOOKUP($N40,#REF!,6,FALSE()),"") | P40: =IFERROR(VLOOKUP($N40,#REF!,6,FALSE()),"") | R40: 24 | S40: =#REF! -> #REF! | T40: =IF(S40=0,"",IF(S40="I","R",IF(S40="E","P"))) -> #REF! | U40: =#REF! -> #REF! | V40: =IFERROR(VLOOKUP(#REF!,'Country & Service Codes'!$B$4:$C$269,2,FALSE()),"") | W40: =#REF! -> #REF! | Y40: 21 | Z40: =SUMIFS($W$17:$W$635,$T$17:$T$635,"R",$U$17:$U$635,$Y40) -> 0
M41: =VLOOKUP($N41,#REF!,4,FALSE()) -> #VALUE! | N41: 0029 | O41: =IFERROR(VLOOKUP($N41,#REF!,6,FALSE()),"") | P41: =IFERROR(VLOOKUP($N41,#REF!,6,FALSE()),"") | R41: 25 | S41: =#REF! -> #REF! | T41: =IF(S41=0,"",IF(S41="I","R",IF(S41="E","P"))) -> #REF! | U41: =#REF! -> #REF! | V41: =IFERROR(VLOOKUP(#REF!,'Country & Service Codes'!$B$4:$C$269,2,FALSE()),"") | W41: =#REF! -> #REF! | Y41: 22 | Z41: =SUMIFS($W$17:$W$635,$T$17:$T$635,"R",$U$17:$U$635,$Y41) -> 0
M42: 13 | N42: 0030 | O42: =IFERROR(VLOOKUP($N42,#REF!,6,FALSE()),"") | P42: =IFERROR(VLOOKUP($N42,#REF!,6,FALSE()),"") | R42: 26 | S42: =#REF! -> #REF! | T42: =IF(S42=0,"",IF(S42="I","R",IF(S42="E","P"))) -> #REF! | U42: =#REF! -> #REF! | V42: =IFERROR(VLOOKUP(#REF!,'Country & Service Codes'!$B$4:$C$269,2,FALSE()),"") | W42: =#REF! -> #REF! | Y42: 23 | Z42: =SUMIFS($W$17:$W$635,$T$17:$T$635,"R",$U$17:$U$635,$Y42) -> 0
M43: =VLOOKUP($N43,#REF!,4,FALSE()) -> #VALUE! | N43: 0031 | O43: =IFERROR(VLOOKUP($N43,#REF!,6,FALSE()),"") | P43: =IFERROR(VLOOKUP($N43,#REF!,6,FALSE()),"") | R43: 27 | S43: =#REF! -> #REF! | T43: =IF(S43=0,"",IF(S43="I","R",IF(S43="E","P"))) -> #REF! | U43: =#REF! -> #REF! | V43: =IFERROR(VLOOKUP(#REF!,'Country & Service Codes'!$B$4:$C$269,2,FALSE()),"") | W43: =#REF! -> #REF! | Y43: 24 | Z43: =SUMIFS($W$17:$W$635,$T$17:$T$635,"R",$U$17:$U$635,$Y43) -> 0
M44: 14 | N44: 0032 | O44: =IFERROR(VLOOKUP($N44,#REF!,6,FALSE()),"") | P44: =IFERROR(VLOOKUP($N44,#REF!,6,FALSE()),"") | R44: 28 | S44: =#REF! -> #REF! | T44: =IF(S44=0,"",IF(S44="I","R",IF(S44="E","P"))) -> #REF! | U44: =#REF! -> #REF! | V44: =IFERROR(VLOOKUP(#REF!,'Country & Service Codes'!$B$4:$C$269,2,FALSE()),"") | W44: =#REF! -> #REF! | Y44: 25 | Z44: =SUMIFS($W$17:$W$635,$T$17:$T$635,"R",$U$17:$U$635,$Y44) -> 0
M45: =VLOOKUP($N45,#REF!,4,FALSE()) -> #VALUE! | N45: 0033 | O45: =IFERROR(VLOOKUP($N45,#REF!,6,FALSE()),"") | P45: =IFERROR(VLOOKUP($N45,#REF!,6,FALSE()),"") | R45: 29 | S45: =#REF! -> #REF! | T45: =IF(S45=0,"",IF(S45="I","R",IF(S45="E","P"))) -> #REF! | U45: =#REF! -> #REF! | V45: =IFERROR(VLOOKUP(#REF!,'Country & Service Codes'!$B$4:$C$269,2,FALSE()),"") | W45: =#REF! -> #REF! | Y45: 26 | Z45: =SUMIFS($W$17:$W$635,$T$17:$T$635,"R",$U$17:$U$635,$Y45) -> 0
M46: 15 | N46: 0034 | O46: =IFERROR(VLOOKUP($N46,#REF!,6,FALSE()),"") | P46: =IFERROR(VLOOKUP($N46,#REF!,6,FALSE()),"") | R46: 30 | S46: =#REF! -> #REF! | T46: =IF(S46=0,"",IF(S46="I","R",IF(S46="E","P"))) -> #REF! | U46: =#REF! -> #REF! | V46: =IFERROR(VLOOKUP(#REF!,'Country & Service Codes'!$B$4:$C$269,2,FALSE()),"") | W46: =#REF! -> #REF! | Y46: 27 | Z46: =SUMIFS($W$17:$W$635,$T$17:$T$635,"R",$U$17:$U$635,$Y46) -> 0
M47: 15 | N47: 0035 | O47: =IFERROR(VLOOKUP($N47,#REF!,6,FALSE()),"") | P47: =IFERROR(VLOOKUP($N47,#REF!,6,FALSE()),"") | R47: 31 | S47: =#REF! -> #REF! | T47: =IF(S47=0,"",IF(S47="I","R",IF(S47="E","P"))) -> #REF! | U47: =#REF! -> #REF! | V47: =IFERROR(VLOOKUP(#REF!,'Country & Service Codes'!$B$4:$C$269,2,FALSE()),"") | W47: =#REF! -> #REF! | Y47: 28 | Z47: =SUMIFS($W$17:$W$635,$T$17:$T$635,"R",$U$17:$U$635,$Y47) -> 0
M48: =VLOOKUP($N48,#REF!,4,FALSE()) -> #VALUE! | N48: 0036 | O48: =IFERROR(VLOOKUP($N48,#REF!,6,FALSE()),"") | P48: =IFERROR(VLOOKUP($N48,#REF!,6,FALSE()),"") | R48: 32 | S48: =#REF! -> #REF! | T48: =IF(S48=0,"",IF(S48="I","R",IF(S48="E","P"))) -> #REF! | U48: =#REF! -> #REF! | V48: =IFERROR(VLOOKUP(#REF!,'Country & Service Codes'!$B$4:$C$269,2,FALSE()),"") | W48: =#REF! -> #REF! | Y48: 29 | Z48: =SUMIFS($W$17:$W$635,$T$17:$T$635,"R",$U$17:$U$635,$Y48) -> 0
M49: 16 | N49: 0037 | O49: =IFERROR(VLOOKUP($N49,#REF!,6,FALSE()),"") | P49: =IFERROR(VLOOKUP($N49,#REF!,6,FALSE()),"") | R49: 33 | S49: =#REF! -> #REF! | T49: =IF(S49=0,"",IF(S49="I","R",IF(S49="E","P"))) -> #REF! | U49: =#REF! -> #REF! | V49: =IFERROR(VLOOKUP(#REF!,'Country & Service Codes'!$B$4:$C$269,2,FALSE()),"") | W49: =#REF! -> #REF! | Y49: 30 | Z49: =SUMIFS($W$17:$W$635,$T$17:$T$635,"R",$U$17:$U$635,$Y49) -> 0
M50: =VLOOKUP($N50,#REF!,4,FALSE()) -> #VALUE! | N50: 0038 | O50: =IFERROR(VLOOKUP($N50,#REF!,6,FALSE()),"") | P50: =IFERROR(VLOOKUP($N50,#REF!,6,FALSE()),"") | R50: 34 | S50: =#REF! -> #REF! | T50: =IF(S50=0,"",IF(S50="I","R",IF(S50="E","P"))) -> #REF! | U50: =#REF! -> #REF! | V50: =IFERROR(VLOOKUP(#REF!,'Country & Service Codes'!$B$4:$C$269,2,FALSE()),"") | W50: =#REF! -> #REF! | Y50: 31 | Z50: =SUMIFS($W$17:$W$635,$T$17:$T$635,"R",$U$17:$U$635,$Y50) -> 0
M51: 17 | N51: 0039 | O51: =IFERROR(VLOOKUP($N51,#REF!,6,FALSE()),"") | P51: =IFERROR(VLOOKUP($N51,#REF!,6,FALSE()),"") | R51: 35 | S51: =#REF! -> #REF! | T51: =IF(S51=0,"",IF(S51="I","R",IF(S51="E","P"))) -> #REF! | U51: =#REF! -> #REF! | V51: =IFERROR(VLOOKUP(#REF!,'Country & Service Codes'!$B$4:$C$269,2,FALSE()),"") | W51: =#REF! -> #REF! | Y51: 32 | Z51: =SUMIFS($W$17:$W$635,$T$17:$T$635,"R",$U$17:$U$635,$Y51) -> 0
M52: =VLOOKUP($N52,#REF!,4,FALSE()) -> #VALUE! | N52: 0040 | O52: =IFERROR(VLOOKUP($N52,#REF!,6,FALSE()),"") | P52: =IFERROR(VLOOKUP($N52,#REF!,6,FALSE()),"") | R52: 36 | S52: =#REF! -> #REF! | T52: =IF(S52=0,"",IF(S52="I","R",IF(S52="E","P"))) -> #REF! | U52: =#REF! -> #REF! | V52: =IFERROR(VLOOKUP(#REF!,'Country & Service Codes'!$B$4:$C$269,2,FALSE()),"") | W52: =#REF! -> #REF! | Y52: 33 | Z52: =SUMIFS($W$17:$W$635,$T$17:$T$635,"R",$U$17:$U$635,$Y52) -> 0
M53: 18a | N53: 0041 | O53: =IFERROR(VLOOKUP($N53,#REF!,6,FALSE()),"") | P53: =IFERROR(VLOOKUP($N53,#REF!,6,FALSE()),"") | R53: 37 | S53: =#REF! -> #REF! | T53: =IF(S53=0,"",IF(S53="I","R",IF(S53="E","P"))) -> #REF! | U53: =#REF! -> #REF! | V53: =IFERROR(VLOOKUP(#REF!,'Country & Service Codes'!$B$4:$C$269,2,FALSE()),"") | W53: =#REF! -> #REF! | Y53: 34 | Z53: =SUMIFS($W$17:$W$635,$T$17:$T$635,"R",$U$17:$U$635,$Y53) -> 0
M54: =VLOOKUP($N54,#REF!,4,FALSE()) -> #VALUE! | N54: 0042 | O54: =IFERROR(VLOOKUP($N54,#REF!,6,FALSE()),"") | P54: =IFERROR(VLOOKUP($N54,#REF!,6,FALSE()),"") | R54: 38 | S54: =#REF! -> #REF! | T54: =IF(S54=0,"",IF(S54="I","R",IF(S54="E","P"))) -> #REF! | U54: =#REF! -> #REF! | V54: =IFERROR(VLOOKUP(#REF!,'Country & Service Codes'!$B$4:$C$269,2,FALSE()),"") | W54: =#REF! -> #REF! | Y54: 35 | Z54: =SUMIFS($W$17:$W$635,$T$17:$T$635,"R",$U$17:$U$635,$Y54) -> 0
M55: 18b | N55: 0043 | O55: =IFERROR(VLOOKUP($N55,#REF!,6,FALSE()),"") | P55: =IFERROR(VLOOKUP($N55,#REF!,6,FALSE()),"") | R55: 39 | S55: =#REF! -> #REF! | T55: =IF(S55=0,"",IF(S55="I","R",IF(S55="E","P"))) -> #REF! | U55: =#REF! -> #REF! | V55: =IFERROR(VLOOKUP(#REF!,'Country & Service Codes'!$B$4:$C$269,2,FALSE()),"") | W55: =#REF! -> #REF! | Y55: 36 | Z55: =SUMIFS($W$17:$W$635,$T$17:$T$635,"R",$U$17:$U$635,$Y55) -> 0
M56: =VLOOKUP($N56,#REF!,4,FALSE()) -> #VALUE! | N56: 0044 | O56: =IFERROR(VLOOKUP($N56,#REF!,6,FALSE()),"") | P56: =IFERROR(VLOOKUP($N56,#REF!,6,FALSE()),"") | R56: 40 | S56: =#REF! -> #REF! | T56: =IF(S56=0,"",IF(S56="I","R",IF(S56="E","P"))) -> #REF! | U56: =#REF! -> #REF! | V56: =IFERROR(VLOOKUP(#REF!,'Country & Service Codes'!$B$4:$C$269,2,FALSE()),"") | W56: =#REF! -> #REF! | Y56: 37 | Z56: =SUMIFS($W$17:$W$635,$T$17:$T$635,"R",$U$17:$U$635,$Y56) -> 0
M57: 19a | N57: 0045 | O57: =IFERROR(VLOOKUP($N57,#REF!,6,FALSE()),"") | P57: =IFERROR(VLOOKUP($N57,#REF!,6,FALSE()),"") | R57: 41 | S57: =#REF! -> #REF! | T57: =IF(S57=0,"",IF(S57="I","R",IF(S57="E","P"))) -> #REF! | U57: =#REF! -> #REF! | V57: =IFERROR(VLOOKUP(#REF!,'Country & Service Codes'!$B$4:$C$269,2,FALSE()),"") | W57: =#REF! -> #REF! | Y57: 38 | Z57: =SUMIFS($W$17:$W$635,$T$17:$T$635,"R",$U$17:$U$635,$Y57) -> 0
M58: =VLOOKUP($N58,#REF!,4,FALSE()) -> #VALUE! | N58: 0046 | O58: =IFERROR(VLOOKUP($N58,#REF!,6,FALSE()),"") | P58: =IFERROR(VLOOKUP($N58,#REF!,6,FALSE()),"") | R58: 42 | S58: =#REF! -> #REF! | T58: =IF(S58=0,"",IF(S58="I","R",IF(S58="E","P"))) -> #REF! | U58: =#REF! -> #REF! | V58: =IFERROR(VLOOKUP(#REF!,'Country & Service Codes'!$B$4:$C$269,2,FALSE()),"") | W58: =#REF! -> #REF! | Y58: 39 | Z58: =SUMIFS($W$17:$W$635,$T$17:$T$635,"R",$U$17:$U$635,$Y58) -> 0
M59: 19b | N59: 0047 | O59: =IFERROR(VLOOKUP($N59,#REF!,6,FALSE()),"") | P59: =IFERROR(VLOOKUP($N59,#REF!,6,FALSE()),"") | R59: 43 | S59: =#REF! -> #REF! | T59: =IF(S59=0,"",IF(S59="I","R",IF(S59="E","P"))) -> #REF! | U59: =#REF! -> #REF! | V59: =IFERROR(VLOOKUP(#REF!,'Country & Service Codes'!$B$4:$C$269,2,FALSE()),"") | W59: =#REF! -> #REF! | Y59: 40 | Z59: =SUMIFS($W$17:$W$635,$T$17:$T$635,"R",$U$17:$U$635,$Y59) -> 0
M60: =VLOOKUP($N60,#REF!,4,FALSE()) -> #VALUE! | N60: 0048 | O60: =IFERROR(VLOOKUP($N60,#REF!,6,FALSE()),"") | P60: =IFERROR(VLOOKUP($N60,#REF!,6,FALSE()),"") | R60: 44 | S60: =#REF! -> #REF! | T60: =IF(S60=0,"",IF(S60="I","R",IF(S60="E","P"))) -> #REF! | U60: =#REF! -> #REF! | V60: =IFERROR(VLOOKUP(#REF!,'Country & Service Codes'!$B$4:$C$269,2,FALSE()),"") | W60: =#REF! -> #REF! | Y60: 41 | Z60: =SUMIFS($W$17:$W$635,$T$17:$T$635,"R",$U$17:$U$635,$Y60) -> 0
M61: 20a | N61: 0049 | O61: =IFERROR(VLOOKUP($N61,#REF!,6,FALSE()),"") | P61: =IFERROR(VLOOKUP($N61,#REF!,6,FALSE()),"") | R61: 45 | S61: =#REF! -> #REF! | T61: =IF(S61=0,"",IF(S61="I","R",IF(S61="E","P"))) -> #REF! | U61: =#REF! -> #REF! | V61: =IFERROR(VLOOKUP(#REF!,'Country & Service Codes'!$B$4:$C$269,2,FALSE()),"") | W61: =#REF! -> #REF! | Y61: 42 | Z61: =SUMIFS($W$17:$W$635,$T$17:$T$635,"R",$U$17:$U$635,$Y61) -> 0
M62: =VLOOKUP($N62,#REF!,4,FALSE()) -> #VALUE! | N62: 0050 | O62: =IFERROR(VLOOKUP($N62,#REF!,6,FALSE()),"") | P62: =IFERROR(VLOOKUP($N62,#REF!,6,FALSE()),"") | R62: 46 | S62: =#REF! -> #REF! | T62: =IF(S62=0,"",IF(S62="I","R",IF(S62="E","P"))) -> #REF! | U62: =#REF! -> #REF! | V62: =IFERROR(VLOOKUP(#REF!,'Country & Service Codes'!$B$4:$C$269,2,FALSE()),"") | W62: =#REF! -> #REF! | Y62: 43 | Z62: =SUMIFS($W$17:$W$635,$T$17:$T$635,"R",$U$17:$U$635,$Y62) -> 0
M63: 20b | N63: 0051 | O63: =IFERROR(VLOOKUP($N63,#REF!,6,FALSE()),"") | P63: =IFERROR(VLOOKUP($N63,#REF!,6,FALSE()),"") | R63: 47 | S63: =#REF! -> #REF! | T63: =IF(S63=0,"",IF(S63="I","R",IF(S63="E","P"))) -> #REF! | U63: =#REF! -> #REF! | V63: =IFERROR(VLOOKUP(#REF!,'Country & Service Codes'!$B$4:$C$269,2,FALSE()),"") | W63: =#REF! -> #REF! | Y63: 44 | Z63: =SUMIFS($W$17:$W$635,$T$17:$T$635,"R",$U$17:$U$635,$Y63) -> 0
M64: 21 | N64: 0052 | O64: =IFERROR(VLOOKUP($N64,#REF!,6,FALSE()),"") | P64: =IFERROR(VLOOKUP($N64,#REF!,6,FALSE()),"") | R64: 48 | S64: =#REF! -> #REF! | T64: =IF(S64=0,"",IF(S64="I","R",IF(S64="E","P"))) -> #REF! | U64: =#REF! -> #REF! | V64: =IFERROR(VLOOKUP(#REF!,'Country & Service Codes'!$B$4:$C$269,2,FALSE()),"") | W64: =#REF! -> #REF! | Y64: 45 | Z64: =SUMIFS($W$17:$W$635,$T$17:$T$635,"R",$U$17:$U$635,$Y64) -> 0
M65: 21 | N65: 0053 | O65: =IFERROR(VLOOKUP($N65,#REF!,6,FALSE()),"") | P65: =IFERROR(VLOOKUP($N65,#REF!,6,FALSE()),"") | R65: 49 | S65: =#REF! -> #REF! | T65: =IF(S65=0,"",IF(S65="I","R",IF(S65="E","P"))) -> #REF! | U65: =#REF! -> #REF! | V65: =IFERROR(VLOOKUP(#REF!,'Country & Service Codes'!$B$4:$C$269,2,FALSE()),"") | W65: =#REF! -> #REF! | Y65: 46 | Z65: =SUMIFS($W$17:$W$635,$T$17:$T$635,"R",$U$17:$U$635,$Y65) -> 0
M66: 22 | N66: 0054 | O66: =IFERROR(VLOOKUP($N66,#REF!,6,FALSE()),"") | P66: =IFERROR(VLOOKUP($N66,#REF!,6,FALSE()),"") | R66: 50 | S66: =#REF! -> #REF! | T66: =IF(S66=0,"",IF(S66="I","R",IF(S66="E","P"))) -> #REF! | U66: =#REF! -> #REF! | V66: =IFERROR(VLOOKUP(#REF!,'Country & Service Codes'!$B$4:$C$269,2,FALSE()),"") | W66: =#REF! -> #REF! | Y66: 47 | Z66: =SUMIFS($W$17:$W$635,$T$17:$T$635,"R",$U$17:$U$635,$Y66) -> 0
M67: 22 | N67: 0055 | O67: =IFERROR(VLOOKUP($N67,#REF!,6,FALSE()),"") | P67: =IFERROR(VLOOKUP($N67,#REF!,6,FALSE()),"") | R67: 51 | S67: =#REF! -> #REF! | T67: =IF(S67=0,"",IF(S67="I","R",IF(S67="E","P"))) -> #REF! | U67: =#REF! -> #REF! | V67: =IFERROR(VLOOKUP(#REF!,'Country & Service Codes'!$B$4:$C$269,2,FALSE()),"") | W67: =#REF! -> #REF! | Y67: 48 | Z67: =SUMIFS($W$17:$W$635,$T$17:$T$635,"R",$U$17:$U$635,$Y67) -> 0
M68: 22 | N68: 0056 | O68: =IFERROR(VLOOKUP($N68,#REF!,6,FALSE()),"") | P68: =IFERROR(VLOOKUP($N68,#REF!,6,FALSE()),"") | R68: 52 | S68: =#REF! -> #REF! | T68: =IF(S68=0,"",IF(S68="I","R",IF(S68="E","P"))) -> #REF! | U68: =#REF! -> #REF! | V68: =IFERROR(VLOOKUP(#REF!,'Country & Service Codes'!$B$4:$C$269,2,FALSE()),"") | W68: =#REF! -> #REF! | Y68: 49 | Z68: =SUMIFS($W$17:$W$635,$T$17:$T$635,"R",$U$17:$U$635,$Y68) -> 0
M69: 23 | N69: 0057 | O69: =IFERROR(VLOOKUP($N69,#REF!,6,FALSE()),"") | P69: =IFERROR(VLOOKUP($N69,#REF!,6,FALSE()),"") | R69: 53 | S69: =#REF! -> #REF! | T69: =IF(S69=0,"",IF(S69="I","R",IF(S69="E","P"))) -> #REF! | U69: =#REF! -> #REF! | V69: =IFERROR(VLOOKUP(#REF!,'Country & Service Codes'!$B$4:$C$269,2,FALSE()),"") | W69: =#REF! -> #REF! | Y69: 50 | Z69: =SUMIFS($W$17:$W$635,$T$17:$T$635,"R",$U$17:$U$635,$Y69) -> 0
M70: 23 | N70: 0058 | O70: =IFERROR(VLOOKUP($N70,#REF!,6,FALSE()),"") | P70: =IFERROR(VLOOKUP($N70,#REF!,6,FALSE()),"") | R70: 54 | S70: =#REF! -> #REF! | T70: =IF(S70=0,"",IF(S70="I","R",IF(S70="E","P"))) -> #REF! | U70: =#REF! -> #REF! | V70: =IFERROR(VLOOKUP(#REF!,'Country & Service Codes'!$B$4:$C$269,2,FALSE()),"") | W70: =#REF! -> #REF! | Y70: 51 | Z70: =SUMIFS($W$17:$W$635,$T$17:$T$635,"R",$U$17:$U$635,$Y70) -> 0
M71: 24 | N71: 0059 | O71: =IFERROR(VLOOKUP($N71,#REF!,6,FALSE()),"") | P71: =IFERROR(VLOOKUP($N71,#REF!,6,FALSE()),"") | R71: 55 | S71: =#REF! -> #REF! | T71: =IF(S71=0,"",IF(S71="I","R",IF(S71="E","P"))) -> #REF! | U71: =#REF! -> #REF! | V71: =IFERROR(VLOOKUP(#REF!,'Country & Service Codes'!$B$4:$C$269,2,FALSE()),"") | W71: =#REF! -> #REF! | Y71: 52 | Z71: =SUMIFS($W$17:$W$635,$T$17:$T$635,"R",$U$17:$U$635,$Y71) -> 0
M72: 24 | N72: 0060 | O72: =IFERROR(VLOOKUP($N72,#REF!,6,FALSE()),"") | P72: =IFERROR(VLOOKUP($N72,#REF!,6,FALSE()),"") | R72: 56 | S72: =#REF! -> #REF! | T72: =IF(S72=0,"",IF(S72="I","R",IF(S72="E","P"))) -> #REF! | U72: =#REF! -> #REF! | V72: =IFERROR(VLOOKUP(#REF!,'Country & Service Codes'!$B$4:$C$269,2,FALSE()),"") | W72: =#REF! -> #REF! | Y72: Grand Total | Z72: =SUM(Z17:Z71) -> 0
M73: 25 | N73: 0061 | O73: =IFERROR(VLOOKUP($N73,#REF!,6,FALSE()),"") | P73: =IFERROR(VLOOKUP($N73,#REF!,6,FALSE()),"") | R73: 57 | S73: =#REF! -> #REF! | T73: =IF(S73=0,"",IF(S73="I","R",IF(S73="E","P"))) -> #REF! | U73: =#REF! -> #REF! | V73: =IFERROR(VLOOKUP(#REF!,'Country & Service Codes'!$B$4:$C$269,2,FALSE()),"") | W73: =#REF! -> #REF! | Y73: Service Code | Z73: Exp Sub Totals
M74: 25 | N74: 0062 | O74: =IFERROR(VLOOKUP($N74,#REF!,6,FALSE()),"") | P74: =IFERROR(VLOOKUP($N74,#REF!,6,FALSE()),"") | R74: 58 | S74: =#REF! -> #REF! | T74: =IF(S74=0,"",IF(S74="I","R",IF(S74="E","P"))) -> #REF! | U74: =#REF! -> #REF! | V74: =IFERROR(VLOOKUP(#REF!,'Country & Service Codes'!$B$4:$C$269,2,FALSE()),"") | W74: =#REF! -> #REF! | Y74: 01 | Z74: =SUMIFS($W$17:$W$635,$T$17:$T$635,"P",$U$17:$U$635,$Y74) -> 0
M75: 26 | N75: 0063 | O75: =IFERROR(VLOOKUP($N75,#REF!,6,FALSE()),"") | P75: =IFERROR(VLOOKUP($N75,#REF!,6,FALSE()),"") | R75: 59 | S75: =#REF! -> #REF! | T75: =IF(S75=0,"",IF(S75="I","R",IF(S75="E","P"))) -> #REF! | U75: =#REF! -> #REF! | V75: =IFERROR(VLOOKUP(#REF!,'Country & Service Codes'!$B$4:$C$269,2,FALSE()),"") | W75: =#REF! -> #REF! | Y75: 02 | Z75: =SUMIFS($W$17:$W$635,$T$17:$T$635,"P",$U$17:$U$635,$Y75) -> 0
M76: 26 | N76: 0064 | O76: =IFERROR(VLOOKUP($N76,#REF!,6,FALSE()),"") | P76: =IFERROR(VLOOKUP($N76,#REF!,6,FALSE()),"") | R76: 60 | S76: =#REF! -> #REF! | T76: =IF(S76=0,"",IF(S76="I","R",IF(S76="E","P"))) -> #REF! | U76: =#REF! -> #REF! | V76: =IFERROR(VLOOKUP(#REF!,'Country & Service Codes'!$B$4:$C$269,2,FALSE()),"") | W76: =#REF! -> #REF! | Y76: 03 | Z76: =SUMIFS($W$17:$W$635,$T$17:$T$635,"P",$U$17:$U$635,$Y76) -> 0
M77: 27 | N77: 0065 | O77: =IFERROR(VLOOKUP($N77,#REF!,6,FALSE()),"") | P77: =IFERROR(VLOOKUP($N77,#REF!,6,FALSE()),"") | R77: 61 | S77: =#REF! -> #REF! | T77: =IF(S77=0,"",IF(S77="I","R",IF(S77="E","P"))) -> #REF! | U77: =#REF! -> #REF! | V77: =IFERROR(VLOOKUP(#REF!,'Country & Service Codes'!$B$4:$C$269,2,FALSE()),"") | W77: =#REF! -> #REF! | Y77: 04 | Z77: =SUMIFS($W$17:$W$635,$T$17:$T$635,"P",$U$17:$U$635,$Y77) -> 0
M78: 27 | N78: 0066 | O78: =IFERROR(VLOOKUP($N78,#REF!,6,FALSE()),"") | P78: =IFERROR(VLOOKUP($N78,#REF!,6,FALSE()),"") | R78: 62 | S78: =#REF! -> #REF! | T78: =IF(S78=0,"",IF(S78="I","R",IF(S78="E","P"))) -> #REF! | U78: =#REF! -> #REF! | V78: =IFERROR(VLOOKUP(#REF!,'Country & Service Codes'!$B$4:$C$269,2,FALSE()),"") | W78: =#REF! -> #REF! | Y78: 05 | Z78: =SUMIFS($W$17:$W$635,$T$17:$T$635,"P",$U$17:$U$635,$Y78) -> 0
M79: 28 | N79: 0067 | O79: =IFERROR(VLOOKUP($N79,#REF!,6,FALSE()),"") | P79: =IFERROR(VLOOKUP($N79,#REF!,6,FALSE()),"") | R79: 63 | S79: =#REF! -> #REF! | T79: =IF(S79=0,"",IF(S79="I","R",IF(S79="E","P"))) -> #REF! | U79: =#REF! -> #REF! | V79: =IFERROR(VLOOKUP(#REF!,'Country & Service Codes'!$B$4:$C$269,2,FALSE()),"") | W79: =#REF! -> #REF! | Y79: 06 | Z79: =SUMIFS($W$17:$W$635,$T$17:$T$635,"P",$U$17:$U$635,$Y79) -> 0
M80: 28 | N80: 0068 | O80: =IFERROR(VLOOKUP($N80,#REF!,6,FALSE()),"") | P80: =IFERROR(VLOOKUP($N80,#REF!,6,FALSE()),"") | R80: 64 | S80: =#REF! -> #REF! | T80: =IF(S80=0,"",IF(S80="I","R",IF(S80="E","P"))) -> #REF! | U80: =#REF! -> #REF! | V80: =IFERROR(VLOOKUP(#REF!,'Country & Service Codes'!$B$4:$C$269,2,FALSE()),"") | W80: =#REF! -> #REF! | Y80: 07 | Z80: =SUMIFS($W$17:$W$635,$T$17:$T$635,"P",$U$17:$U$635,$Y80) -> 0
M81: 29 | N81: 0069 | O81: =IFERROR(VLOOKUP($N81,#REF!,6,FALSE()),"") | P81: =IFERROR(VLOOKUP($N81,#REF!,6,FALSE()),"") | R81: 65 | S81: =#REF! -> #REF! | T81: =IF(S81=0,"",IF(S81="I","R",IF(S81="E","P"))) -> #REF! | U81: =#REF! -> #REF! | V81: =IFERROR(VLOOKUP(#REF!,'Country & Service Codes'!$B$4:$C$269,2,FALSE()),"") | W81: =#REF! -> #REF! | Y81: 08 | Z81: =SUMIFS($W$17:$W$635,$T$17:$T$635,"P",$U$17:$U$635,$Y81) -> 0
M82: 29 | N82: 0070 | O82: =IFERROR(VLOOKUP($N82,#REF!,6,FALSE()),"") | P82: =IFERROR(VLOOKUP($N82,#REF!,6,FALSE()),"") | R82: 66 | S82: =#REF! -> #REF! | T82: =IF(S82=0,"",IF(S82="I","R",IF(S82="E","P"))) -> #REF! | U82: =#REF! -> #REF! | V82: =IFERROR(VLOOKUP(#REF!,'Country & Service Codes'!$B$4:$C$269,2,FALSE()),"") | W82: =#REF! -> #REF! | Y82: 09 | Z82: =SUMIFS($W$17:$W$635,$T$17:$T$635,"P",$U$17:$U$635,$Y82) -> 0
M83: 30 | N83: 0071 | O83: =IFERROR(VLOOKUP($N83,#REF!,6,FALSE()),"") | P83: =IFERROR(VLOOKUP($N83,#REF!,6,FALSE()),"") | R83: 67 | S83: =#REF! -> #REF! | T83: =IF(S83=0,"",IF(S83="I","R",IF(S83="E","P"))) -> #REF! | U83: =#REF! -> #REF! | V83: =IFERROR(VLOOKUP(#REF!,'Country & Service Codes'!$B$4:$C$269,2,FALSE()),"") | W83: =#REF! -> #REF! | Y83: 10 | Z83: =SUMIFS($W$17:$W$635,$T$17:$T$635,"P",$U$17:$U$635,$Y83) -> 0
M84: 30 | N84: 0072 | O84: =IFERROR(VLOOKUP($N84,#REF!,6,FALSE()),"") | P84: =IFERROR(VLOOKUP($N84,#REF!,6,FALSE()),"") | R84: 68 | S84: =#REF! -> #REF! | T84: =IF(S84=0,"",IF(S84="I","R",IF(S84="E","P"))) -> #REF! | U84: =#REF! -> #REF! | V84: =IFERROR(VLOOKUP(#REF!,'Country & Service Codes'!$B$4:$C$269,2,FALSE()),"") | W84: =#REF! -> #REF! | Y84: 11 | Z84: =SUMIFS($W$17:$W$635,$T$17:$T$635,"P",$U$17:$U$635,$Y84) -> 0
M85: 31 | N85: 0073 | O85: =IFERROR(VLOOKUP($N85,#REF!,6,FALSE()),"") | P85: =IFERROR(VLOOKUP($N85,#REF!,6,FALSE()),"") | R85: 69 | S85: =#REF! -> #REF! | T85: =IF(S85=0,"",IF(S85="I","R",IF(S85="E","P"))) -> #REF! | U85: =#REF! -> #REF! | V85: =IFERROR(VLOOKUP(#REF!,'Country & Service Codes'!$B$4:$C$269,2,FALSE()),"") | W85: =#REF! -> #REF! | Y85: 12 | Z85: =SUMIFS($W$17:$W$635,$T$17:$T$635,"P",$U$17:$U$635,$Y85) -> 0
... M106: 41 | N106: 0094 | O106: =IFERROR(VLOOKUP($N106,#REF!,6,FALSE()),"") | P106: =IFERROR(VLOOKUP($N106,#REF!,6,FALSE()),"") | R106: 90 | S106: =#REF! -> #REF! | T106: =IF(S106=0,"",IF(S106="I","R",IF(S106="E","P"))) -> #REF! | U106: =#REF! -> #REF! | V106: =IFERROR(VLOOKUP(#REF!,'Country & Service Codes'!$B$4:$C$269,2,FALSE()),"") | W106: =#REF! -> #REF! | Y106: 30 | Z106: =SUMIFS($W$17:$W$635,$T$17:$T$635,"P",$U$17:$U$635,$Y106) -> 0
M107: 41 | N107: 0095 | O107: =IFERROR(VLOOKUP($N107,#REF!,6,FALSE()),"") | P107: =IFERROR(VLOOKUP($N107,#REF!,6,FALSE()),"") | R107: 91 | S107: =#REF! -> #REF! | T107: =IF(S107=0,"",IF(S107="I","R",IF(S107="E","P"))) -> #REF! | U107: =#REF! -> #REF! | V107: =IFERROR(VLOOKUP(#REF!,'Country & Service Codes'!$B$4:$C$269,2,FALSE()),"") | W107: =#REF! -> #REF! | Y107: 31 | Z107: =SUMIFS($W$17:$W$635,$T$17:$T$635,"P",$U$17:$U$635,$Y107) -> 0
M108: 41 | N108: 0096 | O108: =IFERROR(VLOOKUP($N108,#REF!,6,FALSE()),"") | P108: =IFERROR(VLOOKUP($N108,#REF!,6,FALSE()),"") | R108: 92 | S108: =#REF! -> #REF! | T108: =IF(S108=0,"",IF(S108="I","R",IF(S108="E","P"))) -> #REF! | U108: =#REF! -> #REF! | V108: =IFERROR(VLOOKUP(#REF!,'Country & Service Codes'!$B$4:$C$269,2,FALSE()),"") | W108: =#REF! -> #REF! | Y108: 32 | Z108: =SUMIFS($W$17:$W$635,$T$17:$T$635,"P",$U$17:$U$635,$Y108) -> 0
M109: 42 | N109: 0097 | O109: =IFERROR(VLOOKUP($N109,#REF!,6,FALSE()),"") | P109: =IFERROR(VLOOKUP($N109,#REF!,6,FALSE()),"") | R109: 93 | S109: =#REF! -> #REF! | T109: =IF(S109=0,"",IF(S109="I","R",IF(S109="E","P"))) -> #REF! | U109: =#REF! -> #REF! | V109: =IFERROR(VLOOKUP(#REF!,'Country & Service Codes'!$B$4:$C$269,2,FALSE()),"") | W109: =#REF! -> #REF! | Y109: 33 | Z109: =SUMIFS($W$17:$W$635,$T$17:$T$635,"P",$U$17:$U$635,$Y109) -> 0
M110: 42 | N110: 0098 | O110: =IFERROR(VLOOKUP($N110,#REF!,6,FALSE()),"") | P110: =IFERROR(VLOOKUP($N110,#REF!,6,FALSE()),"") | R110: 94 | S110: =#REF! -> #REF! | T110: =IF(S110=0,"",IF(S110="I","R",IF(S110="E","P"))) -> #REF! | U110: =#REF! -> #REF! | V110: =IFERROR(VLOOKUP(#REF!,'Country & Service Codes'!$B$4:$C$269,2,FALSE()),"") | W110: =#REF! -> #REF! | Y110: 34 | Z110: =SUMIFS($W$17:$W$635,$T$17:$T$635,"P",$U$17:$U$635,$Y110) -> 0
M111: 43 | N111: 0099 | O111: =IFERROR(VLOOKUP($N111,#REF!,6,FALSE()),"") | P111: =IFERROR(VLOOKUP($N111,#REF!,6,FALSE()),"") | R111: 95 | S111: =#REF! -> #REF! | T111: =IF(S111=0,"",IF(S111="I","R",IF(S111="E","P"))) -> #REF! | U111: =#REF! -> #REF! | V111: =IFERROR(VLOOKUP(#REF!,'Country & Service Codes'!$B$4:$C$269,2,FALSE()),"") | W111: =#REF! -> #REF! | Y111: 35 | Z111: =SUMIFS($W$17:$W$635,$T$17:$T$635,"P",$U$17:$U$635,$Y111) -> 0
M112: 43 | N112: 0100 | O112: =IFERROR(VLOOKUP($N112,#REF!,6,FALSE()),"") | P112: =IFERROR(VLOOKUP($N112,#REF!,6,FALSE()),"") | R112: 96 | S112: =#REF! -> #REF! | T112: =IF(S112=0,"",IF(S112="I","R",IF(S112="E","P"))) -> #REF! | U112: =#REF! -> #REF! | V112: =IFERROR(VLOOKUP(#REF!,'Country & Service Codes'!$B$4:$C$269,2,FALSE()),"") | W112: =#REF! -> #REF! | Y112: 36 | Z112: =SUMIFS($W$17:$W$635,$T$17:$T$635,"P",$U$17:$U$635,$Y112) -> 0
M113: 44 | N113: 0101 | O113: =IFERROR(VLOOKUP($N113,#REF!,6,FALSE()),"") | P113: =IFERROR(VLOOKUP($N113,#REF!,6,FALSE()),"") | R113: 97 | S113: =#REF! -> #REF! | T113: =IF(S113=0,"",IF(S113="I","R",IF(S113="E","P"))) -> #REF! | U113: =#REF! -> #REF! | V113: =IFERROR(VLOOKUP(#REF!,'Country & Service Codes'!$B$4:$C$269,2,FALSE()),"") | W113: =#REF! -> #REF! | Y113: 37 | Z113: =SUMIFS($W$17:$W$635,$T$17:$T$635,"P",$U$17:$U$635,$Y113) -> 0
M114: 44 | N114: 0102 | O114: =IFERROR(VLOOKUP($N114,#REF!,6,FALSE()),"") | P114: =IFERROR(VLOOKUP($N114,#REF!,6,FALSE()),"") | R114: 98 | S114: =#REF! -> #REF! | T114: =IF(S114=0,"",IF(S114="I","R",IF(S114="E","P"))) -> #REF! | U114: =#REF! -> #REF! | V114: =IFERROR(VLOOKUP(#REF!,'Country & Service Codes'!$B$4:$C$269,2,FALSE()),"") | W114: =#REF! -> #REF! | Y114: 38 | Z114: =SUMIFS($W$17:$W$635,$T$17:$T$635,"P",$U$17:$U$635,$Y114) -> 0
M115: 45 | N115: 0103 | O115: =IFERROR(VLOOKUP($N115,#REF!,6,FALSE()),"") | P115: =IFERROR(VLOOKUP($N115,#REF!,6,FALSE()),"") | R115: 99 | S115: =#REF! -> #REF! | T115: =IF(S115=0,"",IF(S115="I","R",IF(S115="E","P"))) -> #REF! | U115: =#REF! -> #REF! | V115: =IFERROR(VLOOKUP(#REF!,'Country & Service Codes'!$B$4:$C$269,2,FALSE()),"") | W115: =#REF! -> #REF! | Y115: 39 | Z115: =SUMIFS($W$17:$W$635,$T$17:$T$635,"P",$U$17:$U$635,$Y115) -> 0
M116: 45 | N116: 0104 | O116: =IFERROR(VLOOKUP($N116,#REF!,6,FALSE()),"") | P116: =IFERROR(VLOOKUP($N116,#REF!,6,FALSE()),"") | R116: 100 | S116: =#REF! -> #REF! | T116: =IF(S116=0,"",IF(S116="I","R",IF(S116="E","P"))) -> #REF! | U116: =#REF! -> #REF! | V116: =IFERROR(VLOOKUP(#REF!,'Country & Service Codes'!$B$4:$C$269,2,FALSE()),"") | W116: =#REF! -> #REF! | Y116: 40 | Z116: =SUMIFS($W$17:$W$635,$T$17:$T$635,"P",$U$17:$U$635,$Y116) -> 0
M117: 46 | N117: 0105 | O117: =IFERROR(VLOOKUP($N117,#REF!,6,FALSE()),"") | P117: =IFERROR(VLOOKUP($N117,#REF!,6,FALSE()),"") | R117: 101 | S117: =#REF! -> #REF! | T117: =IF(S117=0,"",IF(S117="I","R",IF(S117="E","P"))) -> #REF! | U117: =#REF! -> #REF! | V117: =IFERROR(VLOOKUP(#REF!,'Country & Service Codes'!$B$4:$C$269,2,FALSE()),"") | W117: =#REF! -> #REF! | Y117: 41 | Z117: =SUMIFS($W$17:$W$635,$T$17:$T$635,"P",$U$17:$U$635,$Y117) -> 0
M118: 46 | N118: 0106 | O118: =IFERROR(VLOOKUP($N118,#REF!,6,FALSE()),"") | P118: =IFERROR(VLOOKUP($N118,#REF!,6,FALSE()),"") | R118: 102 | S118: =#REF! -> #REF! | T118: =IF(S118=0,"",IF(S118="I","R",IF(S118="E","P"))) -> #REF! | U118: =#REF! -> #REF! | V118: =IFERROR(VLOOKUP(#REF!,'Country & Service Codes'!$B$4:$C$269,2,FALSE()),"") | W118: =#REF! -> #REF! | Y118: 42 | Z118: =SUMIFS($W$17:$W$635,$T$17:$T$635,"P",$U$17:$U$635,$Y118) -> 0
M119: 47 | N119: 0107 | O119: =IFERROR(VLOOKUP($N119,#REF!,6,FALSE()),"") | P119: =IFERROR(VLOOKUP($N119,#REF!,6,FALSE()),"") | R119: 103 | S119: =#REF! -> #REF! | T119: =IF(S119=0,"",IF(S119="I","R",IF(S119="E","P"))) -> #REF! | U119: =#REF! -> #REF! | V119: =IFERROR(VLOOKUP(#REF!,'Country & Service Codes'!$B$4:$C$269,2,FALSE()),"") | W119: =#REF! -> #REF! | Y119: 43 | Z119: =SUMIFS($W$17:$W$635,$T$17:$T$635,"P",$U$17:$U$635,$Y119) -> 0
M120: 47 | N120: 0108 | O120: =IFERROR(VLOOKUP($N120,#REF!,6,FALSE()),"") | P120: =IFERROR(VLOOKUP($N120,#REF!,6,FALSE()),"") | R120: 104 | S120: =#REF! -> #REF! | T120: =IF(S120=0,"",IF(S120="I","R",IF(S120="E","P"))) -> #REF! | U120: =#REF! -> #REF! | V120: =IFERROR(VLOOKUP(#REF!,'Country & Service Codes'!$B$4:$C$269,2,FALSE()),"") | W120: =#REF! -> #REF! | Y120: 44 | Z120: =SUMIFS($W$17:$W$635,$T$17:$T$635,"P",$U$17:$U$635,$Y120) -> 0
... M128: 51 | N128: 0116 | O128: =IFERROR(VLOOKUP($N128,#REF!,6,FALSE()),"") | P128: =IFERROR(VLOOKUP($N128,#REF!,6,FALSE()),"") | R128: 112 | S128: =#REF! -> #REF! | T128: =IF(S128=0,"",IF(S128="I","R",IF(S128="E","P"))) -> #REF! | U128: =#REF! -> #REF! | V128: =IFERROR(VLOOKUP(#REF!,'Country & Service Codes'!$B$4:$C$269,2,FALSE()),"") | W128: =#REF! -> #REF! | Y128: 52 | Z128: =SUMIFS($W$17:$W$635,$T$17:$T$635,"P",$U$17:$U$635,$Y128) -> 0
M129: 51 | N129: 0117 | O129: =IFERROR(VLOOKUP($N129,#REF!,6,FALSE()),"") | P129: =IFERROR(VLOOKUP($N129,#REF!,6,FALSE()),"") | R129: 113 | S129: =#REF! -> #REF! | T129: =IF(S129=0,"",IF(S129="I","R",IF(S129="E","P"))) -> #REF! | U129: =#REF! -> #REF! | V129: =IFERROR(VLOOKUP(#REF!,'Country & Service Codes'!$B$4:$C$269,2,FALSE()),"") | W129: =#REF! -> #REF! | Y129: Grand Total | Z129: =SUM(Z74:Z128) -> 0
M130: 51 | N130: 0118 | O130: =IFERROR(VLOOKUP($N130,#REF!,6,FALSE()),"") | P130: =IFERROR(VLOOKUP($N130,#REF!,6,FALSE()),"") | R130: 114 | S130: =#REF! -> #REF! | T130: =IF(S130=0,"",IF(S130="I","R",IF(S130="E","P"))) -> #REF! | U130: =#REF! -> #REF! | V130: =IFERROR(VLOOKUP(#REF!,'Country & Service Codes'!$B$4:$C$269,2,FALSE()),"") | W130: =#REF! -> #REF!
M131: =VLOOKUP($N131,#REF!,4,FALSE()) -> #VALUE! | N131: 0119 | O131: =IFERROR(VLOOKUP($N131,#REF!,6,FALSE()),"") | P131: =IFERROR(VLOOKUP($N131,#REF!,6,FALSE()),"") | R131: 115 | S131: =#REF! -> #REF! | T131: =IF(S131=0,"",IF(S131="I","R",IF(S131="E","P"))) -> #REF! | U131: =#REF! -> #REF! | V131: =IFERROR(VLOOKUP(#REF!,'Country & Service Codes'!$B$4:$C$269,2,FALSE()),"") | W131: =#REF! -> #REF!
M132: 52 | N132: 0120 | O132: =IFERROR(VLOOKUP($N132,#REF!,6,FALSE()),"") | P132: =IFERROR(VLOOKUP($N132,#REF!,6,FALSE()),"") | R132: 116 | S132: =#REF! -> #REF! | T132: =IF(S132=0,"",IF(S132="I","R",IF(S132="E","P"))) -> #REF! | U132: =#REF! -> #REF! | V132: =IFERROR(VLOOKUP(#REF!,'Country & Service Codes'!$B$4:$C$269,2,FALSE()),"") | W132: =#REF! -> #REF!
M133: 52 | N133: 0121 | O133: =IFERROR(VLOOKUP($N133,#REF!,6,FALSE()),"") | P133: =IFERROR(VLOOKUP($N133,#REF!,6,FALSE()),"") | R133: 117 | S133: =#REF! -> #REF! | T133: =IF(S133=0,"",IF(S133="I","R",IF(S133="E","P"))) -> #REF! | U133: =#REF! -> #REF! | V133: =IFERROR(VLOOKUP(#REF!,'Country & Service Codes'!$B$4:$C$269,2,FALSE()),"") | W133: =#REF! -> #REF!
M134: Y/N | N134: 0122 | O134: =VLOOKUP(N134,#REF!,6,FALSE()) -> #VALUE! | P134: =IFERROR(VLOOKUP($N134,#REF!,6,FALSE()),"") | R134: 118 | S134: =#REF! -> #REF! | T134: =IF(S134=0,"",IF(S134="I","R",IF(S134="E","P"))) -> #REF! | U134: =#REF! -> #REF! | V134: =IFERROR(VLOOKUP(#REF!,'Country & Service Codes'!$B$4:$C$269,2,FALSE()),"") | W134: =#REF! -> #REF!
M135: Comment | N135: 003 | O135: =VLOOKUP($N135,#REF!,5,FALSE()) -> #VALUE! | P135: =IFERROR(VLOOKUP($N135,#REF!,6,FALSE()),"") | R135: 119 | S135: =#REF! -> #REF! | T135: =IF(S135=0,"",IF(S135="I","R",IF(S135="E","P"))) -> #REF! | U135: =#REF! -> #REF! | V135: =IFERROR(VLOOKUP(#REF!,'Country & Service Codes'!$B$4:$C$269,2,FALSE()),"") | W135: =#REF! -> #REF!
M136: Hours | N136: 9060 | O136: =IFERROR(VLOOKUP($N136,#REF!,4,FALSE()),"") | P136: =IFERROR(VLOOKUP($N136,#REF!,6,FALSE()),"") | R136: 120 | S136: =#REF! -> #REF! | T136: =IF(S136=0,"",IF(S136="I","R",IF(S136="E","P"))) -> #REF! | U136: =#REF! -> #REF! | V136: =IFERROR(VLOOKUP(#REF!,'Country & Service Codes'!$B$4:$C$269,2,FALSE()),"") | W136: =#REF! -> #REF!
M137: Mins | N137: 9070 | O137: =IFERROR(VLOOKUP($N137,#REF!,4,FALSE()),"") | P137: =IFERROR(VLOOKUP($N137,#REF!,6,FALSE()),"") | R137: 121 | S137: =#REF! -> #REF! | T137: =IF(S137=0,"",IF(S137="I","R",IF(S137="E","P"))) -> #REF! | U137: =#REF! -> #REF! | V137: =IFERROR(VLOOKUP(#REF!,'Country & Service Codes'!$B$4:$C$269,2,FALSE()),"") | W137: =#REF! -> #REF!
...

Sheet Questionnaire
A1: ='Questionnaire part 1'!A1 -> 058-0013 | B1: Returned value
A2: 0101 | B2: =IF(LEFT(UPPER('Questionnaire part 1'!G18),1)="Y","10",IF(LEFT(UPPER('Questionnaire part 1'!G18),1)="N","01","00")) -> 01
A3: 0102 | B3: =IF(LEFT(UPPER('Questionnaire part 1'!G22),1)="Y","10",IF(LEFT(UPPER('Questionnaire part 1'!G22),1)="N","01","00")) -> 00
A4: 3021 | B4: =IF(LEN('Questionnaire part 1'!F53)>0,"1","0") -> 0
A5: 1211 | B5: =IF(LEN('Questionnaire part 1'!F117)>0,"1","0") -> 0
A6: 1403 | B6: =IF(LEN('Questionnaire part 1'!F129)>0,"1","0") -> 0
A7: 1407 | B7: =IF(LEN('Questionnaire part 1'!F133)>0,"1","0") -> 0
A8: 0003 | B8: =IF(LEN('Questionnaire part 1'!F141)>0,"1","0") -> 1
A9: 0103 | B9: -1
A10: 1001 | B10: =IF(VLOOKUP(A10,Income,6,FALSE())="","",ROUND(VLOOKUP(A10,Income,6,FALSE()),0))
A11: 1003 | B11: =IF(VLOOKUP(A11,Income,6,FALSE())="","",ROUND(VLOOKUP(A11,Income,6,FALSE()),0))
A12: 2001 | B12: =IF(VLOOKUP(A12,Income,6,FALSE())="","",ROUND(VLOOKUP(A12,Income,6,FALSE()),0))
A13: 2003 | B13: =IF(VLOOKUP(A13,Income,6,FALSE())="","",ROUND(VLOOKUP(A13,Income,6,FALSE()),0))
A14: 2005 | B14: =IF(VLOOKUP(A14,Income,6,FALSE())="","",ROUND(VLOOKUP(A14,Income,6,FALSE()),0))
A15: 3001 | B15: =IF(VLOOKUP(A15,Income,6,FALSE())="","",ROUND(VLOOKUP(A15,Income,6,FALSE()),0))
A16: 3003 | B16: =IF(VLOOKUP(A16,Income,6,FALSE())="","",ROUND(VLOOKUP(A16,Income,6,FALSE()),0))
A17: 3005 | B17: =IF(VLOOKUP(A17,Income,6,FALSE())="","",ROUND(VLOOKUP(A17,Income,6,FALSE()),0))
A18: 3007 | B18: =IF(VLOOKUP(A18,Income,6,FALSE())="","",ROUND(VLOOKUP(A18,Income,6,FALSE()),0))
A19: 3009 | B19: =IF(VLOOKUP(A19,Income,6,FALSE())="","",ROUND(VLOOKUP(A19,Income,6,FALSE()),0))
A20: 3011 | B20: =IF(VLOOKUP(A20,Income,6,FALSE())="","",ROUND(VLOOKUP(A20,Income,6,FALSE()),0))
A21: 3013 | B21: =IF(VLOOKUP(A21,Income,6,FALSE())="","",ROUND(VLOOKUP(A21,Income,6,FALSE()),0))
... A49: 1105 | B49: =IF(VLOOKUP(A49,Income,6,FALSE())="","",ROUND(VLOOKUP(A49,Income,6,FALSE()),0))
A50: 1201 | B50: =IF(VLOOKUP(A50,Income,6,FALSE())="","",ROUND(VLOOKUP(A50,Income,6,FALSE()),0))
A51: 1203 | B51: =IF(VLOOKUP(A51,Income,6,FALSE())="","",ROUND(VLOOKUP(A51,Income,6,FALSE()),0))
A52: 1205 | B52: =IF(VLOOKUP(A52,Income,6,FALSE())="","",ROUND(VLOOKUP(A52,Income,6,FALSE()),0))
A53: 1207 | B53: =IF(VLOOKUP(A53,Income,6,FALSE())="","",ROUND(VLOOKUP(A53,Income,6,FALSE()),0))
A54: 1209 | B54: =IF(VLOOKUP(A54,Income,6,FALSE())="","",ROUND(VLOOKUP(A54,Income,6,FALSE()),0))
A55: 1301 | B55: =IF(VLOOKUP(A55,Income,6,FALSE())="","",ROUND(VLOOKUP(A55,Income,6,FALSE()),0))
A56: 1303 | B56: =IF(VLOOKUP(A56,Income,6,FALSE())="","",ROUND(VLOOKUP(A56,Income,6,FALSE()),0))
A57: 1305 | B57: =IF(VLOOKUP(A57,Income,6,FALSE())="","",ROUND(VLOOKUP(A57,Income,6,FALSE()),0))
A58: 1401 | B58: =IF(VLOOKUP(A58,Income,6,FALSE())="","",ROUND(VLOOKUP(A58,Income,6,FALSE()),0))
A59: 1405 | B59: =IF(VLOOKUP(A59,Income,6,FALSE())="","",ROUND(VLOOKUP(A59,Income,6,FALSE()),0))
A60: 1002 | B60: =IF(VLOOKUP(A60,Expenditure,6,FALSE())="","",ROUND(VLOOKUP(A60,Expenditure,6,FALSE()),0))
A61: 1004 | B61: =IF(VLOOKUP(A61,Expenditure,6,FALSE())="","",ROUND(VLOOKUP(A61,Expenditure,6,FALSE()),0))
A62: 2002 | B62: =IF(VLOOKUP(A62,Expenditure,6,FALSE())="","",ROUND(VLOOKUP(A62,Expenditure,6,FALSE()),0))
A63: 2004 | B63: =IF(VLOOKUP(A63,Expenditure,6,FALSE())="","",ROUND(VLOOKUP(A63,Expenditure,6,FALSE()),0))
A64: 2006 | B64: =IF(VLOOKUP(A64,Expenditure,6,FALSE())="","",ROUND(VLOOKUP(A64,Expenditure,6,FALSE()),0))
A65: 3002 | B65: =IF(VLOOKUP(A65,Expenditure,6,FALSE())="","",ROUND(VLOOKUP(A65,Expenditure,6,FALSE()),0))
A66: 3004 | B66: =IF(VLOOKUP(A66,Expenditure,6,FALSE())="","",ROUND(VLOOKUP(A66,Expenditure,6,FALSE()),0))
A67: 3006 | B67: =IF(VLOOKUP(A67,Expenditure,6,FALSE())="","",ROUND(VLOOKUP(A67,Expenditure,6,FALSE()),0))
A68: 3008 | B68: =IF(VLOOKUP(A68,Expenditure,6,FALSE())="","",ROUND(VLOOKUP(A68,Expenditure,6,FALSE()),0))
A69: 3010 | B69: =IF(VLOOKUP(A69,Expenditure,6,FALSE())="","",ROUND(VLOOKUP(A69,Expenditure,6,FALSE()),0))
A70: 3012 | B70: =IF(VLOOKUP(A70,Expenditure,6,FALSE())="","",ROUND(VLOOKUP(A70,Expenditure,6,FALSE()),0))
A71: 3014 | B71: =IF(VLOOKUP(A71,Expenditure,6,FALSE())="","",ROUND(VLOOKUP(A71,Expenditure,6,FALSE()),0))
... A99: 1106 | B99: =IF(VLOOKUP(A99,Expenditure,6,FALSE())="","",ROUND(VLOOKUP(A99,Expenditure,6,FALSE()),0))
A100: 1202 | B100: =IF(VLOOKUP(A100,Expenditure,6,FALSE())="","",ROUND(VLOOKUP(A100,Expenditure,6,FALSE()),0))
A101: 1204 | B101: =IF(VLOOKUP(A101,Expenditure,6,FALSE())="","",ROUND(VLOOKUP(A101,Expenditure,6,FALSE()),0))
A102: 1206 | B102: =IF(VLOOKUP(A102,Expenditure,6,FALSE())="","",ROUND(VLOOKUP(A102,Expenditure,6,FALSE()),0))
A103: 1208 | B103: =IF(VLOOKUP(A103,Expenditure,6,FALSE())="","",ROUND(VLOOKUP(A103,Expenditure,6,FALSE()),0))
A104: 1210 | B104: =IF(VLOOKUP(A104,Expenditure,6,FALSE())="","",ROUND(VLOOKUP(A104,Expenditure,6,FALSE()),0))
A105: 1302 | B105: =IF(VLOOKUP(A105,Expenditure,6,FALSE())="","",ROUND(VLOOKUP(A105,Expenditure,6,FALSE()),0))
A106: 1304 | B106: =IF(VLOOKUP(A106,Expenditure,6,FALSE())="","",ROUND(VLOOKUP(A106,Expenditure,6,FALSE()),0))
A107: 1306 | B107: =IF(VLOOKUP(A107,Expenditure,6,FALSE())="","",ROUND(VLOOKUP(A107,Expenditure,6,FALSE()),0))
A108: 1402 | B108: =IF(VLOOKUP(A108,Expenditure,6,FALSE())="","",ROUND(VLOOKUP(A108,Expenditure,6,FALSE()),0))
A109: 1406 | B109: =IF(VLOOKUP(A109,Expenditure,6,FALSE())="","",ROUND(VLOOKUP(A109,Expenditure,6,FALSE()),0))
A110: 1501 | B110: ='Questionnaire part 2'!E2 -> 0
A111: 1502 | B111: ='Questionnaire part 2'!F2 -> 0
A112: 0202 | B112: =IF(VLOOKUP(C112,'Questionnaire part 2'!$D$254:$I$853,2,FALSE())="","#",UPPER(VLOOKUP(C112,'Questionnaire part 2'!$D$254:$I$853,2,FALSE()))) -> # | C112: 1
A113: 0203 | B113: =IF(ISNA(VLOOKUP(VLOOKUP(C112,'Questionnaire part 2'!$D$254:$I$853,3,FALSE()),'Country & Service Codes'!B:C,2,FALSE())),"#",VLOOKUP(VLOOKUP(C112,'Questionnaire part 2'!$D$254:$I$853,3,FALSE()),'Country & Service Codes'!B:C,2,FALSE())) -> #
A114: 0204 | B114: =IF(VLOOKUP(C112,'Questionnaire part 2'!$D$254:$I$853,5,FALSE())="","#",ROUND(VLOOKUP(C112,'Questionnaire part 2'!$D$254:$I$853,5,FALSE()),0)) -> #
A115: 0205 | B115: =IF(VLOOKUP(C112,'Questionnaire part 2'!$D$254:$I$853,6,FALSE())="","#",ROUND(VLOOKUP(C112,'Questionnaire part 2'!$D$254:$I$853,6,FALSE()),0)) -> #
A116: 0202 | B116: =IF(VLOOKUP(C116,'Questionnaire part 2'!$D$254:$I$853,2,FALSE())="","#",UPPER(VLOOKUP(C116,'Questionnaire part 2'!$D$254:$I$853,2,FALSE()))) -> # | C116: 2
A117: 0203 | B117: =IF(ISNA(VLOOKUP(VLOOKUP(C116,'Questionnaire part 2'!$D$254:$I$853,3,FALSE()),'Country & Service Codes'!B:C,2,FALSE())),"#",VLOOKUP(VLOOKUP(C116,'Questionnaire part 2'!$D$254:$I$853,3,FALSE()),'Country & Service Codes'!B:C,2,FALSE())) -> #
A118: 0204 | B118: =IF(VLOOKUP(C116,'Questionnaire part 2'!$D$254:$I$853,5,FALSE())="","#",ROUND(VLOOKUP(C116,'Questionnaire part 2'!$D$254:$I$853,5,FALSE()),0)) -> #
A119: 0205 | B119: =IF(VLOOKUP(C116,'Questionnaire part 2'!$D$254:$I$853,6,FALSE())="","#",ROUND(VLOOKUP(C116,'Questionnaire part 2'!$D$254:$I$853,6,FALSE()),0)) -> #
A120: 0202 | B120: =IF(VLOOKUP(C120,'Questionnaire part 2'!$D$254:$I$853,2,FALSE())="","#",UPPER(VLOOKUP(C120,'Questionnaire part 2'!$D$254:$I$853,2,FALSE()))) -> # | C120: 3
A121: 0203 | B121: =IF(ISNA(VLOOKUP(VLOOKUP(C120,'Questionnaire part 2'!$D$254:$I$853,3,FALSE()),'Country & Service Codes'!B:C,2,FALSE())),"#",VLOOKUP(VLOOKUP(C120,'Questionnaire part 2'!$D$254:$I$853,3,FALSE()),'Country & Service Codes'!B:C,2,FALSE())) -> #
A122: 0204 | B122: =IF(VLOOKUP(C120,'Questionnaire part 2'!$D$254:$I$853,5,FALSE())="","#",ROUND(VLOOKUP(C120,'Questionnaire part 2'!$D$254:$I$853,5,FALSE()),0)) -> #
A123: 0205 | B123: =IF(VLOOKUP(C120,'Questionnaire part 2'!$D$254:$I$853,6,FALSE())="","#",ROUND(VLOOKUP(C120,'Questionnaire part 2'!$D$254:$I$853,6,FALSE()),0)) -> #
A124: 0202 | B124: =IF(VLOOKUP(C124,'Questionnaire part 2'!$D$254:$I$853,2,FALSE())="","#",UPPER(VLOOKUP(C124,'Questionnaire part 2'!$D$254:$I$853,2,FALSE()))) -> # | C124: 4
A125: 0203 | B125: =IF(ISNA(VLOOKUP(VLOOKUP(C124,'Questionnaire part 2'!$D$254:$I$853,3,FALSE()),'Country & Service Codes'!B:C,2,FALSE())),"#",VLOOKUP(VLOOKUP(C124,'Questionnaire part 2'!$D$254:$I$853,3,FALSE()),'Country & Service Codes'!B:C,2,FALSE())) -> #
A126: 0204 | B126: =IF(VLOOKUP(C124,'Questionnaire part 2'!$D$254:$I$853,5,FALSE())="","#",ROUND(VLOOKUP(C124,'Questionnaire part 2'!$D$254:$I$853,5,FALSE()),0)) -> #
A127: 0205 | B127: =IF(VLOOKUP(C124,'Questionnaire part 2'!$D$254:$I$853,6,FALSE())="","#",ROUND(VLOOKUP(C124,'Questionnaire part 2'!$D$254:$I$853,6,FALSE()),0)) -> #
A128: 0202 | B128: =IF(VLOOKUP(C128,'Questionnaire part 2'!$D$254:$I$853,2,FALSE())="","#",UPPER(VLOOKUP(C128,'Questionnaire part 2'!$D$254:$I$853,2,FALSE()))) -> # | C128: 5
A129: 0203 | B129: =IF(ISNA(VLOOKUP(VLOOKUP(C128,'Questionnaire part 2'!$D$254:$I$853,3,FALSE()),'Country & Service Codes'!B:C,2,FALSE())),"#",VLOOKUP(VLOOKUP(C128,'Questionnaire part 2'!$D$254:$I$853,3,FALSE()),'Country & Service Codes'!B:C,2,FALSE())) -> #
A130: 0204 | B130: =IF(VLOOKUP(C128,'Questionnaire part 2'!$D$254:$I$853,5,FALSE())="","#",ROUND(VLOOKUP(C128,'Questionnaire part 2'!$D$254:$I$853,5,FALSE()),0)) -> #
A131: 0205 | B131: =IF(VLOOKUP(C128,'Questionnaire part 2'!$D$254:$I$853,6,FALSE())="","#",ROUND(VLOOKUP(C128,'Questionnaire part 2'!$D$254:$I$853,6,FALSE()),0)) -> #
A132: 0202 | B132: =IF(VLOOKUP(C132,'Questionnaire part 2'!$D$254:$I$853,2,FALSE())="","#",UPPER(VLOOKUP(C132,'Questionnaire part 2'!$D$254:$I$853,2,FALSE()))) -> # | C132: 6
A133: 0203 | B133: =IF(ISNA(VLOOKUP(VLOOKUP(C132,'Questionnaire part 2'!$D$254:$I$853,3,FALSE()),'Country & Service Codes'!B:C,2,FALSE())),"#",VLOOKUP(VLOOKUP(C132,'Questionnaire part 2'!$D$254:$I$853,3,FALSE()),'Country & Service Codes'!B:C,2,FALSE())) -> #
A134: 0204 | B134: =IF(VLOOKUP(C132,'Questionnaire part 2'!$D$254:$I$853,5,FALSE())="","#",ROUND(VLOOKUP(C132,'Questionnaire part 2'!$D$254:$I$853,5,FALSE()),0)) -> #
A135: 0205 | B135: =IF(VLOOKUP(C132,'Questionnaire part 2'!$D$254:$I$853,6,FALSE())="","#",ROUND(VLOOKUP(C132,'Questionnaire part 2'!$D$254:$I$853,6,FALSE()),0)) -> #
A136: 0202 | B136: =IF(VLOOKUP(C136,'Questionnaire part 2'!$D$254:$I$853,2,FALSE())="","#",UPPER(VLOOKUP(C136,'Questionnaire part 2'!$D$254:$I$853,2,FALSE()))) -> # | C136: 7
A137: 0203 | B137: =IF(ISNA(VLOOKUP(VLOOKUP(C136,'Questionnaire part 2'!$D$254:$I$853,3,FALSE()),'Country & Service Codes'!B:C,2,FALSE())),"#",VLOOKUP(VLOOKUP(C136,'Questionnaire part 2'!$D$254:$I$853,3,FALSE()),'Country & Service Codes'!B:C,2,FALSE())) -> #
A138: 0204 | B138: =IF(VLOOKUP(C136,'Questionnaire part 2'!$D$254:$I$853,5,FALSE())="","#",ROUND(VLOOKUP(C136,'Questionnaire part 2'!$D$254:$I$853,5,FALSE()),0)) -> #
A139: 0205 | B139: =IF(VLOOKUP(C136,'Questionnaire part 2'!$D$254:$I$853,6,FALSE())="","#",ROUND(VLOOKUP(C136,'Questionnaire part 2'!$D$254:$I$853,6,FALSE()),0)) -> #
A140: 0202 | B140: =IF(VLOOKUP(C140,'Questionnaire part 2'!$D$254:$I$853,2,FALSE())="","#",UPPER(VLOOKUP(C140,'Questionnaire part 2'!$D$254:$I$853,2,FALSE()))) -> # | C140: 8
A141: 0203 | B141: =IF(ISNA(VLOOKUP(VLOOKUP(C140,'Questionnaire part 2'!$D$254:$I$853,3,FALSE()),'Country & Service Codes'!B:C,2,FALSE())),"#",VLOOKUP(VLOOKUP(C140,'Questionnaire part 2'!$D$254:$I$853,3,FALSE()),'Country & Service Codes'!B:C,2,FALSE())) -> #
A142: 0204 | B142: =IF(VLOOKUP(C140,'Questionnaire part 2'!$D$254:$I$853,5,FALSE())="","#",ROUND(VLOOKUP(C140,'Questionnaire part 2'!$D$254:$I$853,5,FALSE()),0)) -> #
A143: 0205 | B143: =IF(VLOOKUP(C140,'Questionnaire part 2'!$D$254:$I$853,6,FALSE())="","#",ROUND(VLOOKUP(C140,'Questionnaire part 2'!$D$254:$I$853,6,FALSE()),0)) -> #
A144: 0202 | B144: =IF(VLOOKUP(C144,'Questionnaire part 2'!$D$254:$I$853,2,FALSE())="","#",UPPER(VLOOKUP(C144,'Questionnaire part 2'!$D$254:$I$853,2,FALSE()))) -> # | C144: 9
A145: 0203 | B145: =IF(ISNA(VLOOKUP(VLOOKUP(C144,'Questionnaire part 2'!$D$254:$I$853,3,FALSE()),'Country & Service Codes'!B:C,2,FALSE())),"#",VLOOKUP(VLOOKUP(C144,'Questionnaire part 2'!$D$254:$I$853,3,FALSE()),'Country & Service Codes'!B:C,2,FALSE())) -> #
A146: 0204 | B146: =IF(VLOOKUP(C144,'Questionnaire part 2'!$D$254:$I$853,5,FALSE())="","#",ROUND(VLOOKUP(C144,'Questionnaire part 2'!$D$254:$I$853,5,FALSE()),0)) -> #
A147: 0205 | B147: =IF(VLOOKUP(C144,'Questionnaire part 2'!$D$254:$I$853,6,FALSE())="","#",ROUND(VLOOKUP(C144,'Questionnaire part 2'!$D$254:$I$853,6,FALSE()),0)) -> #
A148: 0202 | B148: =IF(VLOOKUP(C148,'Questionnaire part 2'!$D$254:$I$853,2,FALSE())="","#",UPPER(VLOOKUP(C148,'Questionnaire part 2'!$D$254:$I$853,2,FALSE()))) -> # | C148: 10
A149: 0203 | B149: =IF(ISNA(VLOOKUP(VLOOKUP(C148,'Questionnaire part 2'!$D$254:$I$853,3,FALSE()),'Country & Service Codes'!B:C,2,FALSE())),"#",VLOOKUP(VLOOKUP(C148,'Questionnaire part 2'!$D$254:$I$853,3,FALSE()),'Country & Service Codes'!B:C,2,FALSE())) -> #
A150: 0204 | B150: =IF(VLOOKUP(C148,'Questionnaire part 2'!$D$254:$I$853,5,FALSE())="","#",ROUND(VLOOKUP(C148,'Questionnaire part 2'!$D$254:$I$853,5,FALSE()),0)) -> #
A151: 0205 | B151: =IF(VLOOKUP(C148,'Questionnaire part 2'!$D$254:$I$853,6,FALSE())="","#",ROUND(VLOOKUP(C148,'Questionnaire part 2'!$D$254:$I$853,6,FALSE()),0)) -> #
A152: 0202 | B152: =IF(VLOOKUP(C152,'Questionnaire part 2'!$D$254:$I$853,2,FALSE())="","#",UPPER(VLOOKUP(C152,'Questionnaire part 2'!$D$254:$I$853,2,FALSE()))) -> # | C152: 11
A153: 0203 | B153: =IF(ISNA(VLOOKUP(VLOOKUP(C152,'Questionnaire part 2'!$D$254:$I$853,3,FALSE()),'Country & Service Codes'!B:C,2,FALSE())),"#",VLOOKUP(VLOOKUP(C152,'Questionnaire part 2'!$D$254:$I$853,3,FALSE()),'Country & Service Codes'!B:C,2,FALSE())) -> #
A154: 0204 | B154: =IF(VLOOKUP(C152,'Questionnaire part 2'!$D$254:$I$853,5,FALSE())="","#",ROUND(VLOOKUP(C152,'Questionnaire part 2'!$D$254:$I$853,5,FALSE()),0)) -> #
...

Sheet Inquiries
B2: CORA Instance | C2: Service Code (202) | D2: Country Code (203) | E2: Amount(204) | F2: Amount(205) | H2: Service Code | I2: Inc Sub Totals
B3: 1 | C3: =IF('Questionnaire part 2'!E252="",":",'Questionnaire part 2'!E252) -> : | D3: =IF('Questionnaire part 2'!F252="",":",'Questionnaire part 2'!F252) -> ZAMBIA | E3: =IF('Questionnaire part 2'!G252="",":",'Questionnaire part 2'!G252) -> : | F3: =IF('Questionnaire part 2'!H252="",":",'Questionnaire part 2'!H252) -> : | H3: 01 | I3: =SUMIF($C$3:$C$621,H3,$E$3:$E$621) -> 0
B4: 2 | C4: =IF('questionnaire part 2'!#ref!="",":",'questionnaire part 2'!#ref!) -> #VALUE! | D4: =IF('questionnaire part 2'!#ref!="",":",'questionnaire part 2'!#ref!) -> #VALUE! | E4: =IF('questionnaire part 2'!#ref!="",":",'questionnaire part 2'!#ref!) -> #VALUE! | F4: =IF('questionnaire part 2'!#ref!="",":",'questionnaire part 2'!#ref!) -> #VALUE! | H4: 02 | I4: =SUMIF($C$3:$C$621,H4,$E$3:$E$621) -> 0
B5: 3 | C5: =IF('questionnaire part 2'!#ref!="",":",'questionnaire part 2'!#ref!) -> #VALUE! | D5: =IF('questionnaire part 2'!#ref!="",":",'questionnaire part 2'!#ref!) -> #VALUE! | E5: =IF('questionnaire part 2'!#ref!="",":",'questionnaire part 2'!#ref!) -> #VALUE! | F5: =IF('questionnaire part 2'!#ref!="",":",'questionnaire part 2'!#ref!) -> #VALUE! | H5: 03 | I5: =SUMIF($C$3:$C$621,H5,$E$3:$E$621) -> 0
B6: 4 | C6: =IF('questionnaire part 2'!#ref!="",":",'questionnaire part 2'!#ref!) -> #VALUE! | D6: =IF('questionnaire part 2'!#ref!="",":",'questionnaire part 2'!#ref!) -> #VALUE! | E6: =IF('questionnaire part 2'!#ref!="",":",'questionnaire part 2'!#ref!) -> #VALUE! | F6: =IF('questionnaire part 2'!#ref!="",":",'questionnaire part 2'!#ref!) -> #VALUE! | H6: 04 | I6: =SUMIF($C$3:$C$621,H6,$E$3:$E$621) -> 0
B7: 5 | C7: =IF('questionnaire part 2'!#ref!="",":",'questionnaire part 2'!#ref!) -> #VALUE! | D7: =IF('questionnaire part 2'!#ref!="",":",'questionnaire part 2'!#ref!) -> #VALUE! | E7: =IF('questionnaire part 2'!#ref!="",":",'questionnaire part 2'!#ref!) -> #VALUE! | F7: =IF('questionnaire part 2'!#ref!="",":",'questionnaire part 2'!#ref!) -> #VALUE! | H7: 05 | I7: =SUMIF($C$3:$C$621,H7,$E$3:$E$621) -> 0
B8: 6 | C8: =IF('questionnaire part 2'!#ref!="",":",'questionnaire part 2'!#ref!) -> #VALUE! | D8: =IF('questionnaire part 2'!#ref!="",":",'questionnaire part 2'!#ref!) -> #VALUE! | E8: =IF('questionnaire part 2'!#ref!="",":",'questionnaire part 2'!#ref!) -> #VALUE! | F8: =IF('questionnaire part 2'!#ref!="",":",'questionnaire part 2'!#ref!) -> #VALUE! | H8: 06 | I8: =SUMIF($C$3:$C$621,H8,$E$3:$E$621) -> 0
B9: 7 | C9: =IF('questionnaire part 2'!#ref!="",":",'questionnaire part 2'!#ref!) -> #VALUE! | D9: =IF('questionnaire part 2'!#ref!="",":",'questionnaire part 2'!#ref!) -> #VALUE! | E9: =IF('questionnaire part 2'!#ref!="",":",'questionnaire part 2'!#ref!) -> #VALUE! | F9: =IF('questionnaire part 2'!#ref!="",":",'questionnaire part 2'!#ref!) -> #VALUE! | H9: 07 | I9: =SUMIF($C$3:$C$621,H9,$E$3:$E$621) -> 0
B10: 8 | C10: =IF('questionnaire part 2'!#ref!="",":",'questionnaire part 2'!#ref!) -> #VALUE! | D10: =IF('questionnaire part 2'!#ref!="",":",'questionnaire part 2'!#ref!) -> #VALUE! | E10: =IF('questionnaire part 2'!#ref!="",":",'questionnaire part 2'!#ref!) -> #VALUE! | F10: =IF('questionnaire part 2'!#ref!="",":",'questionnaire part 2'!#ref!) -> #VALUE! | H10: 08 | I10: =SUMIF($C$3:$C$621,H10,$E$3:$E$621) -> 0
B11: 9 | C11: =IF('questionnaire part 2'!#ref!="",":",'questionnaire part 2'!#ref!) -> #VALUE! | D11: =IF('questionnaire part 2'!#ref!="",":",'questionnaire part 2'!#ref!) -> #VALUE! | E11: =IF('questionnaire part 2'!#ref!="",":",'questionnaire part 2'!#ref!) -> #VALUE! | F11: =IF('questionnaire part 2'!#ref!="",":",'questionnaire part 2'!#ref!) -> #VALUE! | H11: 09 | I11: =SUMIF($C$3:$C$621,H11,$E$3:$E$621) -> 0
B12: 10 | C12: =IF('questionnaire part 2'!#ref!="",":",'questionnaire part 2'!#ref!) -> #VALUE! | D12: =IF('questionnaire part 2'!#ref!="",":",'questionnaire part 2'!#ref!) -> #VALUE! | E12: =IF('questionnaire part 2'!#ref!="",":",'questionnaire part 2'!#ref!) -> #VALUE! | F12: =IF('questionnaire part 2'!#ref!="",":",'questionnaire part 2'!#ref!) -> #VALUE! | H12: 10 | I12: =SUMIF($C$3:$C$621,H12,$E$3:$E$621) -> 0
B13: 11 | C13: =IF('questionnaire part 2'!#ref!="",":",'questionnaire part 2'!#ref!) -> #VALUE! | D13: =IF('questionnaire part 2'!#ref!="",":",'questionnaire part 2'!#ref!) -> #VALUE! | E13: =IF('questionnaire part 2'!#ref!="",":",'questionnaire part 2'!#ref!) -> #VALUE! | F13: =IF('questionnaire part 2'!#ref!="",":",'questionnaire part 2'!#ref!) -> #VALUE! | H13: 11 | I13: =SUMIF($C$3:$C$621,H13,$E$3:$E$621) -> 0
B14: 12 | C14: =IF('questionnaire part 2'!#ref!="",":",'questionnaire part 2'!#ref!) -> #VALUE! | D14: =IF('questionnaire part 2'!#ref!="",":",'questionnaire part 2'!#ref!) -> #VALUE! | E14: =IF('questionnaire part 2'!#ref!="",":",'questionnaire part 2'!#ref!) -> #VALUE! | F14: =IF('questionnaire part 2'!#ref!="",":",'questionnaire part 2'!#ref!) -> #VALUE! | H14: 12 | I14: =SUMIF($C$3:$C$621,H14,$E$3:$E$621) -> 0
B15: 13 | C15: =IF('questionnaire part 2'!#ref!="",":",'questionnaire part 2'!#ref!) -> #VALUE! | D15: =IF('questionnaire part 2'!#ref!="",":",'questionnaire part 2'!#ref!) -> #VALUE! | E15: =IF('questionnaire part 2'!#ref!="",":",'questionnaire part 2'!#ref!) -> #VALUE! | F15: =IF('questionnaire part 2'!#ref!="",":",'questionnaire part 2'!#ref!) -> #VALUE! | H15: 13 | I15: =SUMIF($C$3:$C$621,H15,$E$3:$E$621) -> 0
... B57: 55 | C57: =IF('questionnaire part 2'!#ref!="",":",'questionnaire part 2'!#ref!) -> #VALUE! | D57: =IF('questionnaire part 2'!#ref!="",":",'questionnaire part 2'!#ref!) -> #VALUE! | E57: =IF('questionnaire part 2'!#ref!="",":",'questionnaire part 2'!#ref!) -> #VALUE! | F57: =IF('questionnaire part 2'!#ref!="",":",'questionnaire part 2'!#ref!) -> #VALUE! | H57: 52 | I57: =SUMIF($C$3:$C$621,H57,$E$3:$E$621) -> 0
B58: 56 | C58: =IF('questionnaire part 2'!#ref!="",":",'questionnaire part 2'!#ref!) -> #VALUE! | D58: =IF('questionnaire part 2'!#ref!="",":",'questionnaire part 2'!#ref!) -> #VALUE! | E58: =IF('questionnaire part 2'!#ref!="",":",'questionnaire part 2'!#ref!) -> #VALUE! | F58: =IF('questionnaire part 2'!#ref!="",":",'questionnaire part 2'!#ref!) -> #VALUE! | H58: Grand Total | I58: =SUM(I3:I57) -> 0
B59: 57 | C59: =IF('questionnaire part 2'!#ref!="",":",'questionnaire part 2'!#ref!) -> #VALUE! | D59: =IF('questionnaire part 2'!#ref!="",":",'questionnaire part 2'!#ref!) -> #VALUE! | E59: =IF('questionnaire part 2'!#ref!="",":",'questionnaire part 2'!#ref!) -> #VALUE! | F59: =IF('questionnaire part 2'!#ref!="",":",'questionnaire part 2'!#ref!) -> #VALUE! | H59: Service Code | I59: Exp Sub Totals
B60: 58 | C60: =IF('questionnaire part 2'!#ref!="",":",'questionnaire part 2'!#ref!) -> #VALUE! | D60: =IF('questionnaire part 2'!#ref!="",":",'questionnaire part 2'!#ref!) -> #VALUE! | E60: =IF('questionnaire part 2'!#ref!="",":",'questionnaire part 2'!#ref!) -> #VALUE! | F60: =IF('questionnaire part 2'!#ref!="",":",'questionnaire part 2'!#ref!) -> #VALUE! | H60: 01 | I60: =SUMIF($C$3:$C$621,H60,$F$3:$F$621) -> 0
B61: 59 | C61: =IF('questionnaire part 2'!#ref!="",":",'questionnaire part 2'!#ref!) -> #VALUE! | D61: =IF('questionnaire part 2'!#ref!="",":",'questionnaire part 2'!#ref!) -> #VALUE! | E61: =IF('questionnaire part 2'!#ref!="",":",'questionnaire part 2'!#ref!) -> #VALUE! | F61: =IF('questionnaire part 2'!#ref!="",":",'questionnaire part 2'!#ref!) -> #VALUE! | H61: 02 | I61: =SUMIF($C$3:$C$621,H61,$F$3:$F$621) -> 0
B62: 60 | C62: =IF('questionnaire part 2'!#ref!="",":",'questionnaire part 2'!#ref!) -> #VALUE! | D62: =IF('questionnaire part 2'!#ref!="",":",'questionnaire part 2'!#ref!) -> #VALUE! | E62: =IF('questionnaire part 2'!#ref!="",":",'questionnaire part 2'!#ref!) -> #VALUE! | F62: =IF('questionnaire part 2'!#ref!="",":",'questionnaire part 2'!#ref!) -> #VALUE! | H62: 03 | I62: =SUMIF($C$3:$C$621,H62,$F$3:$F$621) -> 0
B63: 61 | C63: =IF('questionnaire part 2'!#ref!="",":",'questionnaire part 2'!#ref!) -> #VALUE! | D63: =IF('questionnaire part 2'!#ref!="",":",'questionnaire part 2'!#ref!) -> #VALUE! | E63: =IF('questionnaire part 2'!#ref!="",":",'questionnaire part 2'!#ref!) -> #VALUE! | F63: =IF('questionnaire part 2'!#ref!="",":",'questionnaire part 2'!#ref!) -> #VALUE! | H63: 04 | I63: =SUMIF($C$3:$C$621,H63,$F$3:$F$621) -> 0
B64: 62 | C64: =IF('questionnaire part 2'!#ref!="",":",'questionnaire part 2'!#ref!) -> #VALUE! | D64: =IF('questionnaire part 2'!#ref!="",":",'questionnaire part 2'!#ref!) -> #VALUE! | E64: =IF('questionnaire part 2'!#ref!="",":",'questionnaire part 2'!#ref!) -> #VALUE! | F64: =IF('questionnaire part 2'!#ref!="",":",'questionnaire part 2'!#ref!) -> #VALUE! | H64: 05 | I64: =SUMIF($C$3:$C$621,H64,$F$3:$F$621) -> 0
B65: 63 | C65: =IF('questionnaire part 2'!#ref!="",":",'questionnaire part 2'!#ref!) -> #VALUE! | D65: =IF('questionnaire part 2'!#ref!="",":",'questionnaire part 2'!#ref!) -> #VALUE! | E65: =IF('questionnaire part 2'!#ref!="",":",'questionnaire part 2'!#ref!) -> #VALUE! | F65: =IF('questionnaire part 2'!#ref!="",":",'questionnaire part 2'!#ref!) -> #VALUE! | H65: 06 | I65: =SUMIF($C$3:$C$621,H65,$F$3:$F$621) -> 0
B66: 64 | C66: =IF('questionnaire part 2'!#ref!="",":",'questionnaire part 2'!#ref!) -> #VALUE! | D66: =IF('questionnaire part 2'!#ref!="",":",'questionnaire part 2'!#ref!) -> #VALUE! | E66: =IF('questionnaire part 2'!#ref!="",":",'questionnaire part 2'!#ref!) -> #VALUE! | F66: =IF('questionnaire part 2'!#ref!="",":",'questionnaire part 2'!#ref!) -> #VALUE! | H66: 07 | I66: =SUMIF($C$3:$C$621,H66,$F$3:$F$621) -> 0
B67: 65 | C67: =IF('questionnaire part 2'!#ref!="",":",'questionnaire part 2'!#ref!) -> #VALUE! | D67: =IF('questionnaire part 2'!#ref!="",":",'questionnaire part 2'!#ref!) -> #VALUE! | E67: =IF('questionnaire part 2'!#ref!="",":",'questionnaire part 2'!#ref!) -> #VALUE! | F67: =IF('questionnaire part 2'!#ref!="",":",'questionnaire part 2'!#ref!) -> #VALUE! | H67: 08 | I67: =SUMIF($C$3:$C$621,H67,$F$3:$F$621) -> 0
B68: 66 | C68: =IF('questionnaire part 2'!#ref!="",":",'questionnaire part 2'!#ref!) -> #VALUE! | D68: =IF('questionnaire part 2'!#ref!="",":",'questionnaire part 2'!#ref!) -> #VALUE! | E68: =IF('questionnaire part 2'!#ref!="",":",'questionnaire part 2'!#ref!) -> #VALUE! | F68: =IF('questionnaire part 2'!#ref!="",":",'questionnaire part 2'!#ref!) -> #VALUE! | H68: 09 | I68: =SUMIF($C$3:$C$621,H68,$F$3:$F$621) -> 0
B69: 67 | C69: =IF('questionnaire part 2'!#ref!="",":",'questionnaire part 2'!#ref!) -> #VALUE! | D69: =IF('questionnaire part 2'!#ref!="",":",'questionnaire part 2'!#ref!) -> #VALUE! | E69: =IF('questionnaire part 2'!#ref!="",":",'questionnaire part 2'!#ref!) -> #VALUE! | F69: =IF('questionnaire part 2'!#ref!="",":",'questionnaire part 2'!#ref!) -> #VALUE! | H69: 10 | I69: =SUMIF($C$3:$C$621,H69,$F$3:$F$621) -> 0
B70: 68 | C70: =IF('questionnaire part 2'!#ref!="",":",'questionnaire part 2'!#ref!) -> #VALUE! | D70: =IF('questionnaire part 2'!#ref!="",":",'questionnaire part 2'!#ref!) -> #VALUE! | E70: =IF('questionnaire part 2'!#ref!="",":",'questionnaire part 2'!#ref!) -> #VALUE! | F70: =IF('questionnaire part 2'!#ref!="",":",'questionnaire part 2'!#ref!) -> #VALUE! | H70: 11 | I70: =SUMIF($C$3:$C$621,H70,$F$3:$F$621) -> 0
B71: 69 | C71: =IF('questionnaire part 2'!#ref!="",":",'questionnaire part 2'!#ref!) -> #VALUE! | D71: =IF('questionnaire part 2'!#ref!="",":",'questionnaire part 2'!#ref!) -> #VALUE! | E71: =IF('questionnaire part 2'!#ref!="",":",'questionnaire part 2'!#ref!) -> #VALUE! | F71: =IF('questionnaire part 2'!#ref!="",":",'questionnaire part 2'!#ref!) -> #VALUE! | H71: 12 | I71: =SUMIF($C$3:$C$621,H71,$F$3:$F$621) -> 0
... B114: 112 | C114: =IF('questionnaire part 2'!#ref!="",":",'questionnaire part 2'!#ref!) -> #VALUE! | D114: =IF('questionnaire part 2'!#ref!="",":",'questionnaire part 2'!#ref!) -> #VALUE! | E114: =IF('questionnaire part 2'!#ref!="",":",'questionnaire part 2'!#ref!) -> #VALUE! | F114: =IF('questionnaire part 2'!#ref!="",":",'questionnaire part 2'!#ref!) -> #VALUE! | H114: 52 | I114: =SUMIF($C$3:$C$621,H114,$F$3:$F$621) -> 0
B115: 113 | C115: =IF('questionnaire part 2'!#ref!="",":",'questionnaire part 2'!#ref!) -> #VALUE! | D115: =IF('questionnaire part 2'!#ref!="",":",'questionnaire part 2'!#ref!) -> #VALUE! | E115: =IF('questionnaire part 2'!#ref!="",":",'questionnaire part 2'!#ref!) -> #VALUE! | F115: =IF('questionnaire part 2'!#ref!="",":",'questionnaire part 2'!#ref!) -> #VALUE! | H115: Grand Total | I115: =SUM(I60:I114) -> 0
B116: 114 | C116: =IF('questionnaire part 2'!#ref!="",":",'questionnaire part 2'!#ref!) -> #VALUE! | D116: =IF('questionnaire part 2'!#ref!="",":",'questionnaire part 2'!#ref!) -> #VALUE! | E116: =IF('questionnaire part 2'!#ref!="",":",'questionnaire part 2'!#ref!) -> #VALUE! | F116: =IF('questionnaire part 2'!#ref!="",":",'questionnaire part 2'!#ref!) -> #VALUE!
B117: 115 | C117: =IF('questionnaire part 2'!#ref!="",":",'questionnaire part 2'!#ref!) -> #VALUE! | D117: =IF('questionnaire part 2'!#ref!="",":",'questionnaire part 2'!#ref!) -> #VALUE! | E117: =IF('questionnaire part 2'!#ref!="",":",'questionnaire part 2'!#ref!) -> #VALUE! | F117: =IF('questionnaire part 2'!#ref!="",":",'questionnaire part 2'!#ref!) -> #VALUE!
B118: 116 | C118: =IF('questionnaire part 2'!#ref!="",":",'questionnaire part 2'!#ref!) -> #VALUE! | D118: =IF('questionnaire part 2'!#ref!="",":",'questionnaire part 2'!#ref!) -> #VALUE! | E118: =IF('questionnaire part 2'!#ref!="",":",'questionnaire part 2'!#ref!) -> #VALUE! | F118: =IF('questionnaire part 2'!#ref!="",":",'questionnaire part 2'!#ref!) -> #VALUE!
B119: 117 | C119: =IF('questionnaire part 2'!#ref!="",":",'questionnaire part 2'!#ref!) -> #VALUE! | D119: =IF('questionnaire part 2'!#ref!="",":",'questionnaire part 2'!#ref!) -> #VALUE! | E119: =IF('questionnaire part 2'!#ref!="",":",'questionnaire part 2'!#ref!) -> #VALUE! | F119: =IF('questionnaire part 2'!#ref!="",":",'questionnaire part 2'!#ref!) -> #VALUE!
B120: 118 | C120: =IF('questionnaire part 2'!#ref!="",":",'questionnaire part 2'!#ref!) -> #VALUE! | D120: =IF('questionnaire part 2'!#ref!="",":",'questionnaire part 2'!#ref!) -> #VALUE! | E120: =IF('questionnaire part 2'!#ref!="",":",'questionnaire part 2'!#ref!) -> #VALUE! | F120: =IF('questionnaire part 2'!#ref!="",":",'questionnaire part 2'!#ref!) -> #VALUE!
B121: 119 | C121: =IF('questionnaire part 2'!#ref!="",":",'questionnaire part 2'!#ref!) -> #VALUE! | D121: =IF('questionnaire part 2'!#ref!="",":",'questionnaire part 2'!#ref!) -> #VALUE! | E121: =IF('questionnaire part 2'!#ref!="",":",'questionnaire part 2'!#ref!) -> #VALUE! | F121: =IF('questionnaire part 2'!#ref!="",":",'questionnaire part 2'!#ref!) -> #VALUE!
B122: 120 | C122: =IF('questionnaire part 2'!#ref!="",":",'questionnaire part 2'!#ref!) -> #VALUE! | D122: =IF('questionnaire part 2'!#ref!="",":",'questionnaire part 2'!#ref!) -> #VALUE! | E122: =IF('questionnaire part 2'!#ref!="",":",'questionnaire part 2'!#ref!) -> #VALUE! | F122: =IF('questionnaire part 2'!#ref!="",":",'questionnaire part 2'!#ref!) -> #VALUE!
B123: 121 | C123: =IF('questionnaire part 2'!#ref!="",":",'questionnaire part 2'!#ref!) -> #VALUE! | D123: =IF('questionnaire part 2'!#ref!="",":",'questionnaire part 2'!#ref!) -> #VALUE! | E123: =IF('questionnaire part 2'!#ref!="",":",'questionnaire part 2'!#ref!) -> #VALUE! | F123: =IF('questionnaire part 2'!#ref!="",":",'questionnaire part 2'!#ref!) -> #VALUE!
B124: 122 | C124: =IF('questionnaire part 2'!#ref!="",":",'questionnaire part 2'!#ref!) -> #VALUE! | D124: =IF('questionnaire part 2'!#ref!="",":",'questionnaire part 2'!#ref!) -> #VALUE! | E124: =IF('questionnaire part 2'!#ref!="",":",'questionnaire part 2'!#ref!) -> #VALUE! | F124: =IF('questionnaire part 2'!#ref!="",":",'questionnaire part 2'!#ref!) -> #VALUE!
B125: 123 | C125: =IF('questionnaire part 2'!#ref!="",":",'questionnaire part 2'!#ref!) -> #VALUE! | D125: =IF('questionnaire part 2'!#ref!="",":",'questionnaire part 2'!#ref!) -> #VALUE! | E125: =IF('questionnaire part 2'!#ref!="",":",'questionnaire part 2'!#ref!) -> #VALUE! | F125: =IF('questionnaire part 2'!#ref!="",":",'questionnaire part 2'!#ref!) -> #VALUE!
B126: 124 | C126: =IF('questionnaire part 2'!#ref!="",":",'questionnaire part 2'!#ref!) -> #VALUE! | D126: =IF('questionnaire part 2'!#ref!="",":",'questionnaire part 2'!#ref!) -> #VALUE! | E126: =IF('questionnaire part 2'!#ref!="",":",'questionnaire part 2'!#ref!) -> #VALUE! | F126: =IF('questionnaire part 2'!#ref!="",":",'questionnaire part 2'!#ref!) -> #VALUE!
B127: 125 | C127: =IF('questionnaire part 2'!#ref!="",":",'questionnaire part 2'!#ref!) -> #VALUE! | D127: =IF('questionnaire part 2'!#ref!="",":",'questionnaire part 2'!#ref!) -> #VALUE! | E127: =IF('questionnaire part 2'!#ref!="",":",'questionnaire part 2'!#ref!) -> #VALUE! | F127: =IF('questionnaire part 2'!#ref!="",":",'questionnaire part 2'!#ref!) -> #VALUE!
... B285: 283 | C285: =IF('questionnaire part 2'!#ref!="",":",'questionnaire part 2'!#ref!) -> #VALUE! | D285: =IF('questionnaire part 2'!#ref!="",":",'questionnaire part 2'!#ref!) -> #VALUE! | E285: =IF('questionnaire part 2'!#ref!="",":",'questionnaire part 2'!#ref!) -> #VALUE! | F285: =IF('questionnaire part 2'!#ref!="",":",'questionnaire part 2'!#ref!) -> #VALUE!

Sheet GeneralInfo
A1: Excel Input Files (returns) Folder | B1: CSV Output Files Folder | C1: Archive Folder | D1: XML Folder | E1: Processing Reports Folder
A2: C:\SEFT\New Submissions | B2: K:\ITIS\SEFT\CSV\ | C2: K:\ITIS\SEFT\CSV\ | D2: C:\SEFT\metadata archive | E2: C:\SEFT\reports | G2: File | H2: =CELL("filename") -> file:///C:/Users/helen/Downloads/[058_202512_0013.xlsx]GeneralInfo
A3: Euro rates: annual 2012 (B is opening C is closing) | B3: 1.2034 | C3: 1.2334 | G3: Survey code | H3: =MID(H2,SEARCH("[",H2)+22,3) -> Gen
A4: quarter 1 2013 (03) | B4: 1.2 | C4: 1.1797 | G4: Period | H4: =MID(H2,SEARCH("[",H2)+14,6) -> 13.xls
A5: quarter 2 2012 (06) | B5: 1.2339 | C5: 1.2339 | G5: Ref | H5: =MID(H2,SEARCH("[",H2)+1,11) -> 058_202512_
A6: quarter 3 2012 (09) | B6: 1.2629 | C6: 1.2629
A7: quarter 4 2012 (12) | B7: 1.2381 | C7: 1.2381
A10: C:\SEFT\New Submissions | B10: C:\SEFT\CSV | C10: C:\SEFT\response archive | D10: C:\SEFT\metadata archive | E10: C:\SEFT\reports
A15: X:\UAT Submissions | B15: X:\uatcsv | C15: X:\UAT test\response archive | D15: X:\UAT test\metadata archive | E15: X:\UAT test\reports
A17: Y:\UAT Submissions | B17: Y:\uatcsv | C17: Y:\UAT test\response archive | D17: Y:\UAT test\metadata archive | E17: Y:\UAT test\reports
A19: W:\UAT Submissions | B19: W:\uatcsv | C19: W:\UAT test\response archive | D19: W:\UAT test\metadata archive | E19: W:\UAT test\reports

Sheet Countries
A1: Options for the country and industry sector drop-down boxes
A2: Country code | B2: Country description | D2: country code | E2: immediate country description
A3: (for ONS use) | D3: (for ONS use)
A4: 625 | B4: ABU DHABI | D4: 625 | E4: ABU DHABI
A5: 609 | B5: AFGHANISTAN | D5: 609 | E5: AFGHANISTAN
A6: 514 | B6: ALBANIA | D6: 514 | E6: ALBANIA
A7: 118 | B7: ALGERIA | D7: 118 | E7: ALGERIA
A8: 641 | B8: AMERICAN SAMOA | D8: 641 | E8: AMERICAN SAMOA
A9: 522 | B9: ANDORRA | D9: 522 | E9: ANDORRA
A10: 002 | B10: ANGOLA | D10: 002 | E10: ANGOLA
A11: 821 | B11: ANGUILLA | D11: 821 | E11: ANGUILLA
A12: 644 | B12: ANTARCTICA | D12: 644 | E12: ANTARCTICA
A13: 104 | B13: ANTIGUA & BARBUDA | D13: 104 | E13: ANTIGUA & BARBUDA
A14: 003 | B14: ARGENTINA | D14: 003 | E14: ARGENTINA
A15: 503 | B15: ARMENIA | D15: 503 | E15: ARMENIA
A16: 817 | B16: ARUBA | D16: 817 | E16: ARUBA
A17: 004 | B17: AUSTRALIA | D17: 004 | E17: AUSTRALIA
A18: 612 | B18: AUSTRALIAN OCEANIA | D18: 612 | E18: AUSTRALIAN OCEANIA
A19: 005 | B19: AUSTRIA | D19: 005 | E19: AUSTRIA
A20: 504 | B20: AZERBAIJAN | D20: 504 | E20: AZERBAIJAN
A21: 084 | B21: BAHAMAS | D21: 084 | E21: BAHAMAS
A22: 600 | B22: BAHRAIN | D22: 600 | E22: BAHRAIN
A23: 095 | B23: BANGLADESH | D23: 095 | E23: BANGLADESH
A24: 105 | B24: BARBADOS | D24: 105 | E24: BARBADOS
A25: 500 | B25: BELARUS | D25: 500 | E25: BELARUS
A26: 006 | B26: BELGIUM | D26: 006 | E26: BELGIUM
A27: 810 | B27: BELIZE | D27: 810 | E27: BELIZE
A28: 716 | B28: BENIN | D28: 716 | E28: BENIN
A29: 085 | B29: BERMUDA | D29: 085 | E29: BERMUDA
A30: 607 | B30: BHUTAN | D30: 607 | E30: BHUTAN
A31: 122 | B31: BOLIVIA | D31: 122 | E31: BOLIVIA
A32: 822 | B32: BONAIRE, SINT EUSTATINS AND SABA | D32: 822 | E32: BONAIRE, SINT EUSTATINS AND SABA
A33: 517 | B33: BOSNIA-HERZEGOVINA | D33: 517 | E33: BOSNIA-HERZEGOVINA
A34: 101 | B34: BOTSWANA | D34: 101 | E34: BOTSWANA
A35: 645 | B35: BOUVET ISLAND | D35: 645 | E35: BOUVET ISLAND
A36: 007 | B36: BRAZIL | D36: 007 | E36: BRAZIL
A37: 604 | B37: BRITISH INDIAN OCEAN TERRITORY | D37: 604 | E37: BRITISH INDIAN OCEAN TERRITORY
A38: 813 | B38: BRITISH VIRGIN ISLANDS | D38: 813 | E38: BRITISH VIRGIN ISLANDS
A39: 108 | B39: BRUNEI DARUSSALAM | D39: 108 | E39: BRUNEI DARUSSALAM
A40: 127 | B40: BULGARIA | D40: 127 | E40: BULGARIA
A41: 702 | B41: BURKINA FASO | D41: 702 | E41: BURKINA FASO
A42: 711 | B42: BURUNDI | D42: 711 | E42: BURUNDI
A43: 606 | B43: CAMBODIA (formerly DEMOCRATIC KAMPUCHEA) | D43: 606 | E43: CAMBODIA (formerly DEMOCRATIC KAMPUCHEA)
A44: 112 | B44: CAMEROON | D44: 112 | E44: CAMEROON
A45: 009 | B45: CANADA | D45: 009 | E45: CANADA
A46: 705 | B46: CAPE VERDE | D46: 705 | E46: CAPE VERDE
A47: 106 | B47: CAYMAN ISLANDS | D47: 106 | E47: CAYMAN ISLANDS
A48: 717 | B48: CENTRAL AFRICAN REPUBLIC | D48: 717 | E48: CENTRAL AFRICAN REPUBLIC
A49: 704 | B49: CHAD | D49: 704 | E49: CHAD
A50: 528 | B50: CHANNEL ISLANDS (excluding JERSEY & GUERNSEY) | D50: 528 | E50: CHANNEL ISLANDS (excluding JERSEY & GUERNSEY)
A51: 011 | B51: CHILE | D51: 011 | E51: CHILE
A52: 098 | B52: CHINA | D52: 098 | E52: CHINA
A53: 638 | B53: CHRISTMAS ISLANDS | D53: 638 | E53: CHRISTMAS ISLANDS
A54: 637 | B54: COCOS (KEELING) ISLANDS | D54: 637 | E54: COCOS (KEELING) ISLANDS
A55: 114 | B55: COLOMBIA | D55: 114 | E55: COLOMBIA
A56: 720 | B56: COMOROS | D56: 720 | E56: COMOROS
A57: 709 | B57: CONGO | D57: 709 | E57: CONGO
A58: 096 | B58: CONGO, DEMOCRATIC REPUBLIC OF (formerly ZAIRE) | D58: 096 | E58: CONGO, DEMOCRATIC REPUBLIC OF (formerly ZAIRE)
A59: 627 | B59: COOK ISLANDS | D59: 627 | E59: COOK ISLANDS
A60: 804 | B60: COSTA RICA | D60: 804 | E60: COSTA RICA
A61: 515 | B61: CROATIA | D61: 515 | E61: CROATIA
A62: 807 | B62: CUBA | D62: 807 | E62: CUBA
A63: 823 | B63: CURACOA | D63: 823 | E63: CURACOA
A64: 012 | B64: CYPRUS | D64: 012 | E64: CYPRUS
A65: 128 | B65: CZECH REPUBLIC | D65: 128 | E65: CZECH REPUBLIC
A66: 013 | B66: DENMARK | D66: 013 | E66: DENMARK
A67: 712 | B67: DJIBOUTI | D67: 712 | E67: DJIBOUTI
A68: 107 | B68: DOMINICA | D68: 107 | E68: DOMINICA
A69: 806 | B69: DOMINICAN REPUBLIC | D69: 806 | E69: DOMINICAN REPUBLIC
A70: 601 | B70: DUBAI | D70: 601 | E70: DUBAI
A71: 123 | B71: ECUADOR | D71: 123 | E71: ECUADOR
A72: 110 | B72: EGYPT | D72: 110 | E72: EGYPT
A73: 802 | B73: EL SALVADOR | D73: 802 | E73: EL SALVADOR
A74: 718 | B74: EQUITORIAL GUINEA | D74: 718 | E74: EQUITORIAL GUINEA
A75: 721 | B75: ERITREA | D75: 721 | E75: ERITREA
A76: 510 | B76: ESTONIA | D76: 510 | E76: ESTONIA
A77: 113 | B77: ETHIOPIA | D77: 113 | E77: ETHIOPIA
A78: 081 | B78: FALKLAND ISLANDS | D78: 081 | E78: FALKLAND ISLANDS
A79: 526 | B79: FAROE ISLANDS | D79: 526 | E79: FAROE ISLANDS
A80: 619 | B80: FIJI | D80: 619 | E80: FIJI
A81: 014 | B81: FINLAND | D81: 014 | E81: FINLAND
A82: 015 | B82: FRANCE | D82: 015 | E82: FRANCE
A83: 635 | B83: FRENCH POLYNESIA | D83: 635 | E83: FRENCH POLYNESIA
A84: 647 | B84: FRENCH SOUTHERN TERRITORIES | D84: 647 | E84: FRENCH SOUTHERN TERRITORIES
A85: 124 | B85: GABON | D85: 124 | E85: GABON
A86: 016 | B86: GAMBIA | D86: 016 | E86: GAMBIA
A87: 626 | B87: GAZA & JERICHO (PALESTINIAN TERRITORIES) | D87: 626 | E87: GAZA & JERICHO (PALESTINIAN TERRITORIES)
A88: 513 | B88: GEORGIA | D88: 513 | E88: GEORGIA
A89: 017 | B89: GERMANY | D89: 017 | E89: GERMANY
A90: 018 | B90: GHANA | D90: 018 | E90: GHANA
A91: 019 | B91: GIBRALTAR | D91: 019 | E91: GIBRALTAR
A92: 020 | B92: GREECE | D92: 020 | E92: GREECE
A93: 819 | B93: GREENLAND | D93: 819 | E93: GREENLAND
A94: 816 | B94: GRENADA | D94: 816 | E94: GRENADA
A95: 642 | B95: GUAM | D95: 642 | E95: GUAM
A96: 800 | B96: GUATEMALA | D96: 800 | E96: GUATEMALA
A97: 527 | B97: GUERNSEY | D97: 527 | E97: GUERNSEY
A98: 707 | B98: GUINEA | D98: 707 | E98: GUINEA
A99: 706 | B99: GUINEA BISSAU | D99: 706 | E99: GUINEA BISSAU
A100: 021 | B100: GUYANA | D100: 021 | E100: GUYANA
...

Sheet Questionnaire part 2
A1: 057:0001 | D1: Total Value of ITIS £ '000s | E1: Total income from Part 1 | F1: Total expenditure from Part 1 | G1: Part 2 - Country breakdown Please check the total value of all your international trade in services, in cells E2 and F2. Cells H2 and I2 should match cells E2 and F2. If cells do not match, they will turn red until the values are corrected | H1: Total income from Breakdown by Country table | I1: Total expenditure from Breakdown by Country table
B2: 1501 | C2: 1502 | E2: =SUM('Questionnaire part 1'!G30,'Questionnaire part 1'!G31,'Questionnaire part 1'!G33,'Questionnaire part 1'!G35,'Questionnaire part 1'!G38,'Questionnaire part 1'!G42:G43,'Questionnaire part 1'!G44:G47,'Questionnaire part 1'!G48:G49,'Questionnaire part 1'!G50:G51,'Questionnaire part 1'!G57:G58,'Questionnaire part 1'!G62:G63,'Questionnaire part 1'!G65:G66,'Questionnaire part 1'!G68:G69,'Questionnaire part 1'!G72:G73,'Questionnaire part 1'!G74:G77,'Questionnaire part 1'!G83,'Questionnaire part 1'!G85,'Questionnaire part 1'!G89,'Questionnaire part 1'!G92,'Questionnaire part 1'!G94,'Questionnaire part 1'!G96,'Questionnaire part 1'!G98,'Questionnaire part 1'!G99,'Questionnaire part 1'!G101,'Questionnaire part 1'!G107:G108,'Questionnaire part 1'!G111,'Questionnaire part 1'!G112,'Questionnaire part 1'!G113:G115,'Questionnaire part 1'!G121:G122,'Questionnaire part 1'!G123,'Questionnaire part 1'!G127,'Questionnaire part 1'!G131) -> 0 | F2: =SUM('Questionnaire part 1'!H30:H31,'Questionnaire part 1'!H33,'Questionnaire part 1'!H36,'Questionnaire part 1'!H39,'Questionnaire part 1'!H42:H43,'Questionnaire part 1'!H44,'Questionnaire part 1'!H45:H47,'Questionnaire part 1'!H48:H49,'Questionnaire part 1'!H50:H51,'Questionnaire part 1'!H57,'Questionnaire part 1'!H58,'Questionnaire part 1'!H62:H63,'Questionnaire part 1'!H65:H66,'Questionnaire part 1'!H68:H69,'Questionnaire part 1'!H72:H73,'Questionnaire part 1'!H74:H77,'Questionnaire part 1'!H82,'Questionnaire part 1'!H86,'Questionnaire part 1'!H89,'Questionnaire part 1'!H93,'Questionnaire part 1'!H95,'Questionnaire part 1'!H97,'Questionnaire part 1'!H98,'Questionnaire part 1'!H100,'Questionnaire part 1'!H102,'Questionnaire part 1'!H106,'Questionnaire part 1'!H108,'Questionnaire part 1'!H111,'Questionnaire part 1'!H112,'Questionnaire part 1'!H113:H115,'Questionnaire part 1'!H121:H122,'Questionnaire part 1'!H123,'Questionnaire part 1'!H127,'Questionnaire part 1'!H131) -> 0 | H2: =H854 -> 0 | I2: =I854 -> 0
E3: Please supply a breakdown by service code and country, for income and expenditure that your business provided in part 1.
F5: 3. During the reporting period 1 January 2025 to 31 December 2025, for each service activity your business conducted enter the following information: i) the service code (reported in questionnaire part 1) ii) the names of the countries your business traded with iii) income value broken down by country iv) expenditure value broken down by country Columns H and I will automatically sum the income and expenditure from each country and display the totals in cells H2 and I2.
F6: Exclude tax both inside and outside the UK.
F7: Report data relating to the European Central Bank and EU Institutions separately to avoid duplication of figures
F8: Report figures in thousands. For example £56,250 should be reported as 56, or £100,725 should be written as 101.
E10: Breakdown by Country of International Trade in Services To help you complete this section, a list of service codes and country names are included in the "Country & Service Codes" tab.
E12: 0202 | F12: 0203 | H12: 0204 | I12: 0205
D13: Instance | E13: Service Code | F13: Country Names | H13: Income Report in thousands | I13: Expenditure Report in thousands
H14: e.g. £56,250 = 56 | I14: e.g. £100,725 = 101
F15: AFGHANISTAN
F16: ALBANIA
F17: ALGERIA
F18: AMERICAN SAMOA
F19: ANDORRA
F20: ANGOLA
F21: ANGUILLA
F22: ANTARCTICA
F23: ANTIGUA AND BARBUDA
F24: ARGENTINA
F25: ARMENIA
F26: ARUBA
... F251: YEMEN
F252: ZAMBIA | K252: =TEXT(E252,E252) | L252: =IF(ISBLANK(E252),"",IF(AND(ISNA(VLOOKUP(E252,'Country & Service Codes'!E:E,1,FALSE())),ISNA(VLOOKUP(K252,'Country & Service Codes'!E:E,1,FALSE()))),1,0)) | M252: =IF(ISBLANK(F252),"",IF(ISNA(VLOOKUP(UPPER(F252),'Country & Service Codes'!B:B,1,FALSE())),1,0)) -> 0 | N252: =IF(AND(OR(E252<>"",F252<>""),AND(ISBLANK(H252),ISBLANK(I252))),1,0) -> 1 | O252: =IF(AND(OR(H252<>"",I252<>""),OR(ISBLANK(E252),ISBLANK(F252))),1,0) -> 0
F253: ZIMBABWE | K253: =TEXT(E253,E253) | L253: =IF(ISBLANK(E253),"",IF(AND(ISNA(VLOOKUP(E253,'Country & Service Codes'!E:E,1,FALSE())),ISNA(VLOOKUP(K253,'Country & Service Codes'!E:E,1,FALSE()))),1,0)) | M253: =IF(ISBLANK(F253),"",IF(ISNA(VLOOKUP(UPPER(F253),'Country & Service Codes'!B:B,1,FALSE())),1,0)) -> 0 | N253: =IF(AND(OR(E253<>"",F253<>""),AND(ISBLANK(H253),ISBLANK(I253))),1,0) -> 1 | O253: =IF(AND(OR(H253<>"",I253<>""),OR(ISBLANK(E253),ISBLANK(F253))),1,0) -> 0
D254: 1 | J254: =IF(AND(L254=1,M254=1),Messages!$A$2,IF(L254=1,Messages!$A$3,IF(N254=1,Messages!$A$5,IF(O254=1,Messages!$A$6,IF(M254=1,Messages!$A$4,"OK"))))) -> OK | K254: =TEXT(E254,E254) | L254: =IF(ISBLANK(E254),"",IF(AND(ISNA(VLOOKUP(E254,'Country & Service Codes'!E:E,1,FALSE())),ISNA(VLOOKUP(K254,'Country & Service Codes'!E:E,1,FALSE()))),1,0)) | M254: =IF(ISBLANK(F254),"",IF(ISNA(VLOOKUP(UPPER(F254),'Country & Service Codes'!B:B,1,FALSE())),1,0)) | N254: =IF(AND(OR(E254<>"",F254<>""),AND(ISBLANK(H254),ISBLANK(I254))),1,0) -> 0 | O254: =IF(AND(OR(H254<>"",I254<>""),OR(ISBLANK(E254),ISBLANK(F254))),1,0) -> 0
D255: 2 | J255: =IF(AND(L255=1,M255=1),Messages!$A$2,IF(L255=1,Messages!$A$3,IF(N255=1,Messages!$A$5,IF(O255=1,Messages!$A$6,IF(M255=1,Messages!$A$4,"OK"))))) -> OK | K255: =TEXT(E255,E255) | L255: =IF(ISBLANK(E255),"",IF(AND(ISNA(VLOOKUP(E255,'Country & Service Codes'!E:E,1,FALSE())),ISNA(VLOOKUP(K255,'Country & Service Codes'!E:E,1,FALSE()))),1,0)) | M255: =IF(ISBLANK(F255),"",IF(ISNA(VLOOKUP(UPPER(F255),'Country & Service Codes'!B:B,1,FALSE())),1,0)) | N255: =IF(AND(OR(E255<>"",F255<>""),AND(ISBLANK(H255),ISBLANK(I255))),1,0) -> 0 | O255: =IF(AND(OR(H255<>"",I255<>""),OR(ISBLANK(E255),ISBLANK(F255))),1,0) -> 0
D256: 3 | J256: =IF(AND(L256=1,M256=1),Messages!$A$2,IF(L256=1,Messages!$A$3,IF(N256=1,Messages!$A$5,IF(O256=1,Messages!$A$6,IF(M256=1,Messages!$A$4,"OK"))))) -> OK | K256: =TEXT(E256,E256) | L256: =IF(ISBLANK(E256),"",IF(AND(ISNA(VLOOKUP(E256,'Country & Service Codes'!E:E,1,FALSE())),ISNA(VLOOKUP(K256,'Country & Service Codes'!E:E,1,FALSE()))),1,0)) | M256: =IF(ISBLANK(F256),"",IF(ISNA(VLOOKUP(UPPER(F256),'Country & Service Codes'!B:B,1,FALSE())),1,0)) | N256: =IF(AND(OR(E256<>"",F256<>""),AND(ISBLANK(H256),ISBLANK(I256))),1,0) -> 0 | O256: =IF(AND(OR(H256<>"",I256<>""),OR(ISBLANK(E256),ISBLANK(F256))),1,0) -> 0
D257: 4 | J257: =IF(AND(L257=1,M257=1),Messages!$A$2,IF(L257=1,Messages!$A$3,IF(N257=1,Messages!$A$5,IF(O257=1,Messages!$A$6,IF(M257=1,Messages!$A$4,"OK"))))) -> OK | K257: =TEXT(E257,E257) | L257: =IF(ISBLANK(E257),"",IF(AND(ISNA(VLOOKUP(E257,'Country & Service Codes'!E:E,1,FALSE())),ISNA(VLOOKUP(K257,'Country & Service Codes'!E:E,1,FALSE()))),1,0)) | M257: =IF(ISBLANK(F257),"",IF(ISNA(VLOOKUP(UPPER(F257),'Country & Service Codes'!B:B,1,FALSE())),1,0)) | N257: =IF(AND(OR(E257<>"",F257<>""),AND(ISBLANK(H257),ISBLANK(I257))),1,0) -> 0 | O257: =IF(AND(OR(H257<>"",I257<>""),OR(ISBLANK(E257),ISBLANK(F257))),1,0) -> 0
D258: 5 | J258: =IF(AND(L258=1,M258=1),Messages!$A$2,IF(L258=1,Messages!$A$3,IF(N258=1,Messages!$A$5,IF(O258=1,Messages!$A$6,IF(M258=1,Messages!$A$4,"OK"))))) -> OK | K258: =TEXT(E258,E258) | L258: =IF(ISBLANK(E258),"",IF(AND(ISNA(VLOOKUP(E258,'Country & Service Codes'!E:E,1,FALSE())),ISNA(VLOOKUP(K258,'Country & Service Codes'!E:E,1,FALSE()))),1,0)) | M258: =IF(ISBLANK(F258),"",IF(ISNA(VLOOKUP(UPPER(F258),'Country & Service Codes'!B:B,1,FALSE())),1,0)) | N258: =IF(AND(OR(E258<>"",F258<>""),AND(ISBLANK(H258),ISBLANK(I258))),1,0) -> 0 | O258: =IF(AND(OR(H258<>"",I258<>""),OR(ISBLANK(E258),ISBLANK(F258))),1,0) -> 0
D259: 6 | J259: =IF(AND(L259=1,M259=1),Messages!$A$2,IF(L259=1,Messages!$A$3,IF(N259=1,Messages!$A$5,IF(O259=1,Messages!$A$6,IF(M259=1,Messages!$A$4,"OK"))))) -> OK | K259: =TEXT(E259,E259) | L259: =IF(ISBLANK(E259),"",IF(AND(ISNA(VLOOKUP(E259,'Country & Service Codes'!E:E,1,FALSE())),ISNA(VLOOKUP(K259,'Country & Service Codes'!E:E,1,FALSE()))),1,0)) | M259: =IF(ISBLANK(F259),"",IF(ISNA(VLOOKUP(UPPER(F259),'Country & Service Codes'!B:B,1,FALSE())),1,0)) | N259: =IF(AND(OR(E259<>"",F259<>""),AND(ISBLANK(H259),ISBLANK(I259))),1,0) -> 0 | O259: =IF(AND(OR(H259<>"",I259<>""),OR(ISBLANK(E259),ISBLANK(F259))),1,0) -> 0
D260: 7 | J260: =IF(AND(L260=1,M260=1),Messages!$A$2,IF(L260=1,Messages!$A$3,IF(N260=1,Messages!$A$5,IF(O260=1,Messages!$A$6,IF(M260=1,Messages!$A$4,"OK"))))) -> OK | K260: =TEXT(E260,E260) | L260: =IF(ISBLANK(E260),"",IF(AND(ISNA(VLOOKUP(E260,'Country & Service Codes'!E:E,1,FALSE())),ISNA(VLOOKUP(K260,'Country & Service Codes'!E:E,1,FALSE()))),1,0)) | M260: =IF(ISBLANK(F260),"",IF(ISNA(VLOOKUP(UPPER(F260),'Country & Service Codes'!B:B,1,FALSE())),1,0)) | N260: =IF(AND(OR(E260<>"",F260<>""),AND(ISBLANK(H260),ISBLANK(I260))),1,0) -> 0 | O260: =IF(AND(OR(H260<>"",I260<>""),OR(ISBLANK(E260),ISBLANK(F260))),1,0) -> 0
D261: 8 | J261: =IF(AND(L261=1,M261=1),Messages!$A$2,IF(L261=1,Messages!$A$3,IF(N261=1,Messages!$A$5,IF(O261=1,Messages!$A$6,IF(M261=1,Messages!$A$4,"OK"))))) -> OK | K261: =TEXT(E261,E261) | L261: =IF(ISBLANK(E261),"",IF(AND(ISNA(VLOOKUP(E261,'Country & Service Codes'!E:E,1,FALSE())),ISNA(VLOOKUP(K261,'Country & Service Codes'!E:E,1,FALSE()))),1,0)) | M261: =IF(ISBLANK(F261),"",IF(ISNA(VLOOKUP(UPPER(F261),'Country & Service Codes'!B:B,1,FALSE())),1,0)) | N261: =IF(AND(OR(E261<>"",F261<>""),AND(ISBLANK(H261),ISBLANK(I261))),1,0) -> 0 | O261: =IF(AND(OR(H261<>"",I261<>""),OR(ISBLANK(E261),ISBLANK(F261))),1,0) -> 0
D262: 9 | J262: =IF(AND(L262=1,M262=1),Messages!$A$2,IF(L262=1,Messages!$A$3,IF(N262=1,Messages!$A$5,IF(O262=1,Messages!$A$6,IF(M262=1,Messages!$A$4,"OK"))))) -> OK | K262: =TEXT(E262,E262) | L262: =IF(ISBLANK(E262),"",IF(AND(ISNA(VLOOKUP(E262,'Country & Service Codes'!E:E,1,FALSE())),ISNA(VLOOKUP(K262,'Country & Service Codes'!E:E,1,FALSE()))),1,0)) | M262: =IF(ISBLANK(F262),"",IF(ISNA(VLOOKUP(UPPER(F262),'Country & Service Codes'!B:B,1,FALSE())),1,0)) | N262: =IF(AND(OR(E262<>"",F262<>""),AND(ISBLANK(H262),ISBLANK(I262))),1,0) -> 0 | O262: =IF(AND(OR(H262<>"",I262<>""),OR(ISBLANK(E262),ISBLANK(F262))),1,0) -> 0
D263: 10 | J263: =IF(AND(L263=1,M263=1),Messages!$A$2,IF(L263=1,Messages!$A$3,IF(N263=1,Messages!$A$5,IF(O263=1,Messages!$A$6,IF(M263=1,Messages!$A$4,"OK"))))) -> OK | K263: =TEXT(E263,E263) | L263: =IF(ISBLANK(E263),"",IF(AND(ISNA(VLOOKUP(E263,'Country & Service Codes'!E:E,1,FALSE())),ISNA(VLOOKUP(K263,'Country & Service Codes'!E:E,1,FALSE()))),1,0)) | M263: =IF(ISBLANK(F263),"",IF(ISNA(VLOOKUP(UPPER(F263),'Country & Service Codes'!B:B,1,FALSE())),1,0)) | N263: =IF(AND(OR(E263<>"",F263<>""),AND(ISBLANK(H263),ISBLANK(I263))),1,0) -> 0 | O263: =IF(AND(OR(H263<>"",I263<>""),OR(ISBLANK(E263),ISBLANK(F263))),1,0) -> 0
D264: 11 | J264: =IF(AND(L264=1,M264=1),Messages!$A$2,IF(L264=1,Messages!$A$3,IF(N264=1,Messages!$A$5,IF(O264=1,Messages!$A$6,IF(M264=1,Messages!$A$4,"OK"))))) -> OK | K264: =TEXT(E264,E264) | L264: =IF(ISBLANK(E264),"",IF(AND(ISNA(VLOOKUP(E264,'Country & Service Codes'!E:E,1,FALSE())),ISNA(VLOOKUP(K264,'Country & Service Codes'!E:E,1,FALSE()))),1,0)) | M264: =IF(ISBLANK(F264),"",IF(ISNA(VLOOKUP(UPPER(F264),'Country & Service Codes'!B:B,1,FALSE())),1,0)) | N264: =IF(AND(OR(E264<>"",F264<>""),AND(ISBLANK(H264),ISBLANK(I264))),1,0) -> 0 | O264: =IF(AND(OR(H264<>"",I264<>""),OR(ISBLANK(E264),ISBLANK(F264))),1,0) -> 0
D265: 12 | J265: =IF(AND(L265=1,M265=1),Messages!$A$2,IF(L265=1,Messages!$A$3,IF(N265=1,Messages!$A$5,IF(O265=1,Messages!$A$6,IF(M265=1,Messages!$A$4,"OK"))))) -> OK | K265: =TEXT(E265,E265) | L265: =IF(ISBLANK(E265),"",IF(AND(ISNA(VLOOKUP(E265,'Country & Service Codes'!E:E,1,FALSE())),ISNA(VLOOKUP(K265,'Country & Service Codes'!E:E,1,FALSE()))),1,0)) | M265: =IF(ISBLANK(F265),"",IF(ISNA(VLOOKUP(UPPER(F265),'Country & Service Codes'!B:B,1,FALSE())),1,0)) | N265: =IF(AND(OR(E265<>"",F265<>""),AND(ISBLANK(H265),ISBLANK(I265))),1,0) -> 0 | O265: =IF(AND(OR(H265<>"",I265<>""),OR(ISBLANK(E265),ISBLANK(F265))),1,0) -> 0
... D294: 41 | J294: =IF(AND(L294=1,M294=1),Messages!$A$2,IF(L294=1,Messages!$A$3,IF(N294=1,Messages!$A$5,IF(O294=1,Messages!$A$6,IF(M294=1,Messages!$A$4,"OK"))))) -> OK | K294: =TEXT(E294,E294) | L294: =IF(ISBLANK(E294),"",IF(AND(ISNA(VLOOKUP(E294,'Country & Service Codes'!E:E,1,FALSE())),ISNA(VLOOKUP(K294,'Country & Service Codes'!E:E,1,FALSE()))),1,0)) | M294: =IF(ISBLANK(F294),"",IF(ISNA(VLOOKUP(UPPER(F294),'Country & Service Codes'!B:B,1,FALSE())),1,0)) | N294: =IF(AND(OR(E294<>"",F294<>""),AND(ISBLANK(H294),ISBLANK(I294))),1,0) -> 0 | O294: =IF(AND(OR(H294<>"",I294<>""),OR(ISBLANK(E294),ISBLANK(F294))),1,0) -> 0
D295: 42 | J295: =IF(AND(L295=1,M295=1),Messages!$A$2,IF(L295=1,Messages!$A$3,IF(N295=1,Messages!$A$5,IF(O295=1,Messages!$A$6,IF(M295=1,Messages!$A$4,"OK"))))) -> OK | K295: =TEXT(E295,E295) | L295: =IF(ISBLANK(E295),"",IF(AND(ISNA(VLOOKUP(E295,'Country & Service Codes'!E:E,1,FALSE())),ISNA(VLOOKUP(K295,'Country & Service Codes'!E:E,1,FALSE()))),1,0)) | M295: =IF(ISBLANK(F295),"",IF(ISNA(VLOOKUP(UPPER(F295),'Country & Service Codes'!B:B,1,FALSE())),1,0)) | N295: =IF(AND(OR(E295<>"",F295<>""),AND(ISBLANK(H295),ISBLANK(I295))),1,2) -> 2 | O295: =IF(AND(OR(H295<>"",I295<>""),OR(ISBLANK(E295),ISBLANK(F295))),1,0) -> 0
D296: 43 | J296: =IF(AND(L296=1,M296=1),Messages!$A$2,IF(L296=1,Messages!$A$3,IF(N296=1,Messages!$A$5,IF(O296=1,Messages!$A$6,IF(M296=1,Messages!$A$4,"OK"))))) -> OK | K296: =TEXT(E296,E296) | L296: =IF(ISBLANK(E296),"",IF(AND(ISNA(VLOOKUP(E296,'Country & Service Codes'!E:E,1,FALSE())),ISNA(VLOOKUP(K296,'Country & Service Codes'!E:E,1,FALSE()))),1,0)) | M296: =IF(ISBLANK(F296),"",IF(ISNA(VLOOKUP(UPPER(F296),'Country & Service Codes'!B:B,1,FALSE())),1,0)) | N296: =IF(AND(OR(E296<>"",F296<>""),AND(ISBLANK(H296),ISBLANK(I296))),1,0) -> 0 | O296: =IF(AND(OR(H296<>"",I296<>""),OR(ISBLANK(E296),ISBLANK(F296))),1,0) -> 0
D297: 44 | J297: =IF(AND(L297=1,M297=1),Messages!$A$2,IF(L297=1,Messages!$A$3,IF(N297=1,Messages!$A$5,IF(O297=1,Messages!$A$6,IF(M297=1,Messages!$A$4,"OK"))))) -> OK | K297: =TEXT(E297,E297) | L297: =IF(ISBLANK(E297),"",IF(AND(ISNA(VLOOKUP(E297,'Country & Service Codes'!E:E,1,FALSE())),ISNA(VLOOKUP(K297,'Country & Service Codes'!E:E,1,FALSE()))),1,0)) | M297: =IF(ISBLANK(F297),"",IF(ISNA(VLOOKUP(UPPER(F297),'Country & Service Codes'!B:B,1,FALSE())),1,0)) | N297: =IF(AND(OR(E297<>"",F297<>""),AND(ISBLANK(H297),ISBLANK(I297))),1,0) -> 0 | O297: =IF(AND(OR(H297<>"",I297<>""),OR(ISBLANK(E297),ISBLANK(F297))),1,0) -> 0
D298: 45 | J298: =IF(AND(L298=1,M298=1),Messages!$A$2,IF(L298=1,Messages!$A$3,IF(N298=1,Messages!$A$5,IF(O298=1,Messages!$A$6,IF(M298=1,Messages!$A$4,"OK"))))) -> OK | K298: =TEXT(E298,E298) | L298: =IF(ISBLANK(E298),"",IF(AND(ISNA(VLOOKUP(E298,'Country & Service Codes'!E:E,1,FALSE())),ISNA(VLOOKUP(K298,'Country & Service Codes'!E:E,1,FALSE()))),1,0)) | M298: =IF(ISBLANK(F298),"",IF(ISNA(VLOOKUP(UPPER(F298),'Country & Service Codes'!B:B,1,FALSE())),1,0)) | N298: =IF(AND(OR(E298<>"",F298<>""),AND(ISBLANK(H298),ISBLANK(I298))),1,0) -> 0 | O298: =IF(AND(OR(H298<>"",I298<>""),OR(ISBLANK(E298),ISBLANK(F298))),1,0) -> 0
D299: 46 | J299: =IF(AND(L299=1,M299=1),Messages!$A$2,IF(L299=1,Messages!$A$3,IF(N299=1,Messages!$A$5,IF(O299=1,Messages!$A$6,IF(M299=1,Messages!$A$4,"OK"))))) -> OK | K299: =TEXT(E299,E299) | L299: =IF(ISBLANK(E299),"",IF(AND(ISNA(VLOOKUP(E299,'Country & Service Codes'!E:E,1,FALSE())),ISNA(VLOOKUP(K299,'Country & Service Codes'!E:E,1,FALSE()))),1,0)) | M299: =IF(ISBLANK(F299),"",IF(ISNA(VLOOKUP(UPPER(F299),'Country & Service Codes'!B:B,1,FALSE())),1,0)) | N299: =IF(AND(OR(E299<>"",F299<>""),AND(ISBLANK(H299),ISBLANK(I299))),1,0) -> 0 | O299: =IF(AND(OR(H299<>"",I299<>""),OR(ISBLANK(E299),ISBLANK(F299))),1,0) -> 0
D300: 47 | J300: =IF(AND(L300=1,M300=1),Messages!$A$2,IF(L300=1,Messages!$A$3,IF(N300=1,Messages!$A$5,IF(O300=1,Messages!$A$6,IF(M300=1,Messages!$A$4,"OK"))))) -> OK | K300: =TEXT(E300,E300) | L300: =IF(ISBLANK(E300),"",IF(AND(ISNA(VLOOKUP(E300,'Country & Service Codes'!E:E,1,FALSE())),ISNA(VLOOKUP(K300,'Country & Service Codes'!E:E,1,FALSE()))),1,0)) | M300: =IF(ISBLANK(F300),"",IF(ISNA(VLOOKUP(UPPER(F300),'Country & Service Codes'!B:B,1,FALSE())),1,0)) | N300: =IF(AND(OR(E300<>"",F300<>""),AND(ISBLANK(H300),ISBLANK(I300))),1,0) -> 0 | O300: =IF(AND(OR(H300<>"",I300<>""),OR(ISBLANK(E300),ISBLANK(F300))),1,0) -> 0
D301: 48 | J301: =IF(AND(L301=1,M301=1),Messages!$A$2,IF(L301=1,Messages!$A$3,IF(N301=1,Messages!$A$5,IF(O301=1,Messages!$A$6,IF(M301=1,Messages!$A$4,"OK"))))) -> OK | K301: =TEXT(E301,E301) | L301: =IF(ISBLANK(E301),"",IF(AND(ISNA(VLOOKUP(E301,'Country & Service Codes'!E:E,1,FALSE())),ISNA(VLOOKUP(K301,'Country & Service Codes'!E:E,1,FALSE()))),1,0)) | M301: =IF(ISBLANK(F301),"",IF(ISNA(VLOOKUP(UPPER(F301),'Country & Service Codes'!B:B,1,FALSE())),1,0)) | N301: =IF(AND(OR(E301<>"",F301<>""),AND(ISBLANK(H301),ISBLANK(I301))),1,0) -> 0 | O301: =IF(AND(OR(H301<>"",I301<>""),OR(ISBLANK(E301),ISBLANK(F301))),1,0) -> 0
D302: 49 | J302: =IF(AND(L302=1,M302=1),Messages!$A$2,IF(L302=1,Messages!$A$3,IF(N302=1,Messages!$A$5,IF(O302=1,Messages!$A$6,IF(M302=1,Messages!$A$4,"OK"))))) -> OK | K302: =TEXT(E302,E302) | L302: =IF(ISBLANK(E302),"",IF(AND(ISNA(VLOOKUP(E302,'Country & Service Codes'!E:E,1,FALSE())),ISNA(VLOOKUP(K302,'Country & Service Codes'!E:E,1,FALSE()))),1,0)) | M302: =IF(ISBLANK(F302),"",IF(ISNA(VLOOKUP(UPPER(F302),'Country & Service Codes'!B:B,1,FALSE())),1,0)) | N302: =IF(AND(OR(E302<>"",F302<>""),AND(ISBLANK(H302),ISBLANK(I302))),1,0) -> 0 | O302: =IF(AND(OR(H302<>"",I302<>""),OR(ISBLANK(E302),ISBLANK(F302))),1,0) -> 0
D303: 50 | J303: =IF(AND(L303=1,M303=1),Messages!$A$2,IF(L303=1,Messages!$A$3,IF(N303=1,Messages!$A$5,IF(O303=1,Messages!$A$6,IF(M303=1,Messages!$A$4,"OK"))))) -> OK | K303: =TEXT(E303,E303) | L303: =IF(ISBLANK(E303),"",IF(AND(ISNA(VLOOKUP(E303,'Country & Service Codes'!E:E,1,FALSE())),ISNA(VLOOKUP(K303,'Country & Service Codes'!E:E,1,FALSE()))),1,0)) | M303: =IF(ISBLANK(F303),"",IF(ISNA(VLOOKUP(UPPER(F303),'Country & Service Codes'!B:B,1,FALSE())),1,0)) | N303: =IF(AND(OR(E303<>"",F303<>""),AND(ISBLANK(H303),ISBLANK(I303))),1,0) -> 0 | O303: =IF(AND(OR(H303<>"",I303<>""),OR(ISBLANK(E303),ISBLANK(F303))),1,0) -> 0
D304: 51 | J304: =IF(AND(L304=1,M304=1),Messages!$A$2,IF(L304=1,Messages!$A$3,IF(N304=1,Messages!$A$5,IF(O304=1,Messages!$A$6,IF(M304=1,Messages!$A$4,"OK"))))) -> OK | K304: =TEXT(E304,E304) | L304: =IF(ISBLANK(E304),"",IF(AND(ISNA(VLOOKUP(E304,'Country & Service Codes'!E:E,1,FALSE())),ISNA(VLOOKUP(K304,'Country & Service Codes'!E:E,1,FALSE()))),1,0)) | M304: =IF(ISBLANK(F304),"",IF(ISNA(VLOOKUP(UPPER(F304),'Country & Service Codes'!B:B,1,FALSE())),1,0)) | N304: =IF(AND(OR(E304<>"",F304<>""),AND(ISBLANK(H304),ISBLANK(I304))),1,0) -> 0 | O304: =IF(AND(OR(H304<>"",I304<>""),OR(ISBLANK(E304),ISBLANK(F304))),1,0) -> 0
D305: 52 | J305: =IF(AND(L305=1,M305=1),Messages!$A$2,IF(L305=1,Messages!$A$3,IF(N305=1,Messages!$A$5,IF(O305=1,Messages!$A$6,IF(M305=1,Messages!$A$4,"OK"))))) -> OK | K305: =TEXT(E305,E305) | L305: =IF(ISBLANK(E305),"",IF(AND(ISNA(VLOOKUP(E305,'Country & Service Codes'!E:E,1,FALSE())),ISNA(VLOOKUP(K305,'Country & Service Codes'!E:E,1,FALSE()))),1,0)) | M305: =IF(ISBLANK(F305),"",IF(ISNA(VLOOKUP(UPPER(F305),'Country & Service Codes'!B:B,1,FALSE())),1,0)) | N305: =IF(AND(OR(E305<>"",F305<>""),AND(ISBLANK(H305),ISBLANK(I305))),1,0) -> 0 | O305: =IF(AND(OR(H305<>"",I305<>""),OR(ISBLANK(E305),ISBLANK(F305))),1,0) -> 0
D306: 53 | J306: =IF(AND(L306=1,M306=1),Messages!$A$2,IF(L306=1,Messages!$A$3,IF(N306=1,Messages!$A$5,IF(O306=1,Messages!$A$6,IF(M306=1,Messages!$A$4,"OK"))))) -> OK | K306: =TEXT(E306,E306) | L306: =IF(ISBLANK(E306),"",IF(AND(ISNA(VLOOKUP(E306,'Country & Service Codes'!E:E,1,FALSE())),ISNA(VLOOKUP(K306,'Country & Service Codes'!E:E,1,FALSE()))),1,0)) | M306: =IF(ISBLANK(F306),"",IF(ISNA(VLOOKUP(UPPER(F306),'Country & Service Codes'!B:B,1,FALSE())),1,0)) | N306: =IF(AND(OR(E306<>"",F306<>""),AND(ISBLANK(H306),ISBLANK(I306))),1,0) -> 0 | O306: =IF(AND(OR(H306<>"",I306<>""),OR(ISBLANK(E306),ISBLANK(F306))),1,0) -> 0
D307: 54 | J307: =IF(AND(L307=1,M307=1),Messages!$A$2,IF(L307=1,Messages!$A$3,IF(N307=1,Messages!$A$5,IF(O307=1,Messages!$A$6,IF(M307=1,Messages!$A$4,"OK"))))) -> OK | K307: =TEXT(E307,E307) | L307: =IF(ISBLANK(E307),"",IF(AND(ISNA(VLOOKUP(E307,'Country & Service Codes'!E:E,1,FALSE())),ISNA(VLOOKUP(K307,'Country & Service Codes'!E:E,1,FALSE()))),1,0)) | M307: =IF(ISBLANK(F307),"",IF(ISNA(VLOOKUP(UPPER(F307),'Country & Service Codes'!B:B,1,FALSE())),1,0)) | N307: =IF(AND(OR(E307<>"",F307<>""),AND(ISBLANK(H307),ISBLANK(I307))),1,0) -> 0 | O307: =IF(AND(OR(H307<>"",I307<>""),OR(ISBLANK(E307),ISBLANK(F307))),1,0) -> 0
... D853: 600 | J853: =IF(AND(L853=1,M853=1),Messages!$A$2,IF(L853=1,Messages!$A$3,IF(N853=1,Messages!$A$5,IF(O853=1,Messages!$A$6,IF(M853=1,Messages!$A$4,"OK"))))) -> OK | K853: =TEXT(E853,E853) | L853: =IF(ISBLANK(E853),"",IF(AND(ISNA(VLOOKUP(E853,'Country & Service Codes'!E:E,1,FALSE())),ISNA(VLOOKUP(K853,'Country & Service Codes'!E:E,1,FALSE()))),1,0)) | M853: =IF(ISBLANK(F853),"",IF(ISNA(VLOOKUP(UPPER(F853),'Country & Service Codes'!B:B,1,FALSE())),1,0)) | N853: =IF(AND(OR(E853<>"",F853<>""),AND(ISBLANK(H853),ISBLANK(I853))),1,0) -> 0 | O853: =IF(AND(OR(H853<>"",I853<>""),OR(ISBLANK(E853),ISBLANK(F853))),1,0) -> 0
F854: Totals | H854: =SUM(H254:H853) -> 0 | I854: =SUM(I254:I853) -> 0
D856: Please save this spreadsheet for your records and upload to the ONS Survey Data Collection website on completion.

Sheet Country & Service Codes
A1: Options for the country sector drop-down boxes | H1: Income/Expenditure
A2: Country code | B2: Country description | C2: Country code | E2: Service code | F2: Service Activity description | H2: I
A3: =C3 -> 079 | B3: AFGHANISTAN | C3: 079 | E3: 01 | F3: Agricultural, forestry and fishing services
A4: =C4 -> 419 | B4: ALBANIA | C4: 419 | E4: 02 | F4: Mining services, and oil and gas extraction services
A5: =C5 -> 118 | B5: ALGERIA | C5: 118 | E5: 03 | F5: Waste treatment and depollution services
A6: =C6 -> 210 | B6: AMERICAN SAMOA | C6: 210 | E6: 04 | F6: Manufacturing services on goods
A7: =C7 -> 844 | B7: ANDORRA | C7: 844 | E7: 05 | F7: Maintenance and repair services
A8: =C8 -> 002 | B8: ANGOLA | C8: 002 | E8: 06 | F8: Accountancy, auditing, bookkeeping and tax consulting services
A9: =C9 -> 846 | B9: ANGUILLA | C9: 846 | E9: 07 | F9: Advertising, marketing and public opinion polling services
A10: =C10 -> 211 | B10: ANTARCTICA | C10: 211 | E10: 08 | F10: Business management and management consulting services
A11: =C11 -> 902 | B11: ANTIGUA AND BARBUDA | C11: 902 | E11: 09 | F11: Public relations services
A12: =C12 -> 003 | B12: ARGENTINA | C12: 003 | E12: 10 | F12: Recruitment services
A13: =C13 -> 139 | B13: ARMENIA | C13: 139 | E13: 11 | F13: Legal services
A14: =C14 -> 874 | B14: ARUBA | C14: 874 | E14: 12 | F14: Operating leasing services
A15: =C15 -> 004 | B15: AUSTRALIA | C15: 004 | E15: 13 | F15: Procurement services
A16: =C16 -> 005 | B16: AUSTRIA | C16: 005 | E16: 14 | F16: Property Management services
A17: =C17 -> 140 | B17: AZERBAIJAN | C17: 140 | E17: 15 | F17: Other business and professional services
A18: =C18 -> 084 | B18: BAHAMAS | C18: 084 | E18: 16 | F18: Provision of R&D Services
A19: =C19 -> 840 | B19: BAHRAIN | C19: 840 | E19: 17 | F19: Provision of product development and testing activities
A20: =C20 -> 095 | B20: BANGLADESH | C20: 095 | E20: 18A | F20: Outright sales and purchases of Trade marks, franchises, brands or design rights, resulting in transfer of ownership
A21: =C21 -> 105 | B21: BARBADOS | C21: 105 | E21: 18B | F21: Charges or payments for the use of Trade marks, franchises, brands or design rights, but without transfer of ownership
A22: =C22 -> 141 | B22: BELARUS | C22: 141 | E22: 19A | F22: Outright sales and purchases of Copyrighted literary works, sound recordings, films, television programmes and databases, resulting in transfer of ownership
A23: =C23 -> 006 | B23: BELGIUM | C23: 006 | E23: 19B | F23: Charges or payments for the use of Copyrighted literary works, sound recordings, films, television programmes and databases, but without transfer of ownership
A24: =C24 -> 081 | B24: BELIZE | C24: 081 | E24: 20A | F24: Outright sales and purchases of Patents and other intellectual property that are the end result of research and development, resulting in transfer of ownership
A25: =C25 -> 429 | B25: BENIN | C25: 429 | E25: 20B | F25: Charges or payments for the use of Patents and other intellectual property that are the end result of research and development, but without transfer of ownership
A26: =C26 -> 085 | B26: BERMUDA | C26: 085 | E26: 21 | F26: Postal and courier services
A27: =C27 -> 875 | B27: BHUTAN | C27: 875 | E27: 22 | F27: Telecommunication services
A28: =C28 -> 122 | B28: BOLIVIA | C28: 122 | E28: 23 | F28: Computer and IT services
A29: =C29 -> 212 | B29: BONAIRE, SINT EUSTATIUS AND SABA | C29: 212 | E29: 24 | F29: Publishing services
A30: =C30 -> 142 | B30: BOSNIA AND HERZEGOVINA | C30: 142 | E30: 25 | F30: News agency services
A31: =C31 -> 101 | B31: BOTSWANA | C31: 101 | E31: 26 | F31: Information services
A32: =C32 -> 213 | B32: BOUVET ISLAND | C32: 213 | E32: 27 | F32: Construction in the UK
A33: =C33 -> 007 | B33: BRAZIL | C33: 007 | E33: 28 | F33: Construction outside the UK
A34: =C34 -> 903 | B34: BRITISH INDIAN OCEAN TERRITORY | C34: 903 | E34: 29 | F34: Financial Services
A35: =C35 -> 905 | B35: BRUNEI DARUSSALAM | C35: 905 | E35: 30 | F35: Life insurance claims
A36: =C36 -> 127 | B36: BULGARIA | C36: 127 | E36: 31 | F36: Life insurance premiums
A37: =C37 -> 906 | B37: BURKINA FASO | C37: 906 | E37: 32 | F37: Freight insurance claims
A38: =C38 -> 876 | B38: BURMA/MYANMAR | C38: 876 | E38: 33 | F38: Freight insurance
A39: =C39 -> 430 | B39: BURUNDI | C39: 430 | E39: 34 | F39: Other direct insurance claims
A40: =C40 -> 907 | B40: CAMBODIA | C40: 907 | E40: 35 | F40: Other direct insurance premiums
A41: =C41 -> 112 | B41: CAMEROON | C41: 112 | E41: 36 | F41: Auxiliary insurance services
A42: =C42 -> 009 | B42: CANADA | C42: 009 | E42: 37 | F42: Pension service receipts
A43: =C43 -> 431 | B43: CAPE VERDE | C43: 431 | E43: 38 | F43: Pension service charges
A44: =C44 -> 106 | B44: CAYMAN ISLANDS | C44: 106 | E44: 39 | F44: Standardised guarantee service claims
A45: =C45 -> 077 | B45: CENTRAL AFRICAN REPUBLIC | C45: 077 | E45: 40 | F45: Standardised guarantee service premiums
A46: =C46 -> 432 | B46: CHAD | C46: 432 | E46: 41 | F46: Merchanting
A47: =C47 -> 011 | B47: CHILE | C47: 011 | E47: 42 | F47: Other trade-related services
A48: =C48 -> 098 | B48: CHINA | C48: 098 | E48: 43 | F48: Audio-visual and related services
A49: =C49 -> 214 | B49: CHRISTMAS ISLAND | C49: 214 | E49: 44 | F49: Health services
A50: =C50 -> 215 | B50: COCOS (KEELING) ISLANDS | C50: 215 | E50: 45 | F50: Training and educational services
A51: =C51 -> 114 | B51: COLOMBIA | C51: 114 | E51: 46 | F51: Heritage and recreational services
A52: =C52 -> 908 | B52: COMOROS | C52: 908 | E52: 47 | F52: Social Domestic and other recreational services
A53: =C53 -> 909 | B53: CONGO | C53: 909 | E53: 48 | F53: Architectural services
A54: =C54 -> 096 | B54: CONGO, THE DEMOCRATIC REPUBLIC OF THE | C54: 096 | E54: 49 | F54: Engineering services
A55: =C55 -> 216 | B55: COOK ISLANDS | C55: 216 | E55: 50 | F55: Scientific and other technical services (including surveying)
A56: =C56 -> 420 | B56: COSTA RICA | C56: 420 | E56: 51 | F56: Other International Trade in Services between related businesses outside the UK not included elsewhere
A57: =C57 -> 435 | B57: COTE D'IVOIRE | C57: 435 | E57: 52 | F57: Other International Trade in Services between unrelated businesses outside the UK not included elsewhere
A58: =C58 -> 134 | B58: CROATIA | C58: 134
A59: =C59 -> 421 | B59: CUBA | C59: 421
A60: =C60 -> 217 | B60: CURACAO | C60: 217
A61: =C61 -> 012 | B61: CYPRUS | C61: 012
A62: =C62 -> 143 | B62: CZECHIA | C62: 143
A63: =C63 -> 013 | B63: DENMARK | C63: 013
A64: =C64 -> 910 | B64: DJIBOUTI | C64: 910
A65: =C65 -> 860 | B65: DOMINICA | C65: 860
A66: =C66 -> 422 | B66: DOMINICAN REPUBLIC | C66: 422
A67: =C67 -> 123 | B67: ECUADOR | C67: 123
A68: =C68 -> 110 | B68: EGYPT | C68: 110
A69: =C69 -> 423 | B69: EL SALVADOR | C69: 423
A70: =C70 -> 911 | B70: EQUATORIAL GUINEA | C70: 911
A71: =C71 -> 144 | B71: ERITREA | C71: 144
A72: =C72 -> 136 | B72: ESTONIA | C72: 136
A73: =C73 -> 918 | B73: ESWATINI | C73: 918
A74: =C74 -> 113 | B74: ETHIOPIA | C74: 113
A75: =C75 -> 161 | B75: EU INSTITUTIONS | C75: 161
... A80: =C80 -> 815 | B80: FIJI | C80: 815
A81: =C81 -> 014 | B81: FINLAND | C81: 014
A82: =C82 -> 015 | B82: FRANCE (INCLUDING MONACO) | C82: 015
A83: =C83 -> 219 | B83: FRENCH POLYNESIA | C83: 219
A84: =C84 -> 220 | B84: FRENCH SOUTHERN AND ANTARCTIC LANDS | C84: 220
A85: =C85 -> 124 | B85: GABON | C85: 124
A86: =C86 -> 016 | B86: GAMBIA | C86: 016
A87: =C87 -> 145 | B87: GEORGIA | C87: 145
A88: =C88 -> 017 | B88: GERMANY | C88: 017
A89: =C89 -> 018 | B89: GHANA | C89: 018
A90: =C90 -> 019 | B90: GIBRALTAR | C90: 019
A91: =C91 -> 020 | B91: GREECE | C91: 020
A92: =C92 -> 221 | B92: GREENLAND | C92: 221
A93: =C93 -> 873 | B93: GRENADA | C93: 873
A94: =C94 -> 222 | B94: GUAM | C94: 222
A95: =C95 -> 424 | B95: GUATEMALA | C95: 424
A96: =C96 -> 223 | B96: GUERNSEY | C96: 223
A97: =C97 -> 433 | B97: GUINEA | C97: 433
A98: =C98 -> 434 | B98: GUINEA BISSAU | C98: 434
A99: =C99 -> 021 | B99: GUYANA | C99: 021
A100: =C100 -> 852 | B100: HAITI | C100: 852
A101: =C101 -> 224 | B101: HEARD ISLAND AND MCDONALD ISLANDS | C101: 224
A102: =C102 -> 845 | B102: HOLY SEE (VATICAN CITY STATE) | C102: 845
A103: =C103 -> 425 | B103: HONDURAS | C103: 425
A104: =C104 -> 022 | B104: HONG KONG | C104: 022
...

Sheet Messages
A1: Service code and Country validation messages
A2: Service code and Country name invalid. Please check "Country and Service Codes" worksheet for valid codes.
A3: Service code invalid. Please check "Country and Service Codes" worksheet for valid codes.
A4: Country name invalid. Please check "Country and Service Codes" worksheet for valid names.
A5: Country or service code entered without income/expenditure
A6: Incorrectly allocated income/expenditure

Sheet Breakdown continuation Sheet
B1: PLEASE USE THIS TAB IF YOUR NUMBER OF COUNTRIES EXCEEDS THE NUMBER OF ROWS ON THE PREVIOUS TAB
B3: 5 | C3: The Total row will automatically sum the columns to calculate the total value of all your international trade in services. Exclude: tax both inside the UK and outside the UK.
C5: Breakdown by Country of International Trade in Services
B7: Service Code | C7: Country | D7: Income from Exports Report to the nearest £1,000 | E7: Expenditure on Imports Report to the nearest £1,000
C651: Total Value of International Trade in Services | D651: =SUM(D8:D650) -> 0 | E651: =SUM(E8:E650) -> 0

Sheet Services
A1: 01
A2: 02
A3: 03
A4: 04
A5: 05
A6: 06
A7: 07
A8: 08
A9: 09
A10: 10
A11: 11
A12: 12
... A52: 52
